Workbook
Name \a: #REF!
Name \a: #REF!
Name \a: #REF!
Name DOLAR: #REF!
Name DOLAR: #REF!
Name DOLAR: #REF!

Sheet Orientações #
B2: ORÇAMENTO PROGRAMA 2017
B3: ORIENTAÇÕES PARA PREENCHIMENTO DAS PLANILHAS
C5: PRAZO DE ENTREGA: 04/11/2016
B6: Prezado Diretor,
B7: Você está recebendo o Arquivo para elaboração do Planejamento Orçamentário Anual, para 2017, abaixo alguma considerações relevante para preenchimento.
B8: Orientações de Preenchimento:
B9: 1. Essa planilha segue o modelo do Relatório de Atividades ( SISATIV ); onde orientamos que se verifique os dados realizados até AGOSTO, para auxiliá-los na elaboração e projeção para 2017.
B10: 2. Inicie o preenchimento pela Pasta Atividade Assistencial ( preenchendo inclusive o nome do Diretor e os dados do Hospital) e na sequencia inserindo os valores correspondentes nas colunas de Janeiro a Dezembro de todos os itens do Grupo 1 (Atividades Assistenciais), prosseguindo da mesma forma na Pasta Quadro de Pessoal , do item 2- Recursos Humanos, até o item 3 - Atividades Sociais.
B11: 3. Os valores do item 4 - Atividades Econômicas, somente poderão ser inseridos na Pasta Receita-Despesa.
B12: ◘ 3.1. No item Receitas Operacionais, NÃO CORRIGIR A RECEITA EM FUNÇÃO DE POSSÍVEIS REAJUSTES.
B13: ◘ 3.2. No item Despesas existem várias linhas que permitem o detalhamento dos principais grupos de despesas. Nestas linhas devem ser inseridos além dos valores, as descrições das especialidades das referidas despesas e não apenas o nome da empresa prestadora do serviço.
B14: ◘ 3.3. Observar que os gastos com pessoal (salários, encargos e benefícios) devem ser abertos em seus principais componentes.
B15: ◘ 3.4. Observar que na pasta Receita-Despesa os itens Ordenados, Férias. 13º, FGTS, PIS e FGTS Rescisório possuem fórmulas, que estão lincadas ao ítem Base Salarial da pasta Quadro de Pessoal (Grupo 2.8) cujo preenchimento é imprescendível.
B16: ◘ 3.5. Na Planilha Receita-Despesa, todas as linhas, DEVEM ser acompanhadas das memórias de cálculo, notas técnicas e justificativas através da coluna `V´ já identificada para esse fim.
B17: ◘ 3.6. O Orçamento deve ser elaborado de forma que o resultado mínimo seja de ZERO, NÃO serão aceitos Orçamentos Negativos.
... B22: 8. Indices Econômicos do ano em curso e projeções para o ano seguinte:
C24: Fonte: Banco Central índices econômicos - Base: Outubro/2016 -
C25: Indicadores | D25: 2016 | E25: 2017 | F25: Aplicação (base anual)
C26: INPC | D26: 0.095 | E26: 0.08 | F26: Reajuste salarial coletivo
C27: IPCA | D27: 0.073 | E27: 0.0504 | F27: Reajuste de alimentação, moradia, transporte
C28: IGP-M | D28: 0.0932 | E28: 0.0546 | F28: Reajuste de materiais, medicamentos e contratos
C29: Preços Administrados | D29: 0.062 | E29: 0.053 | F29: Gás, combustíveis, eletricidade, telefonia fixa
B33: O Orçamento Programa deve ser validado com o Diretor Operacional responsável pela sua unidade, antes de enviar a Controladoria - Sede
B36: Bom trabalho!
B37: Controladoria - Pró-Saúde
A65526: http://www.valor.com.br/financas/3202342/bc-preve-reajuste-menor-para-precos-administrados-neste-ano-traz-ata

Sheet Atividade Assistencial
A1: ORÇAMENTO PROGRAMA 2017
A2: Pró-Saúde - A.B.A.S.H.
A3: Dependência: HOSPITAL DE URGENCIA DA REGIÃO SUDOESTE- HURSO
A4: Diretor: REGINALDO COSTA BIFFE
A5: Cidade: SANTA HELENA DE GOIÁS
A6: UF: GO
A7: 1. ATIVIDADES ASSISTENCIAIS | E7: 2017 | Q7: TOTAL | R7: 2017
B8: 1.1. NÚMERO DE LEITOS - ESPECIALIDADE | E8: Janeiro | F8: Fevereiro | G8: Março | H8: Abril | I8: Maio | J8: Junho | K8: Julho | L8: Agosto | M8: Setembro | N8: Outubro | O8: Novembro | P8: Dezembro | Q8: 2017 | R8: MÉDIA MENSAL
C9: 1.1.1 Clínica Médica | E9: 8 | F9: 8 | G9: 8 | H9: 8 | I9: 8 | J9: 8 | K9: 8 | L9: 8 | M9: 8 | N9: 8 | O9: 8 | P9: 8 | R9: =AVERAGE(E9:P9) -> 8
C10: 1.1.2. Clínica Pediátrica | E10: 8 | F10: 8 | G10: 8 | H10: 8 | I10: 8 | J10: 8 | K10: 8 | L10: 8 | M10: 8 | N10: 8 | O10: 8 | P10: 8 | R10: =AVERAGE(E10:P10) -> 8
C11: 1.1.3. Clínica Cirúrgica | E11: 18 | F11: 18 | G11: 18 | H11: 18 | I11: 18 | J11: 18 | K11: 18 | L11: 18 | M11: 18 | N11: 18 | O11: 18 | P11: 18 | R11: =AVERAGE(E11:P11) -> 18
C12: 1.1.4. Clínica Obstétrica | E12: 0 | F12: 0 | G12: 0 | H12: 0 | I12: 0 | J12: 0 | K12: 0 | L12: 0 | M12: 0 | N12: 0 | O12: 0 | P12: 0 | R12: =AVERAGE(E12:P12) -> 0
C13: 1.1.5. UTI de Adultos | E13: 10 | F13: 10 | G13: 10 | H13: 10 | I13: 10 | J13: 10 | K13: 10 | L13: 10 | M13: 10 | N13: 10 | O13: 10 | P13: 10 | R13: =AVERAGE(E13:P13) -> 10
C14: 1.1.6. UTI Infantil | E14: 10 | F14: 10 | G14: 10 | H14: 10 | I14: 10 | J14: 10 | K14: 10 | L14: 10 | M14: 10 | N14: 10 | O14: 10 | P14: 10 | R14: =AVERAGE(E14:P14) -> 10
C15: 1.1.7. UTI Neonatal | E15: 0 | F15: 0 | G15: 0 | H15: 0 | I15: 0 | J15: 0 | K15: 0 | L15: 0 | M15: 0 | N15: 0 | O15: 0 | P15: 0 | R15: =AVERAGE(E15:P15) -> 0
C16: 1.1.8. Berçário | E16: 0 | F16: 0 | G16: 0 | H16: 0 | I16: 0 | J16: 0 | K16: 0 | L16: 0 | M16: 0 | N16: 0 | O16: 0 | P16: 0 | R16: =AVERAGE(E16:P16) -> 0
C17: 1.1.9. Clínica Ortopédica | E17: 35 | F17: 35 | G17: 35 | H17: 35 | I17: 35 | J17: 35 | K17: 35 | L17: 35 | M17: 35 | N17: 35 | O17: 35 | P17: 35 | R17: =AVERAGE(E17:P17) -> 35
C18: 1.2.0. Outros | E18: 0 | F18: 0 | G18: 0 | H18: 0 | I18: 0 | J18: 0 | K18: 0 | L18: 0 | M18: 0 | N18: 0 | O18: 0 | P18: 0 | R18: =AVERAGE(E18:P18) -> 0
C19: Total de Leitos | E19: =SUM(E9:E18) -> 89 | F19: =SUM(F9:F18) -> 89 | G19: =SUM(G9:G18) -> 89 | H19: =SUM(H9:H18) -> 89 | I19: =SUM(I9:I18) -> 89 | J19: =SUM(J9:J18) -> 89 | K19: =SUM(K9:K18) -> 89 | L19: =SUM(L9:L18) -> 89 | ... P19: =SUM(P9:P18) -> 89 | R19: =SUM(R9:R18) -> 89
B20: 1.1.1 PACIENTES DIA POR ESPECIALIDADE
C21: 1.1.1.1 Clínica Médica | E21: 198.4 | F21: 185.6 | G21: 198.4 | H21: 192 | I21: 198.4 | J21: 192 | K21: 198.4 | L21: 198.4 | M21: 192 | N21: 198.4 | O21: 192 | P21: 198.4 | Q21: =SUM(E21:P21) -> 2342.4 | R21: =AVERAGE(E21:P21) -> 195.2
C22: 1.1.1.2. Clínica Pediátrica | E22: 124 | F22: 116 | G22: 124 | H22: 120 | I22: 124 | J22: 120 | K22: 124 | L22: 124 | M22: 120 | N22: 124 | O22: 120 | P22: 124 | Q22: =SUM(E22:P22) -> 1464 | R22: =AVERAGE(E22:P22) -> 122
C23: 1.1.1.3. Clínica Cirúrgica | E23: 446.4 | F23: 417.6 | G23: 446.4 | H23: 432 | I23: 446.4 | J23: 432 | K23: 446.4 | L23: 446.4 | M23: 432 | N23: 446.4 | O23: 432 | P23: 446.4 | Q23: =SUM(E23:P23) -> 5270.4 | R23: =AVERAGE(E23:P23) -> 439.2
C24: 1.1.1.4. Clínica Obstétrica | E24: 0 | F24: 0 | G24: 0 | H24: 0 | I24: 0 | J24: 0 | K24: 0 | L24: 0 | M24: 0 | N24: 0 | O24: 0 | P24: 0 | Q24: =SUM(E24:P24) -> 0 | R24: =AVERAGE(E24:P24) -> 0
C25: 1.1.1.5. UTI de Adultos | E25: 279 | F25: 261 | G25: 279 | H25: 270 | I25: 279 | J25: 270 | K25: 279 | L25: 279 | M25: 270 | N25: 279 | O25: 270 | P25: 279 | Q25: =SUM(E25:P25) -> 3294 | R25: =AVERAGE(E25:P25) -> 274.5
C26: 1.1.1.6. UTI Infantil | E26: 244.9 | F26: 229.1 | G26: 244.9 | H26: 237 | I26: 244.9 | J26: 237 | K26: 244.9 | L26: 244.9 | M26: 237 | N26: 244.9 | O26: 237 | P26: 244.9 | Q26: =SUM(E26:P26) -> 2891.4 | R26: =AVERAGE(E26:P26) -> 240.95
C27: 1.1.1.7. UTI Neonatal | E27: 0 | F27: 0 | G27: 0 | H27: 0 | I27: 0 | J27: 0 | K27: 0 | L27: 0 | M27: 0 | N27: 0 | O27: 0 | P27: 0 | Q27: =SUM(E27:P27) -> 0 | R27: =AVERAGE(E27:P27) -> 0
C28: 1.1.1.8. Berçário | E28: 0 | F28: 0 | G28: 0 | H28: 0 | I28: 0 | J28: 0 | K28: 0 | L28: 0 | M28: 0 | N28: 0 | O28: 0 | P28: 0 | Q28: =SUM(E28:P28) -> 0 | R28: =AVERAGE(E28:P28) -> 0
C29: 1.1.1.9. Clínica Ortopédica | E29: 933.1 | F29: 872.9 | G29: 933.1 | H29: 903 | I29: 933.1 | J29: 903 | K29: 933.1 | L29: 933.1 | M29: 903 | N29: 933.1 | O29: 903 | P29: 933.1 | Q29: =SUM(E29:P29) -> 11016.6 | R29: =AVERAGE(E29:P29) -> 918.05
C30: 1.1.2.0. Outros | E30: 0 | F30: 0 | G30: 0 | H30: 0 | I30: 0 | J30: 0 | K30: 0 | L30: 0 | M30: 0 | N30: 0 | O30: 0 | P30: 0 | Q30: =SUM(E30:P30) -> 0 | R30: =AVERAGE(E30:P30) -> 0
C31: Total de Pacientes Dia por Especialidade | E31: =SUM(E21:E30) -> 2225.8 | F31: =SUM(F21:F30) -> 2082.2 | G31: =SUM(G21:G30) -> 2225.8 | H31: =SUM(H21:H30) -> 2154 | I31: =SUM(I21:I30) -> 2225.8 | J31: =SUM(J21:J30) -> 2154 | K31: =SUM(K21:K30) -> 2225.8 | L31: =SUM(L21:L30) -> 2225.8 | ... R31: =SUM(R21:R30) -> 2189.9
B32: 1.2. NÚMERO DE PACIENTES-DIA
C33: 1.2.1. PACIENTES PAGANTES
C34: 1.2.1.1. Particulares | E34: 0 | F34: 0 | G34: 0 | H34: 0 | I34: 0 | J34: 0 | K34: 0 | L34: 0 | M34: 0 | N34: 0 | O34: 0 | P34: 0 | Q34: =SUM(E34:P34) -> 0 | R34: =AVERAGE(E34:P34) -> 0
C35: 1.2.1.2. Convênio A | E35: 0 | F35: 0 | G35: 0 | H35: 0 | I35: 0 | J35: 0 | K35: 0 | L35: 0 | M35: 0 | N35: 0 | O35: 0 | P35: 0 | Q35: =SUM(E35:P35) -> 0 | R35: =AVERAGE(E35:P35) -> 0
C36: 1.2.1.3. Convênio B | E36: 0 | F36: 0 | G36: 0 | H36: 0 | I36: 0 | J36: 0 | K36: 0 | L36: 0 | M36: 0 | N36: 0 | O36: 0 | P36: 0 | Q36: =SUM(E36:P36) -> 0 | R36: =AVERAGE(E36:P36) -> 0
C37: 1.2.1.4. Convênio C | E37: 0 | F37: 0 | G37: 0 | H37: 0 | I37: 0 | J37: 0 | K37: 0 | L37: 0 | M37: 0 | N37: 0 | O37: 0 | P37: 0 | Q37: =SUM(E37:P37) -> 0 | R37: =AVERAGE(E37:P37) -> 0
C38: 1.2.1.5. Outros Convênios | E38: 0 | F38: 0 | G38: 0 | H38: 0 | I38: 0 | J38: 0 | K38: 0 | L38: 0 | M38: 0 | N38: 0 | O38: 0 | P38: 0 | Q38: =SUM(E38:P38) -> 0 | R38: =AVERAGE(E38:P38) -> 0
C39: Sub total ( 1 ) | E39: =SUM(E34:E38) -> 0 | F39: =SUM(F34:F38) -> 0 | G39: =SUM(G34:G38) -> 0 | H39: =SUM(H34:H38) -> 0 | I39: =SUM(I34:I38) -> 0 | J39: =SUM(J34:J38) -> 0 | K39: =SUM(K34:K38) -> 0 | L39: =SUM(L34:L38) -> 0 | ... R39: =SUM(R34:R38) -> 0
C40: 1.2.2. SOCIAIS
C41: 1.2.2.1. SUS | E41: 2225.8 | F41: 2082.2 | G41: 2225.8 | H41: 2154 | I41: 2225.8 | J41: 2154 | K41: 2225.8 | L41: 2225.8 | M41: 2154 | N41: 2225.8 | O41: 2154 | P41: 2225.8 | Q41: =SUM(E41:P41) -> 26278.8 | R41: =AVERAGE(E41:P41) -> 2189.9
C42: 1.2.2.2. Gratuito | E42: 0 | F42: 0 | G42: 0 | H42: 0 | I42: 0 | J42: 0 | K42: 0 | L42: 0 | M42: 0 | N42: 0 | O42: 0 | P42: 0 | Q42: =SUM(E42:P42) -> 0 | R42: =AVERAGE(E42:P42) -> 0
C43: Sub Total ( 2 ) | E43: =SUM(E41:E42) -> 2225.8 | F43: =SUM(F41:F42) -> 2082.2 | G43: =SUM(G41:G42) -> 2225.8 | H43: =SUM(H41:H42) -> 2154 | I43: =SUM(I41:I42) -> 2225.8 | J43: =SUM(J41:J42) -> 2154 | K43: =SUM(K41:K42) -> 2225.8 | L43: =SUM(L41:L42) -> 2225.8 | ... R43: =SUM(R41:R42) -> 2189.9
C44: T o t a l d e Pacientes/dia | E44: =E39+E43 -> 2225.8 | F44: =F39+F43 -> 2082.2 | G44: =G39+G43 -> 2225.8 | H44: =H39+H43 -> 2154 | I44: =I39+I43 -> 2225.8 | J44: =J39+J43 -> 2154 | K44: =K39+K43 -> 2225.8 | L44: =L39+L43 -> 2225.8 | ... R44: =R39+R43 -> 2189.9
C45: Média Diária de Pacientes | E45: =E44/E215 -> 71.8 | F45: =F44/F215 -> 71.8 | G45: =G44/G215 -> 71.8 | H45: =H44/H215 -> 71.8 | I45: =I44/I215 -> 71.8 | J45: =J44/J215 -> 71.8 | K45: =K44/K215 -> 71.8 | L45: =L44/L215 -> 71.8 | ... R45: =R44/R215 -> 71.8
B46: 1.2.1 NÚMERO DE INTERNAÇÕES POR ESPECIALIDADE
C47: 1.2.1.1 Clínica Médica | E47: 28.342857 | F47: 26.514286 | G47: 28.342857 | H47: 27.428571 | I47: 28.342857 | J47: 27.428571 | K47: 28.342857 | L47: 28.342857 | M47: 27.428571 | N47: 28.342857 | O47: 27.428571 | P47: 28.342857 | Q47: =SUM(E47:P47) -> 334.62857 | R47: =AVERAGE(E47:P47) -> 27.885714
C48: 1.2.1.2. Clínica Pediátrica | E48: 20.666667 | F48: 19.333333 | G48: 20.666667 | H48: 20 | I48: 20.666667 | J48: 20 | K48: 20.666667 | L48: 20.666667 | M48: 20 | N48: 20.666667 | O48: 20 | P48: 20.666667 | Q48: =SUM(E48:P48) -> 244 | R48: =AVERAGE(E48:P48) -> 20.333333
C49: 1.2.1.3. Clínica Cirúrgica | E49: 63.771429 | F49: 59.657143 | G49: 63.771429 | H49: 61.714286 | I49: 63.771429 | J49: 61.714286 | K49: 63.771429 | L49: 63.771429 | M49: 61.714286 | N49: 63.771429 | O49: 61.714286 | P49: 63.771429 | Q49: =SUM(E49:P49) -> 752.91429 | R49: =AVERAGE(E49:P49) -> 62.742857
C50: 1.2.1.4. Clínica Obstétrica | E50: 0 | F50: 0 | G50: 0 | H50: 0 | I50: 0 | J50: 0 | K50: 0 | L50: 0 | M50: 0 | N50: 0 | O50: 0 | P50: 0 | Q50: =SUM(E50:P50) -> 0 | R50: =AVERAGE(E50:P50) -> 0
C51: 1.2.1.5. UTI de Adultos | E51: 34.875 | F51: 32.625 | G51: 34.875 | H51: 33.75 | I51: 34.875 | J51: 33.75 | K51: 34.875 | L51: 34.875 | M51: 33.75 | N51: 34.875 | O51: 33.75 | P51: 34.875 | Q51: =SUM(E51:P51) -> 411.75 | R51: =AVERAGE(E51:P51) -> 34.3125
C52: 1.2.1.6. UTI Infantil | E52: 16.326667 | F52: 15.273333 | G52: 16.326667 | H52: 15.8 | I52: 16.326667 | J52: 15.8 | K52: 16.326667 | L52: 16.326667 | M52: 15.8 | N52: 16.326667 | O52: 15.8 | P52: 16.326667 | Q52: =SUM(E52:P52) -> 192.76 | R52: =AVERAGE(E52:P52) -> 16.063333
C53: 1.2.1.7. UTI Neonatal | E53: 0 | F53: 0 | G53: 0 | H53: 0 | I53: 0 | J53: 0 | K53: 0 | L53: 0 | M53: 0 | N53: 0 | O53: 0 | P53: 0 | Q53: =SUM(E53:P53) -> 0 | R53: =AVERAGE(E53:P53) -> 0
C54: 1.2.1.8. Berçário | E54: 0 | F54: 0 | G54: 0 | H54: 0 | I54: 0 | J54: 0 | K54: 0 | L54: 0 | M54: 0 | N54: 0 | O54: 0 | P54: 0 | Q54: =SUM(E54:P54) -> 0 | R54: =AVERAGE(E54:P54) -> 0
C55: 1.2.1.9. Clínica Ortopédica | E55: 133.3 | F55: 124.7 | G55: 133.3 | H55: 129 | I55: 133.3 | J55: 129 | K55: 133.3 | L55: 133.3 | M55: 129 | N55: 133.3 | O55: 129 | P55: 133.3 | Q55: =SUM(E55:P55) -> 1573.8 | R55: =AVERAGE(E55:P55) -> 131.15
C56: 1.2.2.0. Outros | E56: 0 | F56: 0 | G56: 0 | H56: 0 | I56: 0 | J56: 0 | K56: 0 | L56: 0 | M56: 0 | N56: 0 | O56: 0 | P56: 0 | Q56: =SUM(E56:P56) -> 0 | R56: =AVERAGE(E56:P56) -> 0
C57: Total de Internações por Especialidade | E57: =SUM(E47:E56) -> 297.28262 | F57: =SUM(F47:F56) -> 278.1031 | G57: =SUM(G47:G56) -> 297.28262 | H57: =SUM(H47:H56) -> 287.69286 | I57: =SUM(I47:I56) -> 297.28262 | J57: =SUM(J47:J56) -> 287.69286 | K57: =SUM(K47:K56) -> 297.28262 | L57: =SUM(L47:L56) -> 297.28262 | ... R57: =SUM(R47:R56) -> 292.48774
B58: 1.3. NÚMERO DE INTERNAÇÕES
C59: 1.3.1. PACIENTES PAGANTES
C60: 1.3.1.1. Particulares | E60: 0 | F60: 0 | G60: 0 | H60: 0 | I60: 0 | J60: 0 | K60: 0 | L60: 0 | M60: 0 | N60: 0 | O60: 0 | P60: 0 | Q60: =SUM(E60:P60) -> 0 | R60: =AVERAGE(E60:P60) -> 0
C61: 1.3.1.2. Convênio A | E61: 0 | F61: 0 | G61: 0 | H61: 0 | I61: 0 | J61: 0 | K61: 0 | L61: 0 | M61: 0 | N61: 0 | O61: 0 | P61: 0 | Q61: =SUM(E61:P61) -> 0 | R61: =AVERAGE(E61:P61) -> 0
C62: 1.3.1.3. Convênio B | E62: 0 | F62: 0 | G62: 0 | H62: 0 | I62: 0 | J62: 0 | K62: 0 | L62: 0 | M62: 0 | N62: 0 | O62: 0 | P62: 0 | Q62: =SUM(E62:P62) -> 0 | R62: =AVERAGE(E62:P62) -> 0
C63: 1.3.1.4. Convênio C | E63: 0 | F63: 0 | G63: 0 | H63: 0 | I63: 0 | J63: 0 | K63: 0 | L63: 0 | M63: 0 | N63: 0 | O63: 0 | P63: 0 | Q63: =SUM(E63:P63) -> 0 | R63: =AVERAGE(E63:P63) -> 0
C64: 1.3.1.5. Outros Convênios | E64: 0 | F64: 0 | G64: 0 | H64: 0 | I64: 0 | J64: 0 | K64: 0 | L64: 0 | M64: 0 | N64: 0 | O64: 0 | P64: 0 | Q64: =SUM(E64:P64) -> 0 | R64: =AVERAGE(E64:P64) -> 0
C65: Sub total ( 1 ) | E65: =SUM(E60:E64) -> 0 | F65: =SUM(F60:F64) -> 0 | G65: =SUM(G60:G64) -> 0 | H65: =SUM(H60:H64) -> 0 | I65: =SUM(I60:I64) -> 0 | J65: =SUM(J60:J64) -> 0 | K65: =SUM(K60:K64) -> 0 | L65: =SUM(L60:L64) -> 0 | ... R65: =SUM(R60:R64) -> 0
C66: 1.3.2. SOCIAIS
C67: 1.3.2.1. SUS | E67: 297.28262 | F67: 278.1031 | G67: 297.28262 | H67: 287.69286 | I67: 297.28262 | J67: 287.69286 | K67: 297.28262 | L67: 297.28262 | M67: 287.69286 | N67: 297.28262 | O67: 287.69286 | P67: 297.28262 | Q67: =SUM(E67:P67) -> 3509.8529 | R67: =AVERAGE(E67:P67) -> 292.48774
C68: 1.3.2.2. Gratuito | E68: 0 | F68: 0 | G68: 0 | H68: 0 | I68: 0 | J68: 0 | K68: 0 | L68: 0 | M68: 0 | N68: 0 | O68: 0 | P68: 0 | Q68: =SUM(E68:P68) -> 0 | R68: =AVERAGE(E68:P68) -> 0
C69: Sub Total ( 2 ) | E69: =SUM(E67:E68) -> 297.28262 | F69: =SUM(F67:F68) -> 278.1031 | G69: =SUM(G67:G68) -> 297.28262 | H69: =SUM(H67:H68) -> 287.69286 | I69: =SUM(I67:I68) -> 297.28262 | J69: =SUM(J67:J68) -> 287.69286 | K69: =SUM(K67:K68) -> 297.28262 | L69: =SUM(L67:L68) -> 297.28262 | ... R69: =SUM(R67:R68) -> 292.48774
C70: T o t a l d e I n t e r n a ç õ e s | E70: =E65+E69 -> 297.28262 | F70: =F65+F69 -> 278.1031 | G70: =G65+G69 -> 297.28262 | H70: =H65+H69 -> 287.69286 | I70: =I65+I69 -> 297.28262 | J70: =J65+J69 -> 287.69286 | K70: =K65+K69 -> 297.28262 | L70: =L65+L69 -> 297.28262 | ... R70: =R65+R69 -> 292.48774
C71: Média Diária de Internações | E71: =E70/E215 -> 9.5897619 | F71: =F70/F215 -> 9.5897619 | G71: =G70/G215 -> 9.5897619 | H71: =H70/H215 -> 9.5897619 | I71: =I70/I215 -> 9.5897619 | J71: =J70/J215 -> 9.5897619 | K71: =K70/K215 -> 9.5897619 | L71: =L70/L215 -> 9.5897619 | ... R71: =R70/R215 -> 9.5897619
B72: 1.4. PORCENTAGEM DE OCUPAÇÃO
C73: 1.4.1. Clínica Médica | E73: =IF(E9=0,0,E21/(E9*E215)) -> 0.8 | F73: =IF(F9=0,0,F21/(F9*F215)) -> 0.8 | G73: =IF(G9=0,0,G21/(G9*G215)) -> 0.8 | H73: =IF(H9=0,0,H21/(H9*H215)) -> 0.8 | I73: =IF(I9=0,0,I21/(I9*I215)) -> 0.8 | J73: =IF(J9=0,0,J21/(J9*J215)) -> 0.8 | K73: =IF(K9=0,0,K21/(K9*K215)) -> 0.8 | L73: =IF(L9=0,0,L21/(L9*L215)) -> 0.8 | ... P73: =IF(P9=0,0,P21/(P9*P215)) -> 0.8 | R73: =IF(R9=0,0,R21/(R9*$R$215)) -> 0.8
C74: 1.4.2. Clínica Pediátrica | E74: =IF(E10=0,0,E22/(E10*E215)) -> 0.5 | F74: =IF(F10=0,0,F22/(F10*F215)) -> 0.5 | G74: =IF(G10=0,0,G22/(G10*G215)) -> 0.5 | H74: =IF(H10=0,0,H22/(H10*H215)) -> 0.5 | I74: =IF(I10=0,0,I22/(I10*I215)) -> 0.5 | J74: =IF(J10=0,0,J22/(J10*J215)) -> 0.5 | K74: =IF(K10=0,0,K22/(K10*K215)) -> 0.5 | L74: =IF(L10=0,0,L22/(L10*L215)) -> 0.5 | ... P74: =IF(P10=0,0,P22/(P10*P215)) -> 0.5 | R74: =IF(R10=0,0,R22/(R10*$R$215)) -> 0.5
C75: 1.4.3. Clínica Cirúrgica | E75: =IF(E11=0,0,E23/(E11*E215)) -> 0.8 | F75: =IF(F11=0,0,F23/(F11*F215)) -> 0.8 | G75: =IF(G11=0,0,G23/(G11*G215)) -> 0.8 | H75: =IF(H11=0,0,H23/(H11*H215)) -> 0.8 | I75: =IF(I11=0,0,I23/(I11*I215)) -> 0.8 | J75: =IF(J11=0,0,J23/(J11*J215)) -> 0.8 | K75: =IF(K11=0,0,K23/(K11*K215)) -> 0.8 | L75: =IF(L11=0,0,L23/(L11*L215)) -> 0.8 | ... P75: =IF(P11=0,0,P23/(P11*P215)) -> 0.8 | R75: =IF(R11=0,0,R23/(R11*$R$215)) -> 0.8
C76: 1.4.4. Clínica Obstétrica | E76: =IF(E12=0,0,E24/(E12*E215)) -> 0 | F76: =IF(F12=0,0,F24/(F12*F215)) -> 0 | G76: =IF(G12=0,0,G24/(G12*G215)) -> 0 | H76: =IF(H12=0,0,H24/(H12*H215)) -> 0 | I76: =IF(I12=0,0,I24/(I12*I215)) -> 0 | J76: =IF(J12=0,0,J24/(J12*J215)) -> 0 | K76: =IF(K12=0,0,K24/(K12*K215)) -> 0 | L76: =IF(L12=0,0,L24/(L12*L215)) -> 0 | ... P76: =IF(P12=0,0,P24/(P12*P215)) -> 0 | R76: =IF(R12=0,0,R24/(R12*$R$215)) -> 0
C77: 1.4.5. UTI de Adultos | E77: =IF(E13=0,0,E25/(E13*E215)) -> 0.9 | F77: =IF(F13=0,0,F25/(F13*F215)) -> 0.9 | G77: =IF(G13=0,0,G25/(G13*G215)) -> 0.9 | H77: =IF(H13=0,0,H25/(H13*H215)) -> 0.9 | I77: =IF(I13=0,0,I25/(I13*I215)) -> 0.9 | J77: =IF(J13=0,0,J25/(J13*J215)) -> 0.9 | K77: =IF(K13=0,0,K25/(K13*K215)) -> 0.9 | L77: =IF(L13=0,0,L25/(L13*L215)) -> 0.9 | ... P77: =IF(P13=0,0,P25/(P13*P215)) -> 0.9 | R77: =IF(R13=0,0,R25/(R13*$R$215)) -> 0.9
C78: 1.4.6. UTI Infantil | E78: =IF(E14=0,0,E26/(E14*E215)) -> 0.79 | F78: =IF(F14=0,0,F26/(F14*F215)) -> 0.79 | G78: =IF(G14=0,0,G26/(G14*G215)) -> 0.79 | H78: =IF(H14=0,0,H26/(H14*H215)) -> 0.79 | I78: =IF(I14=0,0,I26/(I14*I215)) -> 0.79 | J78: =IF(J14=0,0,J26/(J14*J215)) -> 0.79 | K78: =IF(K14=0,0,K26/(K14*K215)) -> 0.79 | L78: =IF(L14=0,0,L26/(L14*L215)) -> 0.79 | ... P78: =IF(P14=0,0,P26/(P14*P215)) -> 0.79 | R78: =IF(R14=0,0,R26/(R14*$R$215)) -> 0.79
C79: 1.4.7. UTI Neonatal | E79: =IF(E15=0,0,E27/(E15*E215)) -> 0 | F79: =IF(F15=0,0,F27/(F15*F215)) -> 0 | G79: =IF(G15=0,0,G27/(G15*G215)) -> 0 | H79: =IF(H15=0,0,H27/(H15*H215)) -> 0 | I79: =IF(I15=0,0,I27/(I15*I215)) -> 0 | J79: =IF(J15=0,0,J27/(J15*J215)) -> 0 | K79: =IF(K15=0,0,K27/(K15*K215)) -> 0 | L79: =IF(L15=0,0,L27/(L15*L215)) -> 0 | ... P79: =IF(P15=0,0,P27/(P15*P215)) -> 0 | R79: =IF(R15=0,0,R27/(R15*$R$215)) -> 0
C80: 1.4.8. Berçário | E80: =IF(E16=0,0,E28/(E16*E215)) -> 0 | F80: =IF(F16=0,0,F28/(F16*F215)) -> 0 | G80: =IF(G16=0,0,G28/(G16*G215)) -> 0 | H80: =IF(H16=0,0,H28/(H16*H215)) -> 0 | I80: =IF(I16=0,0,I28/(I16*I215)) -> 0 | J80: =IF(J16=0,0,J28/(J16*J215)) -> 0 | K80: =IF(K16=0,0,K28/(K16*K215)) -> 0 | L80: =IF(L16=0,0,L28/(L16*L215)) -> 0 | ... P80: =IF(P16=0,0,P28/(P16*P215)) -> 0 | R80: =IF(R16=0,0,R28/(R16*$R$215)) -> 0
C81: 1.4.9. Clínica Ortopédica | E81: =IF(E17=0,0,E29/(E17*E215)) -> 0.86 | F81: =IF(F17=0,0,F29/(F17*F215)) -> 0.86 | G81: =IF(G17=0,0,G29/(G17*G215)) -> 0.86 | H81: =IF(H17=0,0,H29/(H17*H215)) -> 0.86 | I81: =IF(I17=0,0,I29/(I17*I215)) -> 0.86 | J81: =IF(J17=0,0,J29/(J17*J215)) -> 0.86 | K81: =IF(K17=0,0,K29/(K17*K215)) -> 0.86 | L81: =IF(L17=0,0,L29/(L17*L215)) -> 0.86 | ... P81: =IF(P17=0,0,P29/(P17*P215)) -> 0.86 | R81: =IF(R17=0,0,R29/(R17*$R$215)) -> 0.86
C82: 1.4.10. Outros | E82: =IF(E18=0,0,E30/(E18*E215)) -> 0 | F82: =IF(F18=0,0,F30/(F18*F215)) -> 0 | G82: =IF(G18=0,0,G30/(G18*G215)) -> 0 | H82: =IF(H18=0,0,H30/(H18*H215)) -> 0 | I82: =IF(I18=0,0,I30/(I18*I215)) -> 0 | J82: =IF(J18=0,0,J30/(J18*J215)) -> 0 | K82: =IF(K18=0,0,K30/(K18*K215)) -> 0 | L82: =IF(L18=0,0,L30/(L18*L215)) -> 0 | ... P82: =IF(P18=0,0,P30/(P18*P215)) -> 0 | R82: =IF(R18=0,0,R30/(R18*$R$215)) -> 0
C83: Porcentagem Geral de Ocupação | E83: =IF(E19=0,0,E31/(E19*30.4)) -> 0.8226641 | F83: =IF(F19=0,0,F31/(F19*30.4)) -> 0.769589 | G83: =IF(G19=0,0,G31/(G19*30.4)) -> 0.8226641 | H83: =IF(H19=0,0,H31/(H19*30.4)) -> 0.79612655 | I83: =IF(I19=0,0,I31/(I19*30.4)) -> 0.8226641 | J83: =IF(J19=0,0,J31/(J19*30.4)) -> 0.79612655 | K83: =IF(K19=0,0,K31/(K19*30.4)) -> 0.8226641 | L83: =IF(L19=0,0,L31/(L19*30.4)) -> 0.8226641 | ... P83: =IF(P19=0,0,P31/(P19*30.4)) -> 0.8226641 | R83: =IF(R19=0,0,R31/(R19*$R$215)) -> 0.80674157
B84: 1.5. MÉDIA DE PERMANÊNCIA - ESPECIALIDADES
C85: 1.5.1. Clínica Médica | E85: =IF(E47=0,0,E21/E47) -> 7 | F85: =IF(F47=0,0,F21/F47) -> 7 | G85: =IF(G47=0,0,G21/G47) -> 7 | H85: =IF(H47=0,0,H21/H47) -> 7 | I85: =IF(I47=0,0,I21/I47) -> 7 | J85: =IF(J47=0,0,J21/J47) -> 7 | K85: =IF(K47=0,0,K21/K47) -> 7 | L85: =IF(L47=0,0,L21/L47) -> 7 | ... P85: =IF(P47=0,0,P21/P47) -> 7 | R85: =AVERAGE(E85:P85) -> 7
C86: 1.5.2. Clínica Pediátrica | E86: =IF(E48=0,0,E22/E48) -> 6 | F86: =IF(F48=0,0,F22/F48) -> 6 | G86: =IF(G48=0,0,G22/G48) -> 6 | H86: =IF(H48=0,0,H22/H48) -> 6 | I86: =IF(I48=0,0,I22/I48) -> 6 | J86: =IF(J48=0,0,J22/J48) -> 6 | K86: =IF(K48=0,0,K22/K48) -> 6 | L86: =IF(L48=0,0,L22/L48) -> 6 | ... P86: =IF(P48=0,0,P22/P48) -> 6 | R86: =AVERAGE(E86:P86) -> 6
C87: 1.5.3. Clínica Cirúrgica | E87: =IF(E49=0,0,E23/E49) -> 7 | F87: =IF(F49=0,0,F23/F49) -> 7 | G87: =IF(G49=0,0,G23/G49) -> 7 | H87: =IF(H49=0,0,H23/H49) -> 7 | I87: =IF(I49=0,0,I23/I49) -> 7 | J87: =IF(J49=0,0,J23/J49) -> 7 | K87: =IF(K49=0,0,K23/K49) -> 7 | L87: =IF(L49=0,0,L23/L49) -> 7 | ... P87: =IF(P49=0,0,P23/P49) -> 7 | R87: =AVERAGE(E87:P87) -> 7
C88: 1.5.4. Clínica Obstétrica | E88: =IF(E50=0,0,E24/E50) -> 0 | F88: =IF(F50=0,0,F24/F50) -> 0 | G88: =IF(G50=0,0,G24/G50) -> 0 | H88: =IF(H50=0,0,H24/H50) -> 0 | I88: =IF(I50=0,0,I24/I50) -> 0 | J88: =IF(J50=0,0,J24/J50) -> 0 | K88: =IF(K50=0,0,K24/K50) -> 0 | L88: =IF(L50=0,0,L24/L50) -> 0 | ... P88: =IF(P50=0,0,P24/P50) -> 0 | R88: =AVERAGE(E88:P88) -> 0
C89: 1.5.5. UTI de Adultos | E89: =IF(E51=0,0,E25/E51) -> 8 | F89: =IF(F51=0,0,F25/F51) -> 8 | G89: =IF(G51=0,0,G25/G51) -> 8 | H89: =IF(H51=0,0,H25/H51) -> 8 | I89: =IF(I51=0,0,I25/I51) -> 8 | J89: =IF(J51=0,0,J25/J51) -> 8 | K89: =IF(K51=0,0,K25/K51) -> 8 | L89: =IF(L51=0,0,L25/L51) -> 8 | ... P89: =IF(P51=0,0,P25/P51) -> 8 | R89: =AVERAGE(E89:P89) -> 8
C90: 1.5.6. UTI Infantil | E90: =IF(E52=0,0,E26/E52) -> 15 | F90: =IF(F52=0,0,F26/F52) -> 15 | G90: =IF(G52=0,0,G26/G52) -> 15 | H90: =IF(H52=0,0,H26/H52) -> 15 | I90: =IF(I52=0,0,I26/I52) -> 15 | J90: =IF(J52=0,0,J26/J52) -> 15 | K90: =IF(K52=0,0,K26/K52) -> 15 | L90: =IF(L52=0,0,L26/L52) -> 15 | ... P90: =IF(P52=0,0,P26/P52) -> 15 | R90: =AVERAGE(E90:P90) -> 15
C91: 1.5.7. UTI Neonatal | E91: =IF(E53=0,0,E27/E53) -> 0 | F91: =IF(F53=0,0,F27/F53) -> 0 | G91: =IF(G53=0,0,G27/G53) -> 0 | H91: =IF(H53=0,0,H27/H53) -> 0 | I91: =IF(I53=0,0,I27/I53) -> 0 | J91: =IF(J53=0,0,J27/J53) -> 0 | K91: =IF(K53=0,0,K27/K53) -> 0 | L91: =IF(L53=0,0,L27/L53) -> 0 | ... P91: =IF(P53=0,0,P27/P53) -> 0 | R91: =AVERAGE(E91:P91) -> 0
C92: 1.5.8. Berçário | E92: =IF(E54=0,0,E28/E54) -> 0 | F92: =IF(F54=0,0,F28/F54) -> 0 | G92: =IF(G54=0,0,G28/G54) -> 0 | H92: =IF(H54=0,0,H28/H54) -> 0 | I92: =IF(I54=0,0,I28/I54) -> 0 | J92: =IF(J54=0,0,J28/J54) -> 0 | K92: =IF(K54=0,0,K28/K54) -> 0 | L92: =IF(L54=0,0,L28/L54) -> 0 | ... P92: =IF(P54=0,0,P28/P54) -> 0 | R92: =AVERAGE(E92:P92) -> 0
C93: 1.5.9. Clínica Ortopédica | E93: =IF(E55=0,0,E29/E55) -> 7 | F93: =IF(F55=0,0,F29/F55) -> 7 | G93: =IF(G55=0,0,G29/G55) -> 7 | H93: =IF(H55=0,0,H29/H55) -> 7 | I93: =IF(I55=0,0,I29/I55) -> 7 | J93: =IF(J55=0,0,J29/J55) -> 7 | K93: =IF(K55=0,0,K29/K55) -> 7 | L93: =IF(L55=0,0,L29/L55) -> 7 | ... P93: =IF(P55=0,0,P29/P55) -> 7 | R93: =AVERAGE(E93:P93) -> 7
C94: 1.5.10. Outros | E94: =IF(E56=0,0,E30/E56) -> 0 | F94: =IF(F56=0,0,F30/F56) -> 0 | G94: =IF(G56=0,0,G30/G56) -> 0 | H94: =IF(H56=0,0,H30/H56) -> 0 | I94: =IF(I56=0,0,I30/I56) -> 0 | J94: =IF(J56=0,0,J30/J56) -> 0 | K94: =IF(K56=0,0,K30/K56) -> 0 | L94: =IF(L56=0,0,L30/L56) -> 0 | ... P94: =IF(P56=0,0,P30/P56) -> 0 | R94: =AVERAGE(E94:P94) -> 0
C95: Média Geral de Permanência | E95: =IF(E57=0,0,E31/E57) -> 7.4871515 | F95: =IF(F57=0,0,F31/F57) -> 7.4871515 | G95: =IF(G57=0,0,G31/G57) -> 7.4871515 | H95: =IF(H57=0,0,H31/H57) -> 7.4871515 | I95: =IF(I57=0,0,I31/I57) -> 7.4871515 | J95: =IF(J57=0,0,J31/J57) -> 7.4871515 | K95: =IF(K57=0,0,K31/K57) -> 7.4871515 | L95: =IF(L57=0,0,L31/L57) -> 7.4871515 | ... P95: =IF(P57=0,0,P31/P57) -> 7.4871515 | R95: =IF(R57=0,"-",R31/R57) -> 7.4871515
B96: 1.6.MÉDIA GERAL PERMANÊNCIA - CONVÊNIOS
C97: 1.6.1. PACIENTES PAGANTES
C98: 1.6.1.1. Particulares | E98: =IF(E60=0,0,E34/E60) -> 0 | F98: =IF(F60=0,0,F34/F60) -> 0 | G98: =IF(G60=0,0,G34/G60) -> 0 | H98: =IF(H60=0,0,H34/H60) -> 0 | I98: =IF(I60=0,0,I34/I60) -> 0 | J98: =IF(J60=0,0,J34/J60) -> 0 | K98: =IF(K60=0,0,K34/K60) -> 0 | L98: =IF(L60=0,0,L34/L60) -> 0 | ... P98: =IF(P60=0,0,P34/P60) -> 0 | R98: =IF(R60=0,0,R34/R60) -> 0
C99: 1.6.1.2. Convênio A | E99: =IF(E61=0,0,E35/E61) -> 0 | F99: =IF(F61=0,0,F35/F61) -> 0 | G99: =IF(G61=0,0,G35/G61) -> 0 | H99: =IF(H61=0,0,H35/H61) -> 0 | I99: =IF(I61=0,0,I35/I61) -> 0 | J99: =IF(J61=0,0,J35/J61) -> 0 | K99: =IF(K61=0,0,K35/K61) -> 0 | L99: =IF(L61=0,0,L35/L61) -> 0 | ... P99: =IF(P61=0,0,P35/P61) -> 0 | R99: =IF(R61=0,0,R35/R61) -> 0
C100: 1.6.1.3. Convênio B | E100: =IF(E62=0,0,E36/E62) -> 0 | F100: =IF(F62=0,0,F36/F62) -> 0 | G100: =IF(G62=0,0,G36/G62) -> 0 | H100: =IF(H62=0,0,H36/H62) -> 0 | I100: =IF(I62=0,0,I36/I62) -> 0 | J100: =IF(J62=0,0,J36/J62) -> 0 | K100: =IF(K62=0,0,K36/K62) -> 0 | L100: =IF(L62=0,0,L36/L62) -> 0 | ... P100: =IF(P62=0,0,P36/P62) -> 0 | R100: =IF(R62=0,0,R36/R62) -> 0
...

Sheet Quadro de Pessoal
A1: ORÇAMENTO PROGRAMA 2017
A2: Pró-Saúde - A.B.A.S.H.
A3: ='Atividade Assistencial'!A3:F3 -> Dependência: HOSPITAL DE URGENCIA DA REGIÃO SUDOESTE- HURSO
A4: ='Atividade Assistencial'!A4:C4 -> Diretor: REGINALDO COSTA BIFFE
A5: ='Atividade Assistencial'!A5:C5 -> Cidade: SANTA HELENA DE GOIÁS
A6: ='Atividade Assistencial'!A6:C6 -> UF: GO | P6: MÉDIA
A7: 2. RECURSOS HUMANOS | D7: 2017 | P7: TOTAL
B8: 2.1. RECURSOS HUMANOS - PRÓPRIO | D8: Janeiro | E8: Fevereiro | F8: Março | G8: Abril | H8: Maio | I8: Junho | J8: Julho | K8: Agosto | L8: Setembro | M8: Outubro | N8: Novembro | O8: Dezembro | P8: 2017
C9: 2.1.1. Administração | D9: 60 | E9: 60 | F9: 60 | G9: 60 | H9: 60 | I9: 60 | J9: 60 | K9: 60 | L9: 60 | M9: 60 | N9: 60 | O9: 60 | P9: =AVERAGE(D9:O9) -> 60
C10: 2.1.2. Enfermagem - Total | D10: =SUM(D11:D14) -> 82 | E10: =SUM(E11:E14) -> 82 | F10: =SUM(F11:F14) -> 82 | G10: =SUM(G11:G14) -> 82 | H10: =SUM(H11:H14) -> 82 | I10: =SUM(I11:I14) -> 82 | J10: =SUM(J11:J14) -> 82 | K10: =SUM(K11:K14) -> 82 | ... P10: =SUM(P11:P14) -> 82
C11: 2.1.2.1. Enfermeiros | D11: 22 | E11: 22 | F11: 22 | G11: 22 | H11: 22 | I11: 22 | J11: 22 | K11: 22 | L11: 22 | M11: 22 | N11: 22 | O11: 22 | P11: =AVERAGE(D11:O11) -> 22
C12: 2.1.2.2. Técnicos de Enfermagem | D12: 54 | E12: 54 | F12: 54 | G12: 54 | H12: 54 | I12: 54 | J12: 54 | K12: 54 | L12: 54 | M12: 54 | N12: 54 | O12: 54 | P12: =AVERAGE(D12:O12) -> 54
C13: 2.1.2.3. Auxiliares de Enfermagem | D13: 0 | E13: 0 | F13: 0 | G13: 0 | H13: 0 | I13: 0 | J13: 0 | K13: 0 | L13: 0 | M13: 0 | N13: 0 | O13: 0 | P13: =AVERAGE(D13:O13) -> 0
C14: 2.1.2.4. Pessoal de Apoio | D14: 6 | E14: 6 | F14: 6 | G14: 6 | H14: 6 | I14: 6 | J14: 6 | K14: 6 | L14: 6 | M14: 6 | N14: 6 | O14: 6 | P14: =AVERAGE(D14:O14) -> 6
C15: 2.1.3. S.A.D.T. | D15: 9 | E15: 9 | F15: 9 | G15: 9 | H15: 9 | I15: 9 | J15: 9 | K15: 9 | L15: 9 | M15: 9 | N15: 9 | O15: 9 | P15: =AVERAGE(D15:O15) -> 9
C16: 2.1.4. Nutrição | D16: 27 | E16: 27 | F16: 27 | G16: 27 | H16: 27 | I16: 27 | J16: 27 | K16: 27 | L16: 27 | M16: 27 | N16: 27 | O16: 27 | P16: =AVERAGE(D16:O16) -> 27
C17: 2.1.5. Limpeza e Higienização | D17: 26 | E17: 26 | F17: 26 | G17: 26 | H17: 26 | I17: 26 | J17: 26 | K17: 26 | L17: 26 | M17: 26 | N17: 26 | O17: 26 | P17: =AVERAGE(D17:O17) -> 26
C18: 2.1.6. Processamento da Roupa | D18: 1 | E18: 1 | F18: 1 | G18: 1 | H18: 1 | I18: 1 | J18: 1 | K18: 1 | L18: 1 | M18: 1 | N18: 1 | O18: 1 | P18: =AVERAGE(D18:O18) -> 1
C19: 2.1.7. Manutenção / Segurança | D19: 5 | E19: 5 | F19: 5 | G19: 5 | H19: 5 | I19: 5 | J19: 5 | K19: 5 | L19: 5 | M19: 5 | N19: 5 | O19: 5 | P19: =AVERAGE(D19:O19) -> 5
C20: S u b t o t a l ( 1 ) | D20: =D9+D10+D15+D16+D17+D18+D19 -> 210 | E20: =E9+E10+E15+E16+E17+E18+E19 -> 210 | F20: =F9+F10+F15+F16+F17+F18+F19 -> 210 | G20: =G9+G10+G15+G16+G17+G18+G19 -> 210 | H20: =H9+H10+H15+H16+H17+H18+H19 -> 210 | I20: =I9+I10+I15+I16+I17+I18+I19 -> 210 | J20: =J9+J10+J15+J16+J17+J18+J19 -> 210 | K20: =K9+K10+K15+K16+K17+K18+K19 -> 210 | ... P20: =P9+P10+P15+P16+P17+P18+P19 -> 210
C21: 2.1.8. Obras | D21: 0 | E21: 0 | F21: 0 | G21: 0 | H21: 0 | I21: 0 | J21: 0 | K21: 0 | L21: 0 | M21: 0 | N21: 0 | O21: 0 | P21: =AVERAGE(D21:O21) -> 0
C22: 2.1.9. Médicos empregados | D22: 2 | E22: 2 | F22: 2 | G22: 2 | H22: 2 | I22: 2 | J22: 2 | K22: 2 | L22: 2 | M22: 2 | N22: 2 | O22: 2 | P22: =AVERAGE(D22:O22) -> 2
C23: 2.1.10. Outros | D23: 19 | E23: 19 | F23: 19 | G23: 19 | H23: 19 | I23: 19 | J23: 19 | K23: 19 | L23: 19 | M23: 19 | N23: 19 | O23: 19 | P23: =AVERAGE(D23:O23) -> 19
C24: S u b t o t a l ( 2 ) | D24: =D21+D22+D23 -> 21 | E24: =E21+E22+E23 -> 21 | F24: =F21+F22+F23 -> 21 | G24: =G21+G22+G23 -> 21 | H24: =H21+H22+H23 -> 21 | I24: =I21+I22+I23 -> 21 | J24: =J21+J22+J23 -> 21 | K24: =K21+K22+K23 -> 21 | ... P24: =P21+P22+P23 -> 21
C25: T o t a l ( 1 + 2 ) | D25: =D20+D24 -> 231 | E25: =E20+E24 -> 231 | F25: =F20+F24 -> 231 | G25: =G20+G24 -> 231 | H25: =H20+H24 -> 231 | I25: =I20+I24 -> 231 | J25: =J20+J24 -> 231 | K25: =K20+K24 -> 231 | ... P25: =P20+P24 -> 231
B26: 2.2. RECURSOS HUMANOS - CEDIDO
C27: 2.2.1. Administração | D27: 55 | E27: 55 | F27: 55 | G27: 55 | H27: 55 | I27: 55 | J27: 55 | K27: 55 | L27: 55 | M27: 55 | N27: 55 | O27: 55 | P27: =AVERAGE(D27:O27) -> 55
C28: 2.2.2. Enfermagem - Total | D28: =SUM(D29:D32) -> 200 | E28: =SUM(E29:E32) -> 200 | F28: =SUM(F29:F32) -> 200 | G28: =SUM(G29:G32) -> 200 | H28: =SUM(H29:H32) -> 200 | I28: =SUM(I29:I32) -> 200 | J28: =SUM(J29:J32) -> 200 | K28: =SUM(K29:K32) -> 200 | ... P28: =SUM(P29:P32) -> 200
C29: 2.2.2.1. Enfermeiros | D29: 20 | E29: 20 | F29: 20 | G29: 20 | H29: 20 | I29: 20 | J29: 20 | K29: 20 | L29: 20 | M29: 20 | N29: 20 | O29: 20 | P29: =AVERAGE(D29:O29) -> 20
C30: 2.2.2.2. Técnicos de Enfermagem | D30: 171 | E30: 171 | F30: 171 | G30: 171 | H30: 171 | I30: 171 | J30: 171 | K30: 171 | L30: 171 | M30: 171 | N30: 171 | O30: 171 | P30: =AVERAGE(D30:O30) -> 171
C31: 2.2.2.3. Auxiliares de Enfermagem | D31: 0 | E31: 0 | F31: 0 | G31: 0 | H31: 0 | I31: 0 | J31: 0 | K31: 0 | L31: 0 | M31: 0 | N31: 0 | O31: 0 | P31: =AVERAGE(D31:O31) -> 0
C32: 2.2.2.4. Pessoal de Apoio | D32: 9 | E32: 9 | F32: 9 | G32: 9 | H32: 9 | I32: 9 | J32: 9 | K32: 9 | L32: 9 | M32: 9 | N32: 9 | O32: 9 | P32: =AVERAGE(D32:O32) -> 9
C33: 2.2.3. S.A.D.T. | D33: 19 | E33: 19 | F33: 19 | G33: 19 | H33: 19 | I33: 19 | J33: 19 | K33: 19 | L33: 19 | M33: 19 | N33: 19 | O33: 19 | P33: =AVERAGE(D33:O33) -> 19
C34: 2.2.4. Nutrição | D34: 0 | E34: 0 | F34: 0 | G34: 0 | H34: 0 | I34: 0 | J34: 0 | K34: 0 | L34: 0 | M34: 0 | N34: 0 | O34: 0 | P34: =AVERAGE(D34:O34) -> 0
C35: 2.2.5. Limpeza e Higienização | D35: 35 | E35: 35 | F35: 35 | G35: 35 | H35: 35 | I35: 35 | J35: 35 | K35: 35 | L35: 35 | M35: 35 | N35: 35 | O35: 35 | P35: =AVERAGE(D35:O35) -> 35
C36: 2.2.6. Processamento da Roupa | D36: 6 | E36: 6 | F36: 6 | G36: 6 | H36: 6 | I36: 6 | J36: 6 | K36: 6 | L36: 6 | M36: 6 | N36: 6 | O36: 6 | P36: =AVERAGE(D36:O36) -> 6
C37: 2.2.7. Manutenção / Segurança | D37: 5 | E37: 5 | F37: 5 | G37: 5 | H37: 5 | I37: 5 | J37: 5 | K37: 5 | L37: 5 | M37: 5 | N37: 5 | O37: 5 | P37: =AVERAGE(D37:O37) -> 5
C38: S u b t o t a l ( 3 ) | D38: =D27+D28+D33+D34+D35+D36+D37 -> 320 | E38: =E27+E28+E33+E34+E35+E36+E37 -> 320 | F38: =F27+F28+F33+F34+F35+F36+F37 -> 320 | G38: =G27+G28+G33+G34+G35+G36+G37 -> 320 | H38: =H27+H28+H33+H34+H35+H36+H37 -> 320 | I38: =I27+I28+I33+I34+I35+I36+I37 -> 320 | J38: =J27+J28+J33+J34+J35+J36+J37 -> 320 | K38: =K27+K28+K33+K34+K35+K36+K37 -> 320 | ... P38: =P27+P28+P33+P34+P35+P36+P37 -> 320
C39: 2.2.8. Obras | D39: 0 | E39: 0 | F39: 0 | G39: 0 | H39: 0 | I39: 0 | J39: 0 | K39: 0 | L39: 0 | M39: 0 | N39: 0 | O39: 0 | P39: =AVERAGE(D39:O39) -> 0
C40: 2.2.9. Médicos | D40: 7 | E40: 7 | F40: 7 | G40: 7 | H40: 7 | I40: 7 | J40: 7 | K40: 7 | L40: 7 | M40: 7 | N40: 7 | O40: 7 | P40: =AVERAGE(D40:O40) -> 7
C41: 2.2.10. Outros | D41: 10 | E41: 10 | F41: 10 | G41: 10 | H41: 10 | I41: 10 | J41: 10 | K41: 10 | L41: 10 | M41: 10 | N41: 10 | O41: 10 | P41: =AVERAGE(D41:O41) -> 10
C42: S u b t o t a l ( 4 ) | D42: =D39+D40+D41 -> 17 | E42: =E39+E40+E41 -> 17 | F42: =F39+F40+F41 -> 17 | G42: =G39+G40+G41 -> 17 | H42: =H39+H40+H41 -> 17 | I42: =I39+I40+I41 -> 17 | J42: =J39+J40+J41 -> 17 | K42: =K39+K40+K41 -> 17 | ... P42: =P39+P40+P41 -> 17
C43: T o t a l ( 3 + 4 ) | D43: =D38+D42 -> 337 | E43: =E38+E42 -> 337 | F43: =F38+F42 -> 337 | G43: =G38+G42 -> 337 | H43: =H38+H42 -> 337 | I43: =I38+I42 -> 337 | J43: =J38+J42 -> 337 | K43: =K38+K42 -> 337 | ... P43: =P38+P42 -> 337
B44: 2.2.1 RECURSOS HUMANOS - COOPERATIVAS / TERCEIROS
C45: 2.2.1. Administração | D45: 0 | E45: 0 | F45: 0 | G45: 0 | H45: 0 | I45: 0 | J45: 0 | K45: 0 | L45: 0 | M45: 0 | N45: 0 | O45: 0 | P45: =AVERAGE(D45:O45) -> 0
C46: 2.2.2. Enfermagem - Total | D46: =SUM(D47:D50) -> 2 | E46: =SUM(E47:E50) -> 2 | F46: =SUM(F47:F50) -> 2 | G46: =SUM(G47:G50) -> 2 | H46: =SUM(H47:H50) -> 2 | I46: =SUM(I47:I50) -> 2 | J46: =SUM(J47:J50) -> 2 | K46: =SUM(K47:K50) -> 2 | ... P46: =SUM(P47:P50) -> 2
C47: 2.2.2.1. Enfermeiros | D47: 0 | E47: 0 | F47: 0 | G47: 0 | H47: 0 | I47: 0 | J47: 0 | K47: 0 | L47: 0 | M47: 0 | N47: 0 | O47: 0 | P47: =AVERAGE(D47:O47) -> 0
C48: 2.2.2.2. Técnicos de Enfermagem | D48: 0 | E48: 0 | F48: 0 | G48: 0 | H48: 0 | I48: 0 | J48: 0 | K48: 0 | L48: 0 | M48: 0 | N48: 0 | O48: 0 | P48: =AVERAGE(D48:O48) -> 0
C49: 2.2.2.3. Auxiliares de Enfermagem | D49: 0 | E49: 0 | F49: 0 | G49: 0 | H49: 0 | I49: 0 | J49: 0 | K49: 0 | L49: 0 | M49: 0 | N49: 0 | O49: 0 | P49: =AVERAGE(D49:O49) -> 0
C50: 2.2.2.4. Pessoal de Apoio | D50: 2 | E50: 2 | F50: 2 | G50: 2 | H50: 2 | I50: 2 | J50: 2 | K50: 2 | L50: 2 | M50: 2 | N50: 2 | O50: 2 | P50: =AVERAGE(D50:O50) -> 2
C51: 2.2.3. S.A.D.T. | D51: 10 | E51: 10 | F51: 10 | G51: 10 | H51: 10 | I51: 10 | J51: 10 | K51: 10 | L51: 10 | M51: 10 | N51: 10 | O51: 10 | P51: =AVERAGE(D51:O51) -> 10
C52: 2.2.4. Nutrição | D52: 0 | E52: 0 | F52: 0 | G52: 0 | H52: 0 | I52: 0 | J52: 0 | K52: 0 | L52: 0 | M52: 0 | N52: 0 | O52: 0 | P52: =AVERAGE(D52:O52) -> 0
C53: 2.2.5. Limpeza e Higienização | D53: 0 | E53: 0 | F53: 0 | G53: 0 | H53: 0 | I53: 0 | J53: 0 | K53: 0 | L53: 0 | M53: 0 | N53: 0 | O53: 0 | P53: =AVERAGE(D53:O53) -> 0
C54: 2.2.6. Processamento da Roupa | D54: 0 | E54: 0 | F54: 0 | G54: 0 | H54: 0 | I54: 0 | J54: 0 | K54: 0 | L54: 0 | M54: 0 | N54: 0 | O54: 0 | P54: =AVERAGE(D54:O54) -> 0
C55: 2.2.7. Manutenção / Segurança | D55: 8 | E55: 8 | F55: 8 | G55: 8 | H55: 8 | I55: 8 | J55: 8 | K55: 8 | L55: 8 | M55: 8 | N55: 8 | O55: 8 | P55: =AVERAGE(D55:O55) -> 8
C56: S u b t o t a l ( 3 ) | D56: =D45+D46+D51+D52+D53+D54+D55 -> 20 | E56: =E45+E46+E51+E52+E53+E54+E55 -> 20 | F56: =F45+F46+F51+F52+F53+F54+F55 -> 20 | G56: =G45+G46+G51+G52+G53+G54+G55 -> 20 | H56: =H45+H46+H51+H52+H53+H54+H55 -> 20 | I56: =I45+I46+I51+I52+I53+I54+I55 -> 20 | J56: =J45+J46+J51+J52+J53+J54+J55 -> 20 | K56: =K45+K46+K51+K52+K53+K54+K55 -> 20 | ... P56: =P45+P46+P51+P52+P53+P54+P55 -> 20
C57: 2.2.8. Obras | D57: 0 | E57: 0 | F57: 0 | G57: 0 | H57: 0 | I57: 0 | J57: 0 | K57: 0 | L57: 0 | M57: 0 | N57: 0 | O57: 0 | P57: =AVERAGE(D57:O57) -> 0
C58: 2.2.9. Médicos | D58: 0 | E58: 0 | F58: 0 | G58: 0 | H58: 0 | I58: 0 | J58: 0 | K58: 0 | L58: 0 | M58: 0 | N58: 0 | O58: 0 | P58: =AVERAGE(D58:O58) -> 0
C59: 2.2.10. Outros | D59: 0 | E59: 0 | F59: 0 | G59: 0 | H59: 0 | I59: 0 | J59: 0 | K59: 0 | L59: 0 | M59: 0 | N59: 0 | O59: 0 | P59: =AVERAGE(D59:O59) -> 0
C60: S u b t o t a l ( 4 ) | D60: =D57+D58+D59 -> 0 | E60: =E57+E58+E59 -> 0 | F60: =F57+F58+F59 -> 0 | G60: =G57+G58+G59 -> 0 | H60: =H57+H58+H59 -> 0 | I60: =I57+I58+I59 -> 0 | J60: =J57+J58+J59 -> 0 | K60: =K57+K58+K59 -> 0 | ... P60: =P57+P58+P59 -> 0
C61: T o t a l ( 3 + 4 ) | D61: =D56+D60 -> 20 | E61: =E56+E60 -> 20 | F61: =F56+F60 -> 20 | G61: =G56+G60 -> 20 | H61: =H56+H60 -> 20 | I61: =I56+I60 -> 20 | J61: =J56+J60 -> 20 | K61: =K56+K60 -> 20 | ... P61: =P56+P60 -> 20
B62: 2.3. RECURSOS HUMANOS - TOTAL
C63: 2.3.1. Administração | D63: =D9+D27+D45 -> 115 | E63: =E9+E27+E45 -> 115 | F63: =F9+F27+F45 -> 115 | G63: =G9+G27+G45 -> 115 | H63: =H9+H27+H45 -> 115 | I63: =I9+I27+I45 -> 115 | J63: =J9+J27+J45 -> 115 | K63: =K9+K27+K45 -> 115 | ... P63: =P9+P27+P45 -> 115
C64: 2.3.2. Enfermagem - Total | D64: =D10+D28+D46 -> 284 | E64: =E10+E28+E46 -> 284 | F64: =F10+F28+F46 -> 284 | G64: =G10+G28+G46 -> 284 | H64: =H10+H28+H46 -> 284 | I64: =I10+I28+I46 -> 284 | J64: =J10+J28+J46 -> 284 | K64: =K10+K28+K46 -> 284 | ... P64: =P10+P28+P46 -> 284
C65: 2.3.2.1. Enfermeiros | D65: =D11+D29+D47 -> 42 | E65: =E11+E29+E47 -> 42 | F65: =F11+F29+F47 -> 42 | G65: =G11+G29+G47 -> 42 | H65: =H11+H29+H47 -> 42 | I65: =I11+I29+I47 -> 42 | J65: =J11+J29+J47 -> 42 | K65: =K11+K29+K47 -> 42 | ... P65: =P11+P29+P47 -> 42
C66: 2.3.2.2. Técnicos de Enfermagem | D66: =D12+D30+D48 -> 225 | E66: =E12+E30+E48 -> 225 | F66: =F12+F30+F48 -> 225 | G66: =G12+G30+G48 -> 225 | H66: =H12+H30+H48 -> 225 | I66: =I12+I30+I48 -> 225 | J66: =J12+J30+J48 -> 225 | K66: =K12+K30+K48 -> 225 | ... P66: =P12+P30+P48 -> 225
C67: 2.3.2.3. Auxiliares de Enfermagem | D67: =D13+D31+D49 -> 0 | E67: =E13+E31+E49 -> 0 | F67: =F13+F31+F49 -> 0 | G67: =G13+G31+G49 -> 0 | H67: =H13+H31+H49 -> 0 | I67: =I13+I31+I49 -> 0 | J67: =J13+J31+J49 -> 0 | K67: =K13+K31+K49 -> 0 | ... P67: =P13+P31+P49 -> 0
C68: 2.3.2.4. Pessoal de Apoio | D68: =D14+D32+D50 -> 17 | E68: =E14+E32+E50 -> 17 | F68: =F14+F32+F50 -> 17 | G68: =G14+G32+G50 -> 17 | H68: =H14+H32+H50 -> 17 | I68: =I14+I32+I50 -> 17 | J68: =J14+J32+J50 -> 17 | K68: =K14+K32+K50 -> 17 | ... P68: =P14+P32+P50 -> 17
C69: 2.3.3. S.A.D.T. | D69: =D15+D33+D51 -> 38 | E69: =E15+E33+E51 -> 38 | F69: =F15+F33+F51 -> 38 | G69: =G15+G33+G51 -> 38 | H69: =H15+H33+H51 -> 38 | I69: =I15+I33+I51 -> 38 | J69: =J15+J33+J51 -> 38 | K69: =K15+K33+K51 -> 38 | ... P69: =P15+P33+P51 -> 38
C70: 2.3.4. Nutrição | D70: =D16+D34+D52 -> 27 | E70: =E16+E34+E52 -> 27 | F70: =F16+F34+F52 -> 27 | G70: =G16+G34+G52 -> 27 | H70: =H16+H34+H52 -> 27 | I70: =I16+I34+I52 -> 27 | J70: =J16+J34+J52 -> 27 | K70: =K16+K34+K52 -> 27 | ... P70: =P16+P34+P52 -> 27
C71: 2.3.5. Limpeza e Higienização | D71: =D17+D35+D53 -> 61 | E71: =E17+E35+E53 -> 61 | F71: =F17+F35+F53 -> 61 | G71: =G17+G35+G53 -> 61 | H71: =H17+H35+H53 -> 61 | I71: =I17+I35+I53 -> 61 | J71: =J17+J35+J53 -> 61 | K71: =K17+K35+K53 -> 61 | ... P71: =P17+P35+P53 -> 61
C72: 2.3.6. Processamento da Roupa | D72: =D18+D36+D54 -> 7 | E72: =E18+E36+E54 -> 7 | F72: =F18+F36+F54 -> 7 | G72: =G18+G36+G54 -> 7 | H72: =H18+H36+H54 -> 7 | I72: =I18+I36+I54 -> 7 | J72: =J18+J36+J54 -> 7 | K72: =K18+K36+K54 -> 7 | ... P72: =P18+P36+P54 -> 7
C73: 2.3.7. Manutenção / Segurança | D73: =D19+D37+D55 -> 18 | E73: =E19+E37+E55 -> 18 | F73: =F19+F37+F55 -> 18 | G73: =G19+G37+G55 -> 18 | H73: =H19+H37+H55 -> 18 | I73: =I19+I37+I55 -> 18 | J73: =J19+J37+J55 -> 18 | K73: =K19+K37+K55 -> 18 | ... P73: =P19+P37+P55 -> 18
C74: S u b t o t a l ( 5 ) | D74: =D20+D38+D56 -> 550 | E74: =E20+E38+E56 -> 550 | F74: =F20+F38+F56 -> 550 | G74: =G20+G38+G56 -> 550 | H74: =H20+H38+H56 -> 550 | I74: =I20+I38+I56 -> 550 | J74: =J20+J38+J56 -> 550 | K74: =K20+K38+K56 -> 550 | ... P74: =P20+P38+P56 -> 550
... C79: TOTAL GERAL (5+6) | D79: =D25+D43+D61 -> 588 | E79: =E25+E43+E61 -> 588 | F79: =F25+F43+F61 -> 588 | G79: =G25+G43+G61 -> 588 | H79: =H25+H43+H61 -> 588 | I79: =I25+I43+I61 -> 588 | J79: =J25+J43+J61 -> 588 | K79: =K25+K43+K61 -> 588 | ... P79: =P25+P43+P61 -> 588
B80: 2.4. ROTATIVIDADE
C81: 2.4.1 Admissões | D81: 0 | E81: 0 | F81: 0 | G81: 0 | H81: 0 | I81: 0 | J81: 0 | K81: 0 | L81: 0 | M81: 0 | N81: 0 | O81: 0 | P81: =SUM(D81:O81) -> 0
C82: 2.4.2 Demissões | D82: 0 | E82: 0 | F82: 0 | G82: 0 | H82: 0 | I82: 0 | J82: 0 | K82: 0 | L82: 0 | M82: 0 | N82: 0 | O82: 0 | P82: =SUM(D82:O82) -> 0
C83: 2.4.3 Funcionários Afastados | D83: 0 | E83: 0 | F83: 0 | G83: 0 | H83: 0 | I83: 0 | J83: 0 | K83: 0 | L83: 0 | M83: 0 | N83: 0 | O83: 0 | P83: =AVERAGE(D83:O83) -> 0
B84: 2.5. CORPO CLÍNICO
C85: 2.5.1. Médicos | D85: 54 | E85: 54 | F85: 54 | G85: 54 | H85: 54 | I85: 54 | J85: 54 | K85: 54 | L85: 54 | M85: 54 | N85: 54 | O85: 54 | P85: =AVERAGE(D85:O85) -> 54
C86: 2.5.2. Outros | D86: 3 | E86: 3 | F86: 3 | G86: 3 | H86: 3 | I86: 3 | J86: 3 | K86: 3 | L86: 3 | M86: 3 | N86: 3 | O86: 3 | P86: =AVERAGE(D86:O86) -> 3
C87: T o t a l | D87: =D85+D86 -> 57 | E87: =E85+E86 -> 57 | F87: =F85+F86 -> 57 | G87: =G85+G86 -> 57 | H87: =H85+H86 -> 57 | I87: =I85+I86 -> 57 | J87: =J85+J86 -> 57 | K87: =K85+K86 -> 57 | ... P87: =P85+P86 -> 57
B88: 2.5. PORTADORES DE DEFICIÊNCIA
C89: 2.6.1. Portadores de Deficiência Física | D89: 4 | E89: 4 | F89: 4 | G89: 4 | H89: 4 | I89: 4 | J89: 4 | K89: 4 | L89: 4 | M89: 4 | N89: 4 | O89: 4 | P89: =SUM(D89:O89) -> 48
B90: 2.7. ABSENTEÍSMO
C91: 2.7.1. Horas Perdidas | D91: =D92+D93+D94 -> 2358 | E91: =E92+E93+E94 -> 2358 | F91: =F92+F93+F94 -> 2358 | G91: =G92+G93+G94 -> 2358 | H91: =H92+H93+H94 -> 2358 | I91: =I92+I93+I94 -> 2358 | J91: =J92+J93+J94 -> 2358 | K91: =K92+K93+K94 -> 2358 | ... O91: =O92+O93+O94 -> 2358 | P91: =SUM(D91:O91) -> 28296
C92: 2.7.1.1. Atrasos | D92: 40 | E92: 40 | F92: 40 | G92: 40 | H92: 40 | I92: 40 | J92: 40 | K92: 40 | L92: 40 | M92: 40 | N92: 40 | O92: 40 | P92: =SUM(D92:O92) -> 480
C93: 2.7.1.2. Faltas ( justificadas ou não ) | D93: 2300 | E93: 2300 | F93: 2300 | G93: 2300 | H93: 2300 | I93: 2300 | J93: 2300 | K93: 2300 | L93: 2300 | M93: 2300 | N93: 2300 | O93: 2300 | P93: =SUM(D93:O93) -> 27600
C94: 2.7.1.3. Saídas Antecipadas | D94: 18 | E94: 18 | F94: 18 | G94: 18 | H94: 18 | I94: 18 | J94: 18 | K94: 18 | L94: 18 | M94: 18 | N94: 18 | O94: 18 | P94: =SUM(D94:O94) -> 216
C95: 2.7.2. Horas Planejadas | D95: =D96 -> 101258 | E95: =E96 -> 101118 | F95: =F96 -> 100408 | G95: =G96 -> 100917 | H95: =H96 -> 101028 | I95: =I96 -> 101483 | J95: =J96 -> 101568 | K95: =K96 -> 100903 | ... O95: =O96 -> 100903 | P95: =SUM(D95:O95) -> 1213120
C96: 2.7.2.1. Horas Planejadas ( CLT ) | D96: 101258 | E96: 101118 | F96: 100408 | G96: 100917 | H96: 101028 | I96: 101483 | J96: 101568 | K96: 100903 | L96: 101023 | M96: 101028 | N96: 101483 | O96: 100903 | P96: =SUM(D96:O96) -> 1213120
B97: 2.8. BASE SALARIAL
C98: 2.8.1. Total de Salários Nominais ( Enfermagem ) | D98: 162974 | E98: 162974 | F98: 162974 | G98: 162974 | H98: 176012 | I98: 176012 | J98: 176012 | K98: 176012 | L98: 176012 | M98: 176012 | N98: 176012 | O98: 176012 | P98: =SUM(D98:O98) -> 2059992
C99: 2.8.2. Total de Salários Nominais ( demais funções ) | D99: 334930 | E99: 334930 | F99: 334930 | G99: =F99*1.08 -> 361724.4 | H99: =G99 -> 361724.4 | I99: =H99 -> 361724.4 | J99: =I99 -> 361724.4 | K99: =J99 -> 361724.4 | L99: =K99 -> 361724.4 | M99: =L99 -> 361724.4 | N99: =M99 -> 361724.4 | O99: =N99 -> 361724.4 | P99: =SUM(D99:O99) -> 4260309.6
C100: T o t a l | D100: =D98+D99 -> 497904 | E100: =E98+E99 -> 497904 | F100: =F98+F99 -> 497904 | G100: =G98+G99 -> 524698.4 | H100: =H98+H99 -> 537736.4 | I100: =I98+I99 -> 537736.4 | J100: =J98+J99 -> 537736.4 | K100: =K98+K99 -> 537736.4 | ... P100: =P98+P99 -> 6320301.6
B102: 3.1. PASTORAL DA SAÚDE/SAÚDE COMUNITÁRIA
C103: 3.1.1 Visitas Domiciliares | D103: 0 | E103: 0 | F103: 0 | G103: 0 | H103: 0 | I103: 0 | J103: 0 | K103: 0 | L103: 0 | M103: 0 | N103: 0 | O103: 0 | P103: =SUM(D103:O103) -> 0
C104: 3.1.2 Visitas a Pacientes Internados | D104: 0 | E104: 0 | F104: 0 | G104: 0 | H104: 0 | I104: 0 | J104: 0 | K104: 0 | L104: 0 | M104: 0 | N104: 0 | O104: 0 | P104: =SUM(D104:O104) -> 0
C105: 3.1.3. Cursos Ministrados | D105: 0 | E105: 0 | F105: 0 | G105: 0 | H105: 0 | I105: 0 | J105: 0 | K105: 0 | L105: 0 | M105: 0 | N105: 0 | O105: 0 | P105: =SUM(D105:O105) -> 0
...

Sheet Receita-Despesa
A1: ORÇAMENTO PROGRAMA 2017
A2: ='Orçamento (resumo)'!A2:H2 -> Pró-Saúde - A.B.A.S.H.
A3: ='Atividade Assistencial'!A3:F3 -> Dependência: HOSPITAL DE URGENCIA DA REGIÃO SUDOESTE- HURSO
A4: ='Atividade Assistencial'!A4:C4 -> Diretor: REGINALDO COSTA BIFFE
A5: ='Atividade Assistencial'!A5:C5 -> Cidade: SANTA HELENA DE GOIÁS
A6: ='Atividade Assistencial'!A6:C6 -> UF: GO
A9: 4. ATIVIDADES ECONÔMICAS | G9: Janeiro | H9: Fevereiro | I9: Março | J9: Abril | K9: Maio | L9: Junho | M9: Julho | N9: Agosto | O9: Setembro | P9: Outubro | Q9: Novembro | R9: Dezembro | S9: 2017 | T9: =S9 -> 2017 | V9: NOTA TÉCNICA: (Anotar memória de calculo e justificativas em todas as linhas desta planilha)
B10: 4.1. RECEITAS | S10: TOTAL | T10: MÉDIA MENSAL | V10: NOTA TÉCNICA:
C11: 4.1.1. RECEITAS OPERACIONAIS
D12: 4.1.1.1. Diárias e Taxas | G12: 0 | H12: 0 | I12: 0 | J12: 0 | K12: 0 | L12: 0 | M12: 0 | N12: 0 | O12: 0 | P12: 0 | Q12: 0 | R12: 0 | S12: =SUM(G12:R12) -> 0 | T12: =S12/$C$304 -> 0 | V12: Não se aplica
D13: 4.1.1.2. S.A.D.T. | G13: 0 | H13: 0 | I13: 0 | J13: 0 | K13: 0 | L13: 0 | M13: 0 | N13: 0 | O13: 0 | P13: 0 | Q13: 0 | R13: 0 | S13: =SUM(G13:R13) -> 0 | T13: =S13/$C$304 -> 0 | V13: Não se aplica
D14: 4.1.1.3. Mat. Med. | G14: 0 | H14: 0 | I14: 0 | J14: 0 | K14: 0 | L14: 0 | M14: 0 | N14: 0 | O14: 0 | P14: 0 | Q14: 0 | R14: 0 | S14: =SUM(G14:R14) -> 0 | T14: =S14/$C$304 -> 0 | V14: Não se aplica
D15: 4.1.1.4. Gases Medicinais | G15: 0 | H15: 0 | I15: 0 | J15: 0 | K15: 0 | L15: 0 | M15: 0 | N15: 0 | O15: 0 | P15: 0 | Q15: 0 | R15: 0 | S15: =SUM(G15:R15) -> 0 | T15: =S15/$C$304 -> 0 | V15: Não se aplica
D16: 4.1.1.5. Honorários | G16: 0 | H16: 0 | I16: 0 | J16: 0 | K16: 0 | L16: 0 | M16: 0 | N16: 0 | O16: 0 | P16: 0 | Q16: 0 | R16: 0 | S16: =SUM(G16:R16) -> 0 | T16: =S16/$C$304 -> 0 | V16: Não se aplica
D17: 4.1.1.6. linha livre | G17: 0 | H17: 0 | I17: 0 | J17: 0 | K17: 0 | L17: 0 | M17: 0 | N17: 0 | O17: 0 | P17: 0 | Q17: 0 | R17: 0 | S17: =SUM(G17:R17) -> 0 | T17: =S17/$C$304 -> 0 | V17: Não se aplica
D18: 4.1.1.7. linha livre | G18: 0 | H18: 0 | I18: 0 | J18: 0 | K18: 0 | L18: 0 | M18: 0 | N18: 0 | O18: 0 | P18: 0 | Q18: 0 | R18: 0 | S18: =SUM(G18:R18) -> 0 | T18: =S18/$C$304 -> 0 | V18: Não se aplica
D19: 4.1.1.8. Outras | G19: 3026767.7 | H19: 3026767.7 | I19: 3026767.7 | J19: 3026767.7 | K19: 3026767.7 | L19: 3026767.7 | M19: 3026767.7 | N19: 3026767.7 | O19: 3026767.7 | P19: 3026767.7 | Q19: 3026767.7 | R19: 3026767.7 | S19: =SUM(G19:R19) -> 36321213 | T19: =S19/$C$304 -> 3026767.7 | V19: Conforme 3º aditivo contratual: a partir de abril R$ 3.278.767,73 e sem previsão reajuste no 4º aditivo que vigorará a partir de 16/11/2016 a maio/2017
D20: Sub-Total de Receitas Operacionais. ( 1 ) | G20: =SUM(G12:G19) -> 3026767.7 | H20: =SUM(H12:H19) -> 3026767.7 | I20: =SUM(I12:I19) -> 3026767.7 | J20: =SUM(J12:J19) -> 3026767.7 | K20: =SUM(K12:K19) -> 3026767.7 | L20: =SUM(L12:L19) -> 3026767.7 | M20: =SUM(M12:M19) -> 3026767.7 | N20: =SUM(N12:N19) -> 3026767.7 | ... S20: =SUM(S12:S19) -> 36321213 | T20: =S20/$C$304 -> 3026767.7
D21: 4.1.1.7. DEDUÇÕES DAS REC. OPERACIONAIS
D22: 4.1.1.7.1. Glosas | G22: 0 | H22: 0 | I22: 0 | J22: 0 | K22: 0 | L22: 0 | M22: 0 | N22: 0 | O22: 0 | P22: 0 | Q22: 0 | R22: 0 | S22: =SUM(G22:R22) -> 0 | T22: =S22/$C$304 -> 0 | V22: Não se aplica
D23: 4.1.1.7.2. Descontos concedidos | G23: 0 | H23: 0 | I23: 0 | J23: 0 | K23: 0 | L23: 0 | M23: 0 | N23: 0 | O23: 0 | P23: 0 | Q23: 0 | R23: 0 | S23: =SUM(G23:R23) -> 0 | T23: =S23/$C$304 -> 0 | V23: Não se aplica
D24: 4.1.1.7.3. linha livre | G24: 0 | H24: 0 | I24: 0 | J24: 0 | K24: 0 | L24: 0 | M24: 0 | N24: 0 | O24: 0 | P24: 0 | Q24: 0 | R24: 0 | S24: =SUM(G24:R24) -> 0 | T24: =S24/$C$304 -> 0 | V24: Não se aplica
D25: 4.1.1.7.4. linha livre | G25: 0 | H25: 0 | I25: 0 | J25: 0 | K25: 0 | L25: 0 | M25: 0 | N25: 0 | O25: 0 | P25: 0 | Q25: 0 | R25: 0 | S25: =SUM(G25:R25) -> 0 | T25: =S25/$C$304 -> 0 | V25: Não se aplica
D26: 4.1.1.7.5. linha livre | G26: 0 | H26: 0 | I26: 0 | J26: 0 | K26: 0 | L26: 0 | M26: 0 | N26: 0 | O26: 0 | P26: 0 | Q26: 0 | R26: 0 | S26: =SUM(G26:R26) -> 0 | T26: =S26/$C$304 -> 0 | V26: Não se aplica
D27: Sub-total ( 2 ) | G27: =SUM(G22:G26) -> 0 | H27: =SUM(H22:H26) -> 0 | I27: =SUM(I22:I26) -> 0 | J27: =SUM(J22:J26) -> 0 | K27: =SUM(K22:K26) -> 0 | L27: =SUM(L22:L26) -> 0 | M27: =SUM(M22:M26) -> 0 | N27: =SUM(N22:N26) -> 0 | ... S27: =SUM(S22:S26) -> 0 | T27: =S27/$C$304 -> 0 | V27: Não se aplica
D28: Total de Receitas Operacionais ( 1 - 2 ) | G28: =G20-G27 -> 3026767.7 | H28: =H20-H27 -> 3026767.7 | I28: =I20-I27 -> 3026767.7 | J28: =J20-J27 -> 3026767.7 | K28: =K20-K27 -> 3026767.7 | L28: =L20-L27 -> 3026767.7 | M28: =M20-M27 -> 3026767.7 | N28: =N20-N27 -> 3026767.7 | ... S28: =S20-S27 -> 36321213 | T28: =S28/$C$304 -> 3026767.7
C29: 4.1.2. RECEITAS NÃO OPERACIONAIS
D30: 4.1.2.1. Aluguéis | G30: 0 | H30: 0 | I30: 0 | J30: 0 | K30: 0 | L30: 0 | M30: 0 | N30: 0 | O30: 0 | P30: 0 | Q30: 0 | R30: 0 | S30: =SUM(G30:R30) -> 0 | T30: =S30/$C$304 -> 0 | V30: Não se aplica
D31: 4.1.2.2. Subvenções e Doações | G31: 0 | H31: 0 | I31: 0 | J31: 0 | K31: 0 | L31: 0 | M31: 0 | N31: 0 | O31: 0 | P31: 0 | Q31: 0 | R31: 0 | S31: =SUM(G31:R31) -> 0 | T31: =S31/$C$304 -> 0 | V31: Não se aplica
D32: 4.1.2.3. Cota Patronal - Provisão ..... (NÃO PREENCHER) | S32: =SUM(G32:R32) -> 0 | T32: =S32/$C$304 -> 0
D33: 4.1.2.4. Financeiras | G33: 700 | H33: 700 | I33: 700 | J33: 700 | K33: 700 | L33: 700 | M33: 700 | N33: 700 | O33: 700 | P33: 700 | Q33: 700 | R33: 700 | S33: =SUM(G33:R33) -> 8400 | T33: =S33/$C$304 -> 700 | V33: Rendimento das aplicações financeira automáticas da CC realizadas no Banco Itaú. Considerado média de janeiro a setembro/2016
D34: 4.1.2.5. Honorários Médicos | G34: 0 | H34: 0 | I34: 0 | J34: 0 | K34: 0 | L34: 0 | M34: 0 | N34: 0 | O34: 0 | P34: 0 | Q34: 0 | R34: 0 | S34: =SUM(G34:R34) -> 0 | T34: =S34/$C$304 -> 0 | V34: Não se aplica
D35: 4.1.2.6. Resultado Plano Próprio Saúde | G35: 0 | H35: 0 | I35: 0 | J35: 0 | K35: 0 | L35: 0 | M35: 0 | N35: 0 | O35: 0 | P35: 0 | Q35: 0 | R35: 0 | S35: =SUM(G35:R35) -> 0 | T35: =S35/$C$304 -> 0 | V35: Não se aplica
D36: 4.1.2.7. linha livre | G36: 0 | H36: 0 | I36: 0 | J36: 0 | K36: 0 | L36: 0 | M36: 0 | N36: 0 | O36: 0 | P36: 0 | Q36: 0 | R36: 0 | S36: =SUM(G36:R36) -> 0 | T36: =S36/$C$304 -> 0 | V36: Não se aplica
D37: 4.1.2.8. linha livre | G37: 0 | H37: 0 | I37: 0 | J37: 0 | K37: 0 | L37: 0 | M37: 0 | N37: 0 | O37: 0 | P37: 0 | Q37: 0 | R37: 0 | S37: =SUM(G37:R37) -> 0 | T37: =S37/$C$304 -> 0 | V37: Não se aplica
D38: 4.1.2.9. Outras | G38: 250000 | H38: 250000 | I38: 250000 | J38: 250000 | K38: 250000 | L38: 250000 | M38: 250000 | N38: 250000 | O38: 250000 | P38: 250000 | Q38: 250000 | R38: 250000 | S38: =SUM(G38:R38) -> 3000000 | T38: =S38/$C$304 -> 250000 | V38: Custo Cooporativo Compartilhado - considerado valor do limite máximo
D39: Total de Receitas Não Operacionais ( 3 ) | G39: =SUM(G30:G38) -> 250700 | H39: =SUM(H30:H38) -> 250700 | I39: =SUM(I30:I38) -> 250700 | J39: =SUM(J30:J38) -> 250700 | K39: =SUM(K30:K38) -> 250700 | L39: =SUM(L30:L38) -> 250700 | M39: =SUM(M30:M38) -> 250700 | N39: =SUM(N30:N38) -> 250700 | ... T39: =SUM(T30:T38) -> 250700
C40: Total de Receitas = ( 1 - 2 + 3 ) | G40: =G28+G39 -> 3277467.7 | H40: =H28+H39 -> 3277467.7 | I40: =I28+I39 -> 3277467.7 | J40: =J28+J39 -> 3277467.7 | K40: =K28+K39 -> 3277467.7 | L40: =L28+L39 -> 3277467.7 | M40: =M28+M39 -> 3277467.7 | N40: =N28+N39 -> 3277467.7 | ... T40: =T28+T39 -> 3277467.7
B41: 4.2. DESPESAS
C42: 4.2.1. DESPESAS OPERACIONAIS
D43: 4.2.1.1. Pessoal Próprio | G43: =SUM(G44:G56) -> 686779.72 | H43: =SUM(H44:H56) -> 685131.39 | I43: =SUM(I44:I56) -> 683913.05 | J43: =SUM(J44:J56) -> 725780.21 | K43: =SUM(K44:K56) -> 744538.21 | L43: =SUM(L44:L56) -> 752235.21 | M43: =SUM(M44:M56) -> 727940.21 | N43: =SUM(N44:N56) -> 727940.21 | ... T43: =SUM(T44:T56) -> 726752.11
D44: 1- Ordenados | G44: =(('Quadro de Pessoal'!D98+'Quadro de Pessoal'!D99)/12)*11 -> 456412 | H44: =(('Quadro de Pessoal'!E98+'Quadro de Pessoal'!E99)/12)*11 -> 456412 | I44: =(('Quadro de Pessoal'!F98+'Quadro de Pessoal'!F99)/12)*11 -> 456412 | J44: =(('Quadro de Pessoal'!G98+'Quadro de Pessoal'!G99)/12)*11 -> 480973.53 | K44: =(('Quadro de Pessoal'!H98+'Quadro de Pessoal'!H99)/12)*11 -> 492925.03 | L44: =(('Quadro de Pessoal'!I98+'Quadro de Pessoal'!I99)/12)*11 -> 492925.03 | M44: =(('Quadro de Pessoal'!J98+'Quadro de Pessoal'!J99)/12)*11 -> 492925.03 | N44: =(('Quadro de Pessoal'!K98+'Quadro de Pessoal'!K99)/12)*11 -> 492925.03 | ... R44: =(('Quadro de Pessoal'!O98+'Quadro de Pessoal'!O99)/12)*11 -> 492925.03 | S44: =SUM(G44:R44) -> 5793609.8 | T44: =S44/$C$304 -> 482800.82
D45: 2- Hora Extra | G45: 11150 | H45: 10000 | I45: 11150 | J45: 12050 | K45: 13100 | L45: 12050 | M45: 13100 | N45: 13100 | O45: 12050 | P45: 13100 | Q45: 12050 | R45: 13100 | S45: =SUM(G45:R45) -> 146000 | T45: =S45/$C$304 -> 12166.667 | V45: Considerado média valores janeiro a setembro/2016, acrescido de 8% a titulo acordo coletivo em abril e maio. Equipe asssitencial subdimensionada, 16º plantão.
D46: 3- Hora Extra - Súmula 444 | G46: 9000 | H46: 9000 | I46: 7000 | J46: 9650 | K46: 11580 | L46: 18000 | M46: 0 | N46: 0 | O46: 17100 | P46: 7750 | Q46: 18000 | R46: 11580 | S46: =SUM(G46:R46) -> 118660 | T46: =S46/$C$304 -> 9888.3333 | V46: Calculado considerando histórico mensal de 2016 e calendário de feriados de 2017
D47: 4- Linha Livre | G47: 0 | H47: 0 | I47: 0 | J47: 0 | K47: 0 | L47: 0 | M47: 0 | N47: 0 | O47: 0 | P47: 0 | Q47: 0 | R47: 0 | S47: =SUM(G47:R47) -> 0 | T47: =S47/$C$304 -> 0 | V47: Não se aplica
D48: 5- Adicional Insalubridade | G48: 26000 | H48: 26000 | I48: 26000 | J48: 28100 | K48: 28100 | L48: 28100 | M48: 28100 | N48: 28100 | O48: 28100 | P48: 28100 | Q48: 28100 | R48: 28100 | S48: =SUM(G48:R48) -> 330900 | T48: =S48/$C$304 -> 27575 | V48: Cálculo com base no quadro de pessoal definido para 2017 e aplicado reajustes conforme orientação seguindo datas base dos acordos coletivos
D49: 6- Adicional Noturno | G49: 11500 | H49: 11500 | I49: 11500 | J49: 12450 | K49: 12450 | L49: 12450 | M49: 12450 | N49: 12450 | O49: 12450 | P49: 12450 | Q49: 12450 | R49: 12450 | S49: =SUM(G49:R49) -> 146550 | T49: =S49/$C$304 -> 12212.5 | V49: Cálculo com base no quadro de pessoal definido para 2017 e aplicado reajustes conforme orientação seguindo datas base dos acordos coletivos
D50: 7- Comissões E Gratificações | G50: 32832 | H50: 32832 | I50: 32832 | J50: =I50*1.08 -> 35458.56 | K50: 35458.56 | L50: 35458.56 | M50: 35458.56 | N50: 35458.56 | O50: 35458.56 | P50: 35458.56 | Q50: 35458.56 | R50: 35458.56 | S50: =SUM(G50:R50) -> 417623.04 | T50: =S50/$C$304 -> 34801.92 | V50: Cálculo com base no quadro de pessoal definido para 2017 e aplicado reajustes conforme orientação seguindo datas base dos acordos coletivos (premio incentivo e trienio para enfermeiros)
D51: 8- Férias + 1/3 | G51: =((G48+G49+G50+G45+G53+G54+G55+G46+G47+G56)/12+G44/11)*1.33333 -> 67746.053 | H51: =((H48+H49+H50+H45+H53+H54+H55+H46+H47+H56)/12+H44/11)*1.33333 -> 67592.72 | I51: =((I48+I49+I50+I45+I53+I54+I55+I46+I47+I56)/12+I44/11)*1.33333 -> 67479.387 | J51: =((J48+J49+J50+J45+J53+J54+J55+J46+J47+J56)/12+J44/11)*1.33333 -> 71581.705 | K51: =((K48+K49+K50+K45+K53+K54+K55+K46+K47+K56)/12+K44/11)*1.33333 -> 73427.701 | L51: =((L48+L49+L50+L45+L53+L54+L55+L46+L47+L56)/12+L44/11)*1.33333 -> 74143.699 | M51: =((M48+M49+M50+M45+M53+M54+M55+M46+M47+M56)/12+M44/11)*1.33333 -> 71883.705 | N51: =((N48+N49+N50+N45+N53+N54+N55+N46+N47+N56)/12+N44/11)*1.33333 -> 71883.705 | ... R51: =((R48+R49+R50+R45+R53+R54+R55+R46+R47+R56)/12+R44/11)*1.33333 -> 73427.701 | S51: =SUM(G51:R51) -> 860250.81 | T51: =S51/$C$304 -> 71687.567 | V51: Calculo automático
D52: 9- 13º Salário | G52: =((G45+G48+G49+G50+G53+G54+G55+G46+G47+G56)/12+G44/11) -> 50809.667 | H52: =((H45+H48+H49+H50+H53+H54+H55+H46+H47+H56)/12+H44/11) -> 50694.667 | I52: =((I45+I48+I49+I50+I53+I54+I55+I46+I47+I56)/12+I44/11) -> 50609.667 | J52: =((J45+J48+J49+J50+J53+J54+J55+J46+J47+J56)/12+J44/11) -> 53686.413 | K52: =((K45+K48+K49+K50+K53+K54+K55+K46+K47+K56)/12+K44/11) -> 55070.913 | L52: =((L45+L48+L49+L50+L53+L54+L55+L46+L47+L56)/12+L44/11) -> 55607.913 | M52: =((M45+M48+M49+M50+M53+M54+M55+M46+M47+M56)/12+M44/11) -> 53912.913 | N52: =((N45+N48+N49+N50+N53+N54+N55+N46+N47+N56)/12+N44/11) -> 53912.913 | ... R52: =((R45+R48+R49+R50+R53+R54+R55+R46+R47+R56)/12+R44/11) -> 55070.913 | S52: =SUM(G52:R52) -> 645189.72 | T52: =S52/$C$304 -> 53765.81 | V52: Calculo automático
D53: 10- Aviso Prévio | G53: 15000 | H53: 15000 | I53: 15000 | J53: 15000 | K53: 15000 | L53: 15000 | M53: 15000 | N53: 15000 | O53: 15000 | P53: 15000 | Q53: 15000 | R53: 15000 | S53: =SUM(G53:R53) -> 180000 | T53: =S53/$C$304 -> 15000 | V53: Cálculo com base no quadro de pessoal definido para 2017 e considerando a série histórica.
D54: 11- Integração Hora Extra c/ DSR | G54: =SUM(G45+G46+G49)/25*5 -> 6330 | H54: =SUM(H45+H46+H49)/25*5 -> 6100 | I54: =SUM(I45+I46+I49)/25*5 -> 5930 | J54: =SUM(J45+J46+J49)/25*5 -> 6830 | K54: =SUM(K45+K46+K49)/25*5 -> 7426 | L54: =SUM(L45+L46+L49)/25*5 -> 8500 | M54: =SUM(M45+M46+M49)/25*5 -> 5110 | N54: =SUM(N45+N46+N49)/25*5 -> 5110 | ... R54: =SUM(R45+R46+R49)/25*5 -> 7426 | S54: =SUM(G54:R54) -> 82242 | T54: =S54/$C$304 -> 6853.5 | V54: Calculo automático
D55: 12- Repasse Honorários Médicos | G55: 0 | H55: 0 | I55: 0 | J55: 0 | K55: 0 | L55: 0 | M55: 0 | N55: 0 | O55: 0 | P55: 0 | Q55: 0 | R55: 0 | S55: =SUM(G55:R55) -> 0 | T55: =S55/$C$304 -> 0 | V55: Não se aplica
D56: 13- linha livre | G56: 0 | H56: 0 | I56: 0 | J56: 0 | K56: 0 | L56: 0 | M56: 0 | N56: 0 | O56: 0 | P56: 0 | Q56: 0 | R56: 0 | S56: =SUM(G56:R56) -> 0 | T56: =S56/$C$304 -> 0 | V56: Não se aplica
D57: 4.2.1.2. Encargos Sociais | G57: =SUM(G58:G62) -> 89281.364 | H57: =SUM(H58:H62) -> 89067.08 | I57: =SUM(I58:I62) -> 88908.697 | J57: =SUM(J58:J62) -> 94351.428 | K57: =SUM(K58:K62) -> 96789.967 | L57: =SUM(L58:L62) -> 97790.577 | M57: =SUM(M58:M62) -> 94632.227 | N57: =SUM(N58:N62) -> 94632.227 | ... T57: =SUM(T58:T62) -> 94477.775
D58: 1- Contribuição FGTS (8%) | G58: =G43*0.08 -> 54942.378 | H58: =H43*0.08 -> 54810.511 | I58: =I43*0.08 -> 54713.044 | J58: =J43*0.08 -> 58062.417 | K58: =K43*0.08 -> 59563.057 | L58: =L43*0.08 -> 60178.816 | M58: =M43*0.08 -> 58235.217 | N58: =N43*0.08 -> 58235.217 | ... R58: =R43*0.08 -> 59563.057 | S58: =SUM(G58:R58) -> 697682.03 | T58: =S58/$C$304 -> 58140.169 | V58: Calculo automatico
D59: 2- Contribuição PIS (1%) | G59: =G43*0.01 -> 6867.7972 | H59: =H43*0.01 -> 6851.3139 | I59: =I43*0.01 -> 6839.1305 | J59: =J43*0.01 -> 7257.8021 | K59: =K43*0.01 -> 7445.3821 | L59: =L43*0.01 -> 7522.3521 | M59: =M43*0.01 -> 7279.4021 | N59: =N43*0.01 -> 7279.4021 | ... R59: =R43*0.01 -> 7445.3821 | S59: =SUM(G59:R59) -> 87210.254 | T59: =S59/$C$304 -> 7267.5211 | V59: Calculo automatico
D60: 3- Contribuição Sindical/Assist a Pagar | G60: 0 | H60: 0 | I60: 0 | J60: 0 | K60: 0 | L60: 0 | M60: 0 | N60: 0 | O60: 0 | P60: 0 | Q60: 0 | R60: 0 | S60: =SUM(G60:R60) -> 0 | T60: =S60/$C$304 -> 0 | V60: Não se aplica
D61: 4- FGTS Rescisória (50%) | G61: =G58*0.5 -> 27471.189 | H61: =H58*0.5 -> 27405.255 | I61: =I58*0.5 -> 27356.522 | J61: =J58*0.5 -> 29031.208 | K61: =K58*0.5 -> 29781.528 | L61: =L58*0.5 -> 30089.408 | M61: =M58*0.5 -> 29117.608 | N61: =N58*0.5 -> 29117.608 | ... R61: =R58*0.5 -> 29781.528 | S61: =SUM(G61:R61) -> 348841.01 | T61: =S61/$C$304 -> 29070.085 | V61: Calculo automatico
D62: 5- linha livre | H62: 0 | I62: 0 | J62: 0 | K62: 0 | L62: 0 | M62: 0 | N62: 0 | O62: 0 | P62: 0 | Q62: 0 | R62: 0 | S62: =SUM(G62:R62) -> 0 | T62: =S62/$C$304 -> 0 | V62: Não se aplica
D63: 4.2.1.3. Benefícios a Funcionários | G63: =SUM(G64:G68) -> 550 | H63: =SUM(H64:H68) -> 550 | I63: =SUM(I64:I68) -> 550 | J63: =SUM(J64:J68) -> 550 | K63: =SUM(K64:K68) -> 550 | L63: =SUM(L64:L68) -> 550 | M63: =SUM(M64:M68) -> 550 | N63: =SUM(N64:N68) -> 550 | ... T63: =SUM(T64:T68) -> 550
D64: 1- Vale Transporte | G64: 550 | H64: 550 | I64: 550 | J64: 550 | K64: 550 | L64: 550 | M64: 550 | N64: 550 | O64: 550 | P64: 550 | Q64: 550 | R64: 550 | S64: =SUM(G64:R64) -> 6600 | T64: =S64/$C$304 -> 550 | V64: Transporte para 5 jovens aprendizes, conforme legislação
D65: 2- Uniformes | G65: 0 | H65: 0 | I65: 0 | J65: 0 | K65: 0 | L65: 0 | M65: 0 | N65: 0 | O65: 0 | P65: 0 | Q65: 0 | R65: 0 | S65: =SUM(G65:R65) -> 0 | T65: =S65/$C$304 -> 0 | V65: Não se aplica
D66: 3- Assistência Médica e Odontológica | G66: 0 | H66: 0 | I66: 0 | J66: 0 | K66: 0 | L66: 0 | M66: 0 | N66: 0 | O66: 0 | P66: 0 | Q66: 0 | R66: 0 | S66: =SUM(G66:R66) -> 0 | T66: =S66/$C$304 -> 0 | V66: Não se aplica
D67: 4- Cesta Básica/Refeição | G67: 0 | H67: 0 | I67: 0 | J67: 0 | K67: 0 | L67: 0 | M67: 0 | N67: 0 | O67: 0 | P67: 0 | Q67: 0 | R67: 0 | S67: =SUM(G67:R67) -> 0 | T67: =S67/$C$304 -> 0 | V67: Não se aplica
D68: 5-Seguro de vida | G68: 0 | H68: 0 | I68: 0 | J68: 0 | K68: 0 | L68: 0 | M68: 0 | N68: 0 | O68: 0 | P68: 0 | Q68: 0 | R68: 0 | S68: =SUM(G68:R68) -> 0 | T68: =S68/$C$304 -> 0 | V68: Não se aplica
D69: 4.2.1.4 (Serviços de Terceiros - PJ) | G69: =SUM(G70:G118) -> 187530.53 | H69: =SUM(H70:H118) -> 180793.84 | I69: =SUM(I70:I118) -> 186480.53 | J69: =SUM(J70:J118) -> 188265.5 | K69: =SUM(K70:K118) -> 185964.53 | L69: =SUM(L70:L118) -> 185723.5 | M69: =SUM(M70:M118) -> 189296.53 | N69: =SUM(N70:N118) -> 191661.53 | ... T69: =SUM(T70:T118) -> 188321.71
D70: 1 - Treinamento e Educação Permanente | G70: 1000 | H70: 1000 | I70: 1000 | J70: 1000 | K70: 1000 | L70: 1000 | M70: 1000 | N70: 1000 | O70: 1000 | P70: 1000 | Q70: 1000 | R70: 1000 | S70: =SUM(G70:R70) -> 12000 | T70: =S70/$C$304 -> 1000 | V70: neste item está inserido o IAM- treinamento jovem aprendiz
C71: 2- | D71: 2 - Internet | E71: 4- Assessoria Jurídica | G71: 3535 | H71: 3535 | I71: 3535 | J71: 3535 | K71: 3535 | L71: 3535 | M71: 3535 | N71: 3535 | O71: 3535 | P71: 3535 | Q71: 3535 | R71: 3535 | S71: =SUM(G71:R71) -> 42420 | T71: =S71/$C$304 -> 3535 | V71: WR NET - Serviços de 10MB de Internet. Aplicado reajuste do IGP-M (5,5%) em Janeiro, data base do contrato.
C72: 3- | D72: 3- Assessoria RH / Recrutamento e Seleção de Pessoal | E72: 4- Assessoria Jurídica | G72: 0 | H72: 0 | I72: 0 | J72: 0 | K72: 0 | L72: 0 | M72: 0 | N72: 0 | O72: 0 | P72: 0 | Q72: 0 | R72: 0 | S72: =SUM(G72:R72) -> 0 | T72: =S72/$C$304 -> 0 | V72: Não se aplica
C73: 4- | D73: 4- Dosimetria | E73: 5- Assessoria RH / Recrutamento e Seleção de Pessoal | G73: 560 | H73: 560 | I73: 560 | J73: 560 | K73: 560 | L73: 560 | M73: 595 | N73: 595 | O73: 595 | P73: 595 | Q73: 595 | R73: 595 | S73: =SUM(G73:R73) -> 6930 | T73: =S73/$C$304 -> 577.5 | V73: Pró Rad - Empresa presta serviço de envio e controle de dosimetria. Aplicado reajuste do IGP-M (5,5%) a partir de Julho, data base do contrato.
C74: 5- | D74: 5- Assessorias (desenvolvimento, implantação, suporte) | E74: 6- Assistência Técnica | G74: 0 | H74: 0 | I74: 0 | J74: 0 | K74: 0 | L74: 0 | M74: 0 | N74: 0 | O74: 0 | P74: 0 | Q74: 0 | R74: 0 | S74: =SUM(G74:R74) -> 0 | T74: =S74/$C$304 -> 0 | V74: Não se aplica
C75: 6- | D75: 6- Assinatura TV a cabo | E75: 7- Aluguéis residenciais funcionários | G75: 0 | H75: 0 | I75: 0 | J75: 0 | K75: 0 | L75: 0 | M75: 0 | N75: 0 | O75: 0 | P75: 0 | Q75: 0 | R75: 0 | S75: =SUM(G75:R75) -> 0 | T75: =S75/$C$304 -> 0 | V75: Não se aplica
C76: 7- | D76: 7- Licenças / atualização de software (mensalidades) | E76: 8- Assessorias (desenvolvimento, implantação, suporte) | G76: 1340 | H76: 1340 | I76: 1340 | J76: 1340 | K76: 1340 | L76: 1340 | M76: 1340 | N76: 1340 | O76: 1340 | P76: 1340 | Q76: 1340 | R76: 1340 | S76: =SUM(G76:R76) -> 16080 | T76: =S76/$C$304 -> 1340 | V76: Teiko - Empresa presta serviço de suporte ao banco de dados (servidor). Aplicado reajuste do IGP-M (5,5%) em janeiro.Dezembro, data base do contrato.
C77: 8- | D77: 8- Assessoria Qualidade/Acreditação | E77: 9- Assinatura TV a cabo | G77: 0 | H77: 0 | I77: 0 | J77: 0 | K77: 0 | L77: 0 | M77: 0 | N77: 0 | O77: 0 | P77: 0 | Q77: 0 | R77: 0 | S77: =SUM(G77:R77) -> 0 | T77: =S77/$C$304 -> 0 | V77: Não se aplica
C78: 9- | D78: 9-Coleta Especializada de Lixo | E78: 10- Licenças / atualização de software (mensalidades) | G78: 12500 | H78: 12500 | I78: 12500 | J78: 12500 | K78: 12500 | L78: 12500 | M78: 12500 | N78: 13200 | O78: 13200 | P78: 13200 | Q78: 13200 | R78: 13200 | S78: =SUM(G78:R78) -> 153500 | T78: =S78/$C$304 -> 12791.667 | V78: MODU Soluções Ambientais- Coleta dos Resíduos Hospitalares. Aplicado reajuste do IGP-M (5,5%) em Agosto, data base do contrato.Considerado valor médio 2016
C79: 10- | D79: 10- Dedetização | E79: 11- Assistência Técnica | G79: 754 | H79: 754 | I79: 754 | J79: 754 | K79: 754 | L79: 754 | M79: 796 | N79: 796 | O79: 796 | P79: 796 | Q79: 796 | R79: 796 | S79: =SUM(G79:R79) -> 9300 | T79: =S79/$C$304 -> 775 | V79: Floramax- manejo de pragas. Aplicado reajuste do IGP-M (5,5%) em julho, data base do contrato.
C80: 11- | D80: 11- Limpeza da caixa d´Agua | E80: 12- Exames Laboratoriais | G80: 1380 | H80: 0 | I80: 0 | J80: 0 | K80: 0 | L80: 0 | M80: 1500 | N80: 0 | O80: 0 | P80: 0 | Q80: 0 | R80: 0 | S80: =SUM(G80:R80) -> 2880 | T80: =S80/$C$304 -> 240 | V80: Floramax- limpeza caixas dágua em janeiro e julho. Aplicado reajuste do IGP-M (5,5%) em julho, data base do contrato
C81: 12- | D81: 12- Jardinagem e Poda de Árvores | E81: 13- Assessoria Qualidade/Acreditação | G81: 0 | H81: 0 | I81: 0 | J81: 0 | K81: 0 | L81: 0 | M81: 0 | N81: 0 | O81: 0 | P81: 0 | Q81: 0 | R81: 0 | S81: =SUM(G81:R81) -> 0 | T81: =S81/$C$304 -> 0 | V81: Não se aplica
C82: 13- | D82: 13- Pesquisa de Satisfação - URA | E82: 14- Coleta Especializada de Lixo | G82: 0 | H82: 0 | I82: 0 | J82: 0 | K82: 0 | L82: 0 | M82: 0 | N82: 0 | O82: 0 | P82: 0 | Q82: 0 | R82: 0 | S82: =SUM(G82:R82) -> 0 | T82: =S82/$C$304 -> 0 | V82: Não se aplica
... C85: 16- | D85: 16-Serviço de vigilancia e segurança | E85: 16- Limpeza da caixa d´Agua | G85: 23382 | H85: 23382 | I85: 23382 | J85: 23382 | K85: 23382 | L85: 23382 | M85: 24670 | N85: 24670 | O85: 24670 | P85: 24670 | Q85: 24670 | R85: 24670 | S85: =SUM(G85:R85) -> 288312 | T85: =S85/$C$304 -> 24026 | V85: Angelo da Guarda - Empresa presta serviço de porteiros e vigilantes e da central de monitoramento no valor de R$23381,96. Aplicado reajuste do IGP-M (5,5%) a partir de Julho, data base do contrato.
C86: 17- | D86: 17-Exames laboratoriais | G86: 23728.532 | H86: 19425.839 | I86: 23728.532 | J86: 21505.5 | K86: 23728.532 | L86: 21505.5 | M86: 23728.532 | N86: 23728.532 | O86: 21505.5 | P86: 23728.532 | Q86: 21505.5 | R86: 23728.532 | S86: =SUM(G86:R86) -> 271547.56 | T86: =S86/$C$304 -> 22628.963 | V86: Hindeburg Cruvinel (Hormonal): exames não realizados internamente. Lab Santa Teresinha: gasometrias (contingência), Núcleo Laboratório: laboratório contratado para realização dos exames laboratoriais internamente. Calculado pela média de 2016.
C87: 18- | D87: 18- Diversos (pequenos serviços/mão de obra) | G87: 5000 | H87: 5000 | I87: 5000 | J87: 5000 | K87: 5000 | L87: 5000 | M87: 5000 | N87: 5000 | O87: 5000 | P87: 5000 | Q87: 5000 | R87: 5000 | S87: =SUM(G87:R87) -> 60000 | T87: =S87/$C$304 -> 5000 | V87: Contratação eventual de pequenos serviços como: marcenaria, obras e reparos, central de ar comprimido, manutenção de equipamentos e predial em geral.
C88: 19- | D88: 20- Licenças / atualização de software (mensalidades) | G88: 8789 | H88: 8789 | I88: 8789 | J88: 8789 | K88: 8789 | L88: 8789 | M88: 8789 | N88: 8789 | O88: 9275 | P88: 9275 | Q88: 9275 | R88: 9275 | S88: =SUM(G88:R88) -> 107412 | T88: =S88/$C$304 -> 8951 | V88: Wheb Informatica Ltda- Philips, licença uso software Tazy. Aplicado reajuste do IGP-M (5,5%)em setembro, data base do contrato.
C89: 20- | D89: 21- Licenças / atualização de software (mensalidades) | G89: 1478 | H89: 1478 | I89: 1478 | J89: 1478 | K89: 1478 | L89: 1478 | M89: 1560 | N89: 1560 | O89: 1560 | P89: 1560 | Q89: 1560 | R89: 1560 | S89: =SUM(G89:R89) -> 18228 | T89: =S89/$C$304 -> 1519 | V89: Marcos Cabrera Chamblas- sistema Radar. Aplicado reajuste do IGP-M (5,5%)em julho, data base do contrato
C90: 21- | D90: 22- Licenças / atualização de software (mensalidades) | G90: 666 | H90: 666 | I90: 666 | J90: 666 | K90: 666 | L90: 666 | M90: 703 | N90: 703 | O90: 703 | P90: 703 | Q90: 703 | R90: 703 | S90: =SUM(G90:R90) -> 8214 | T90: =S90/$C$304 -> 684.5 | V90: Assecont: manutenção ponto eletronico. Aplicado reajuste do IGP-M (5,5%)em junho, data base do contrato.
C91: 22- | D91: 23- Licenças / atualização de software (mensalidades) | G91: 2674 | H91: 2820 | I91: 2820 | J91: 2820 | K91: 2820 | L91: 2820 | M91: 2820 | N91: 2820 | O91: 2820 | P91: 2820 | Q91: 2820 | R91: 2820 | S91: =SUM(G91:R91) -> 33694 | T91: =S91/$C$304 -> 2807.8333 | V91: BR GAAP CONTABILIDADE- sistema SIPEF.Aplicado reajuste do IGP-M (5,5%)em janeiro, data base do contrato.
C92: 23- | D92: 24- Controle de Qualidade | G92: 2380 | H92: 2380 | I92: 2380 | J92: 2380 | K92: 2380 | L92: 2512 | M92: 2512 | N92: 2512 | O92: 2512 | P92: 2512 | Q92: 2512 | R92: 2512 | S92: =SUM(G92:R92) -> 29484 | T92: =S92/$C$304 -> 2457 | V92: Microlab laboratório de microbiologia, controle qualidade da água. Aplicado reajuste do IGP-M (5,5%)em maio, data base do contrato. Calculado pela média de 2016.
C93: 24- | D93: 25- Licenças / atualização de software (mensalidades) | G93: 528 | H93: 528 | I93: 528 | J93: 528 | K93: 528 | L93: 528 | M93: 528 | N93: 528 | O93: 528 | P93: 528 | Q93: 528 | R93: 528 | S93: =SUM(G93:R93) -> 6336 | T93: =S93/$C$304 -> 528 | V93: Salux sistema de relatório de atividades. Aplicado reajuste do IGP-M (5,5%) em outubro/16, data base do contrato.
C94: 25- | D94: 26- Licenças / atualização de software (mensalidades) | G94: 1986 | H94: 1986 | I94: 2100 | J94: 2100 | K94: 2100 | L94: 2100 | M94: 2100 | N94: 2100 | O94: 2100 | P94: 2100 | Q94: 2100 | R94: 2100 | S94: =SUM(G94:R94) -> 24972 | T94: =S94/$C$304 -> 2081 | V94: Sisqual- empresa de pesquisa e desenvolvimento de sistemas de informação ltda. Aplicado reajuste do IGP-M (5,5%)em março, data base do contrato
C95: 26- | D95: 27- Licenças / atualização de software (mensalidades) | G95: 12327 | H95: 12327 | I95: 12327 | J95: 13005 | K95: 13005 | L95: 13005 | M95: 13005 | N95: 13005 | O95: 13005 | P95: 13005 | Q95: 13005 | R95: 13005 | S95: =SUM(G95:R95) -> 154026 | T95: =S95/$C$304 -> 12835.5 | V95: Planisa: sistema de custos implantado pela SES. Aplicado reajuste do IGP-M (5,5%)em abril, data base do contrato
C96: 27- | D96: 28- Licenças / atualização de software (mensalidades) | G96: 3931 | H96: 3931 | I96: 3931 | J96: 3931 | K96: 3931 | L96: 3931 | M96: 4147 | N96: 4147 | O96: 4147 | P96: 4147 | Q96: 4147 | R96: 4147 | S96: =SUM(G96:R96) -> 48468 | T96: =S96/$C$304 -> 4039 | V96: Interact. Aplicado reajuste do IGP-M (5,5%)em julho, data base do contrato
C97: 28- | D97: 29- Exames medicina do trabalho | G97: 12620 | H97: 12620 | I97: 12620 | J97: 12620 | K97: 12620 | L97: 12620 | M97: 12620 | N97: 12620 | O97: 12620 | P97: 12620 | Q97: 12620 | R97: 12620 | S97: =SUM(G97:R97) -> 151440 | T97: =S97/$C$304 -> 12620 | V97: Exames da medicina do trabalho; audiometria, espirometria, ECG e EEG. Calculado pela média de 2016.
... C102: 33- | D102: 34- Locaweb | G102: 370 | H102: 370 | I102: 370 | J102: 370 | K102: 370 | L102: 370 | M102: 370 | N102: 370 | O102: 370 | P102: 370 | Q102: 370 | R102: 370 | S102: =SUM(G102:R102) -> 4440 | T102: =S102/$C$304 -> 370 | V102: Serviços de e-mail Hursoprosaude. Aplicado reajuste do IGP-M (5,5%)em janeiro.
C103: 34- | G103: 0 | H103: 0 | I103: 0 | J103: 0 | K103: 0 | L103: 0 | M103: 0 | N103: 0 | O103: 0 | P103: 0 | Q103: 0 | R103: 0 | S103: =SUM(G103:R103) -> 0 | T103: =S103/$C$304 -> 0
C104: 35- | G104: 0 | H104: 0 | I104: 0 | J104: 0 | K104: 0 | L104: 0 | M104: 0 | N104: 0 | O104: 0 | P104: 0 | Q104: 0 | R104: 0 | S104: =SUM(G104:R104) -> 0 | T104: =S104/$C$304 -> 0
C105: 36- | G105: 0 | H105: 0 | I105: 0 | J105: 0 | K105: 0 | L105: 0 | M105: 0 | N105: 0 | O105: 0 | P105: 0 | Q105: 0 | R105: 0 | S105: =SUM(G105:R105) -> 0 | T105: =S105/$C$304 -> 0
C106: 37- | G106: 0 | H106: 0 | I106: 0 | J106: 0 | K106: 0 | L106: 0 | M106: 0 | N106: 0 | O106: 0 | P106: 0 | Q106: 0 | R106: 0 | S106: =SUM(G106:R106) -> 0 | T106: =S106/$C$304 -> 0
C107: 38- | G107: 0 | H107: 0 | I107: 0 | J107: 0 | K107: 0 | L107: 0 | M107: 0 | N107: 0 | O107: 0 | P107: 0 | Q107: 0 | R107: 0 | S107: =SUM(G107:R107) -> 0 | T107: =S107/$C$304 -> 0
C108: 39- | G108: 0 | H108: 0 | I108: 0 | J108: 0 | K108: 0 | L108: 0 | M108: 0 | N108: 0 | O108: 0 | P108: 0 | Q108: 0 | R108: 0 | S108: =SUM(G108:R108) -> 0 | T108: =S108/$C$304 -> 0
...

Sheet Orçado x Realizado 
A1: ACOMPANHAMENTO ORÇAMENTÁRIO - 2017 | F1: ='Receita-Despesa'!A3 -> Dependência: HOSPITAL DE URGENCIA DA REGIÃO SUDOESTE- HURSO
A2: Pró-Saúde - A.B.A.S.H. | F2: ='Atividade Assistencial'!A4 -> Diretor: REGINALDO COSTA BIFFE
F3: ='Atividade Assistencial'!A5 -> Cidade: SANTA HELENA DE GOIÁS
F4: ='Atividade Assistencial'!A6 -> UF: GO
A6: ='Receita-Despesa'!A9 -> 4. ATIVIDADES ECONÔMICAS | F6: Janeiro | J6: Fevereiro | N6: Março | R6: Abril | V6: Maio | Z6: Junho | AD6: Julho | AH6: Agosto | AL6: Setembro | AP6: Outubro | AT6: Novembro | AX6: Dezembro | BB6: ACUMULADO ANO 2017
B7: ='Receita-Despesa'!B10 -> 4.1. RECEITAS | F7: Orçado | G7: Realizado | H7: Diferença | I7: % | J7: Orçado | K7: Realizado | L7: Diferença | M7: % | N7: Orçado | O7: Realizado | P7: Diferença | Q7: % | R7: Orçado | S7: Realizado | T7: Diferença | U7: % | V7: Orçado | W7: Realizado | X7: Diferença | Y7: % | Z7: Orçado | AA7: Realizado | AB7: Diferença | AC7: % | AD7: Orçado | AE7: Realizado | AF7: Diferença | AG7: % | AH7: Orçado | AI7: Realizado | AJ7: Diferença | AK7: % | AL7: Orçado | AM7: Realizado | AN7: Diferença | AO7: % | AP7: Orçado | AQ7: Realizado | AR7: Diferença | AS7: % | AT7: Orçado | AU7: Realizado | AV7: Diferença | AW7: % | AX7: Orçado | AY7: Realizado | AZ7: Diferença | BA7: % | BB7: Orçado | BC7: Realizado | BD7: Diferença | BE7: %
C8: ='Receita-Despesa'!C11 -> 4.1.1. RECEITAS OPERACIONAIS
D9: ='Receita-Despesa'!D12 -> 4.1.1.1. Diárias e Taxas | F9: ='Receita-Despesa'!G12 -> 0 | H9: =G9-F9 -> 0 | I9: =G9/F9-1 -> #DIV/0! | J9: ='Receita-Despesa'!H12 -> 0 | L9: =K9-J9 -> 0 | M9: =K9/J9-1 -> #DIV/0! | N9: ='Receita-Despesa'!I12 -> 0 | P9: =O9-N9 -> 0 | Q9: =O9/N9-1 -> #DIV/0! | R9: ='Receita-Despesa'!J12 -> 0 | T9: =S9-R9 -> 0 | U9: =S9/R9-1 -> #DIV/0! | V9: ='Receita-Despesa'!K12 -> 0 | X9: =W9-V9 -> 0 | Y9: =W9/V9-1 -> #DIV/0! | Z9: ='Receita-Despesa'!L12 -> 0 | AB9: =AA9-Z9 -> 0 | AC9: =AA9/Z9-1 -> #DIV/0! | AD9: ='Receita-Despesa'!M12 -> 0 | AF9: =AE9-AD9 -> 0 | AG9: =AE9/AD9-1 -> #DIV/0! | AH9: ='Receita-Despesa'!N12 -> 0 | AJ9: =AI9-AH9 -> 0 | AK9: =AI9/AH9-1 -> #DIV/0! | AL9: ='Receita-Despesa'!O12 -> 0 | AN9: =AM9-AL9 -> 0 | AO9: =AM9/AL9-1 -> #DIV/0! | AP9: ='Receita-Despesa'!P12 -> 0 | AR9: =AQ9-AP9 -> 0 | AS9: =AQ9/AP9-1 -> #DIV/0! | AT9: ='Receita-Despesa'!Q12 -> 0 | AV9: =AU9-AT9 -> 0 | AW9: =AU9/AT9-1 -> #DIV/0! | AX9: ='Receita-Despesa'!R12 -> 0 | AZ9: =AY9-AX9 -> 0 | BA9: =AY9/AX9-1 -> #DIV/0! | BB9: =F9+J9+N9+R9+V9+Z9+AD9+AH9+AL9+AP9+AT9+AX9 -> 0 | BC9: =G9+K9+O9+S9+W9+AA9+AE9+AI9+AM9+AQ9+AU9+AY9 -> 0 | BD9: =BC9-BB9 -> 0 | BE9: =BC9/BB9-1 -> #DIV/0!
D10: ='Receita-Despesa'!D13 -> 4.1.1.2. S.A.D.T. | F10: ='Receita-Despesa'!G13 -> 0 | H10: =G10-F10 -> 0 | I10: =G10/F10-1 -> #DIV/0! | J10: ='Receita-Despesa'!H13 -> 0 | L10: =K10-J10 -> 0 | M10: =K10/J10-1 -> #DIV/0! | N10: ='Receita-Despesa'!I13 -> 0 | P10: =O10-N10 -> 0 | Q10: =O10/N10-1 -> #DIV/0! | R10: ='Receita-Despesa'!J13 -> 0 | T10: =S10-R10 -> 0 | U10: =S10/R10-1 -> #DIV/0! | V10: ='Receita-Despesa'!K13 -> 0 | X10: =W10-V10 -> 0 | Y10: =W10/V10-1 -> #DIV/0! | Z10: ='Receita-Despesa'!L13 -> 0 | AB10: =AA10-Z10 -> 0 | AC10: =AA10/Z10-1 -> #DIV/0! | AD10: ='Receita-Despesa'!M13 -> 0 | AF10: =AE10-AD10 -> 0 | AG10: =AE10/AD10-1 -> #DIV/0! | AH10: ='Receita-Despesa'!N13 -> 0 | AJ10: =AI10-AH10 -> 0 | AK10: =AI10/AH10-1 -> #DIV/0! | AL10: ='Receita-Despesa'!O13 -> 0 | AN10: =AM10-AL10 -> 0 | AO10: =AM10/AL10-1 -> #DIV/0! | AP10: ='Receita-Despesa'!P13 -> 0 | AR10: =AQ10-AP10 -> 0 | AS10: =AQ10/AP10-1 -> #DIV/0! | AT10: ='Receita-Despesa'!Q13 -> 0 | AV10: =AU10-AT10 -> 0 | AW10: =AU10/AT10-1 -> #DIV/0! | AX10: ='Receita-Despesa'!R13 -> 0 | AZ10: =AY10-AX10 -> 0 | BA10: =AY10/AX10-1 -> #DIV/0! | BB10: =F10+J10+N10+R10+V10+Z10+AD10+AH10+AL10+AP10+AT10+AX10 -> 0 | BC10: =G10+K10+O10+S10+W10+AA10+AE10+AI10+AM10+AQ10+AU10+AY10 -> 0 | BD10: =BC10-BB10 -> 0 | BE10: =BC10/BB10-1 -> #DIV/0!
D11: ='Receita-Despesa'!D14 -> 4.1.1.3. Mat. Med. | F11: ='Receita-Despesa'!G14 -> 0 | H11: =G11-F11 -> 0 | I11: =G11/F11-1 -> #DIV/0! | J11: ='Receita-Despesa'!H14 -> 0 | L11: =K11-J11 -> 0 | M11: =K11/J11-1 -> #DIV/0! | N11: ='Receita-Despesa'!I14 -> 0 | P11: =O11-N11 -> 0 | Q11: =O11/N11-1 -> #DIV/0! | R11: ='Receita-Despesa'!J14 -> 0 | T11: =S11-R11 -> 0 | U11: =S11/R11-1 -> #DIV/0! | V11: ='Receita-Despesa'!K14 -> 0 | X11: =W11-V11 -> 0 | Y11: =W11/V11-1 -> #DIV/0! | Z11: ='Receita-Despesa'!L14 -> 0 | AB11: =AA11-Z11 -> 0 | AC11: =AA11/Z11-1 -> #DIV/0! | AD11: ='Receita-Despesa'!M14 -> 0 | AF11: =AE11-AD11 -> 0 | AG11: =AE11/AD11-1 -> #DIV/0! | AH11: ='Receita-Despesa'!N14 -> 0 | AJ11: =AI11-AH11 -> 0 | AK11: =AI11/AH11-1 -> #DIV/0! | AL11: ='Receita-Despesa'!O14 -> 0 | AN11: =AM11-AL11 -> 0 | AO11: =AM11/AL11-1 -> #DIV/0! | AP11: ='Receita-Despesa'!P14 -> 0 | AR11: =AQ11-AP11 -> 0 | AS11: =AQ11/AP11-1 -> #DIV/0! | AT11: ='Receita-Despesa'!Q14 -> 0 | AV11: =AU11-AT11 -> 0 | AW11: =AU11/AT11-1 -> #DIV/0! | AX11: ='Receita-Despesa'!R14 -> 0 | AZ11: =AY11-AX11 -> 0 | BA11: =AY11/AX11-1 -> #DIV/0! | BB11: =F11+J11+N11+R11+V11+Z11+AD11+AH11+AL11+AP11+AT11+AX11 -> 0 | BC11: =G11+K11+O11+S11+W11+AA11+AE11+AI11+AM11+AQ11+AU11+AY11 -> 0 | BD11: =BC11-BB11 -> 0 | BE11: =BC11/BB11-1 -> #DIV/0!
D12: ='Receita-Despesa'!D15 -> 4.1.1.4. Gases Medicinais | F12: ='Receita-Despesa'!G15 -> 0 | H12: =G12-F12 -> 0 | I12: =G12/F12-1 -> #DIV/0! | J12: ='Receita-Despesa'!H15 -> 0 | L12: =K12-J12 -> 0 | M12: =K12/J12-1 -> #DIV/0! | N12: ='Receita-Despesa'!I15 -> 0 | P12: =O12-N12 -> 0 | Q12: =O12/N12-1 -> #DIV/0! | R12: ='Receita-Despesa'!J15 -> 0 | T12: =S12-R12 -> 0 | U12: =S12/R12-1 -> #DIV/0! | V12: ='Receita-Despesa'!K15 -> 0 | X12: =W12-V12 -> 0 | Y12: =W12/V12-1 -> #DIV/0! | Z12: ='Receita-Despesa'!L15 -> 0 | AB12: =AA12-Z12 -> 0 | AC12: =AA12/Z12-1 -> #DIV/0! | AD12: ='Receita-Despesa'!M15 -> 0 | AF12: =AE12-AD12 -> 0 | AG12: =AE12/AD12-1 -> #DIV/0! | AH12: ='Receita-Despesa'!N15 -> 0 | AJ12: =AI12-AH12 -> 0 | AK12: =AI12/AH12-1 -> #DIV/0! | AL12: ='Receita-Despesa'!O15 -> 0 | AN12: =AM12-AL12 -> 0 | AO12: =AM12/AL12-1 -> #DIV/0! | AP12: ='Receita-Despesa'!P15 -> 0 | AR12: =AQ12-AP12 -> 0 | AS12: =AQ12/AP12-1 -> #DIV/0! | AT12: ='Receita-Despesa'!Q15 -> 0 | AV12: =AU12-AT12 -> 0 | AW12: =AU12/AT12-1 -> #DIV/0! | AX12: ='Receita-Despesa'!R15 -> 0 | AZ12: =AY12-AX12 -> 0 | BA12: =AY12/AX12-1 -> #DIV/0! | BB12: =F12+J12+N12+R12+V12+Z12+AD12+AH12+AL12+AP12+AT12+AX12 -> 0 | BC12: =G12+K12+O12+S12+W12+AA12+AE12+AI12+AM12+AQ12+AU12+AY12 -> 0 | BD12: =BC12-BB12 -> 0 | BE12: =BC12/BB12-1 -> #DIV/0!
D13: ='Receita-Despesa'!D16 -> 4.1.1.5. Honorários | F13: ='Receita-Despesa'!G16 -> 0 | H13: =G13-F13 -> 0 | I13: =G13/F13-1 -> #DIV/0! | J13: ='Receita-Despesa'!H16 -> 0 | L13: =K13-J13 -> 0 | M13: =K13/J13-1 -> #DIV/0! | N13: ='Receita-Despesa'!I16 -> 0 | P13: =O13-N13 -> 0 | Q13: =O13/N13-1 -> #DIV/0! | R13: ='Receita-Despesa'!J16 -> 0 | T13: =S13-R13 -> 0 | U13: =S13/R13-1 -> #DIV/0! | V13: ='Receita-Despesa'!K16 -> 0 | X13: =W13-V13 -> 0 | Y13: =W13/V13-1 -> #DIV/0! | Z13: ='Receita-Despesa'!L16 -> 0 | AB13: =AA13-Z13 -> 0 | AC13: =AA13/Z13-1 -> #DIV/0! | AD13: ='Receita-Despesa'!M16 -> 0 | AF13: =AE13-AD13 -> 0 | AG13: =AE13/AD13-1 -> #DIV/0! | AH13: ='Receita-Despesa'!N16 -> 0 | AJ13: =AI13-AH13 -> 0 | AK13: =AI13/AH13-1 -> #DIV/0! | AL13: ='Receita-Despesa'!O16 -> 0 | AN13: =AM13-AL13 -> 0 | AO13: =AM13/AL13-1 -> #DIV/0! | AP13: ='Receita-Despesa'!P16 -> 0 | AR13: =AQ13-AP13 -> 0 | AS13: =AQ13/AP13-1 -> #DIV/0! | AT13: ='Receita-Despesa'!Q16 -> 0 | AV13: =AU13-AT13 -> 0 | AW13: =AU13/AT13-1 -> #DIV/0! | AX13: ='Receita-Despesa'!R16 -> 0 | AZ13: =AY13-AX13 -> 0 | BA13: =AY13/AX13-1 -> #DIV/0! | BB13: =F13+J13+N13+R13+V13+Z13+AD13+AH13+AL13+AP13+AT13+AX13 -> 0 | BC13: =G13+K13+O13+S13+W13+AA13+AE13+AI13+AM13+AQ13+AU13+AY13 -> 0 | BD13: =BC13-BB13 -> 0 | BE13: =BC13/BB13-1 -> #DIV/0!
D14: ='Receita-Despesa'!D17 -> 4.1.1.6. linha livre | F14: ='Receita-Despesa'!G19 -> 3026767.7 | H14: =G14-F14 -> -3026767.7 | I14: =G14/F14-1 -> -1 | J14: ='Receita-Despesa'!H17 -> 0 | L14: =K14-J14 -> 0 | M14: =K14/J14-1 -> #DIV/0! | N14: ='Receita-Despesa'!I17 -> 0 | P14: =O14-N14 -> 0 | Q14: =O14/N14-1 -> #DIV/0! | R14: ='Receita-Despesa'!J17 -> 0 | T14: =S14-R14 -> 0 | U14: =S14/R14-1 -> #DIV/0! | V14: ='Receita-Despesa'!K17 -> 0 | X14: =W14-V14 -> 0 | Y14: =W14/V14-1 -> #DIV/0! | Z14: ='Receita-Despesa'!L17 -> 0 | AB14: =AA14-Z14 -> 0 | AC14: =AA14/Z14-1 -> #DIV/0! | AD14: ='Receita-Despesa'!M17 -> 0 | AF14: =AE14-AD14 -> 0 | AG14: =AE14/AD14-1 -> #DIV/0! | AH14: ='Receita-Despesa'!N17 -> 0 | AJ14: =AI14-AH14 -> 0 | AK14: =AI14/AH14-1 -> #DIV/0! | AL14: ='Receita-Despesa'!O17 -> 0 | AN14: =AM14-AL14 -> 0 | AO14: =AM14/AL14-1 -> #DIV/0! | AP14: ='Receita-Despesa'!P17 -> 0 | AR14: =AQ14-AP14 -> 0 | AS14: =AQ14/AP14-1 -> #DIV/0! | AT14: ='Receita-Despesa'!Q17 -> 0 | AV14: =AU14-AT14 -> 0 | AW14: =AU14/AT14-1 -> #DIV/0! | AX14: ='Receita-Despesa'!R17 -> 0 | AZ14: =AY14-AX14 -> 0 | BA14: =AY14/AX14-1 -> #DIV/0! | BB14: =F14+J14+N14+R14+V14+Z14+AD14+AH14+AL14+AP14+AT14+AX14 -> 3026767.7 | BC14: =G14+K14+O14+S14+W14+AA14+AE14+AI14+AM14+AQ14+AU14+AY14 -> 0 | BD14: =BC14-BB14 -> -3026767.7 | BE14: =BC14/BB14-1 -> -1
D15: ='Receita-Despesa'!D18 -> 4.1.1.7. linha livre | F15: ='Receita-Despesa'!G18 -> 0 | H15: =G15-F15 -> 0 | I15: =G15/F15-1 -> #DIV/0! | J15: ='Receita-Despesa'!H18 -> 0 | L15: =K15-J15 -> 0 | M15: =K15/J15-1 -> #DIV/0! | N15: ='Receita-Despesa'!I18 -> 0 | P15: =O15-N15 -> 0 | Q15: =O15/N15-1 -> #DIV/0! | R15: ='Receita-Despesa'!J18 -> 0 | T15: =S15-R15 -> 0 | U15: =S15/R15-1 -> #DIV/0! | V15: ='Receita-Despesa'!K18 -> 0 | X15: =W15-V15 -> 0 | Y15: =W15/V15-1 -> #DIV/0! | Z15: ='Receita-Despesa'!L18 -> 0 | AB15: =AA15-Z15 -> 0 | AC15: =AA15/Z15-1 -> #DIV/0! | AD15: ='Receita-Despesa'!M18 -> 0 | AF15: =AE15-AD15 -> 0 | AG15: =AE15/AD15-1 -> #DIV/0! | AH15: ='Receita-Despesa'!N18 -> 0 | AJ15: =AI15-AH15 -> 0 | AK15: =AI15/AH15-1 -> #DIV/0! | AL15: ='Receita-Despesa'!O18 -> 0 | AN15: =AM15-AL15 -> 0 | AO15: =AM15/AL15-1 -> #DIV/0! | AP15: ='Receita-Despesa'!P18 -> 0 | AR15: =AQ15-AP15 -> 0 | AS15: =AQ15/AP15-1 -> #DIV/0! | AT15: ='Receita-Despesa'!Q18 -> 0 | AV15: =AU15-AT15 -> 0 | AW15: =AU15/AT15-1 -> #DIV/0! | AX15: ='Receita-Despesa'!R18 -> 0 | AZ15: =AY15-AX15 -> 0 | BA15: =AY15/AX15-1 -> #DIV/0! | BB15: =F15+J15+N15+R15+V15+Z15+AD15+AH15+AL15+AP15+AT15+AX15 -> 0 | BC15: =G15+K15+O15+S15+W15+AA15+AE15+AI15+AM15+AQ15+AU15+AY15 -> 0 | BD15: =BC15-BB15 -> 0 | BE15: =BC15/BB15-1 -> #DIV/0!
D16: ='Receita-Despesa'!D19 -> 4.1.1.8. Outras | F16: ='Receita-Despesa'!G19 -> 3026767.7 | H16: =G16-F16 -> -3026767.7 | I16: =G16/F16-1 -> -1 | J16: ='Receita-Despesa'!H19 -> 3026767.7 | L16: =K16-J16 -> -3026767.7 | M16: =K16/J16-1 -> -1 | N16: ='Receita-Despesa'!I19 -> 3026767.7 | P16: =O16-N16 -> -3026767.7 | Q16: =O16/N16-1 -> -1 | R16: ='Receita-Despesa'!J19 -> 3026767.7 | T16: =S16-R16 -> -3026767.7 | U16: =S16/R16-1 -> -1 | V16: ='Receita-Despesa'!K19 -> 3026767.7 | X16: =W16-V16 -> -3026767.7 | Y16: =W16/V16-1 -> -1 | Z16: ='Receita-Despesa'!L19 -> 3026767.7 | AB16: =AA16-Z16 -> -3026767.7 | AC16: =AA16/Z16-1 -> -1 | AD16: ='Receita-Despesa'!M19 -> 3026767.7 | AF16: =AE16-AD16 -> -3026767.7 | AG16: =AE16/AD16-1 -> -1 | AH16: ='Receita-Despesa'!N19 -> 3026767.7 | AJ16: =AI16-AH16 -> -3026767.7 | AK16: =AI16/AH16-1 -> -1 | AL16: ='Receita-Despesa'!O19 -> 3026767.7 | AN16: =AM16-AL16 -> -3026767.7 | AO16: =AM16/AL16-1 -> -1 | AP16: ='Receita-Despesa'!P19 -> 3026767.7 | AR16: =AQ16-AP16 -> -3026767.7 | AS16: =AQ16/AP16-1 -> -1 | AT16: ='Receita-Despesa'!Q19 -> 3026767.7 | AV16: =AU16-AT16 -> -3026767.7 | AW16: =AU16/AT16-1 -> -1 | AX16: ='Receita-Despesa'!R19 -> 3026767.7 | AZ16: =AY16-AX16 -> -3026767.7 | BA16: =AY16/AX16-1 -> -1 | BB16: =F16+J16+N16+R16+V16+Z16+AD16+AH16+AL16+AP16+AT16+AX16 -> 36321213 | BC16: =G16+K16+O16+S16+W16+AA16+AE16+AI16+AM16+AQ16+AU16+AY16 -> 0 | BD16: =BC16-BB16 -> -36321213 | BE16: =BC16/BB16-1 -> -1
D17: ='Receita-Despesa'!D20 -> Sub-Total de Receitas Operacionais. ( 1 ) | F17: =SUM(F9:F16) -> 6053535.5 | G17: =SUM(G9:G16) -> 0 | H17: =G17-F17 -> -6053535.5 | I17: =G17/F17-1 -> -1 | J17: =SUM(J9:J16) -> 3026767.7 | K17: =SUM(K9:K16) -> 0 | L17: =K17-J17 -> -3026767.7 | M17: =K17/J17-1 -> -1 | N17: =SUM(N9:N16) -> 3026767.7 | O17: =SUM(O9:O16) -> 0 | P17: =O17-N17 -> -3026767.7 | Q17: =O17/N17-1 -> -1 | R17: =SUM(R9:R16) -> 3026767.7 | S17: =SUM(S9:S16) -> 0 | T17: =S17-R17 -> -3026767.7 | U17: =S17/R17-1 -> -1 | V17: =SUM(V9:V16) -> 3026767.7 | W17: =SUM(W9:W16) -> 0 | X17: =W17-V17 -> -3026767.7 | Y17: =W17/V17-1 -> -1 | Z17: =SUM(Z9:Z16) -> 3026767.7 | AA17: =SUM(AA9:AA16) -> 0 | AB17: =AA17-Z17 -> -3026767.7 | AC17: =AA17/Z17-1 -> -1 | AD17: =SUM(AD9:AD16) -> 3026767.7 | AE17: =SUM(AE9:AE16) -> 0 | AF17: =AE17-AD17 -> -3026767.7 | AG17: =AE17/AD17-1 -> -1 | AH17: =SUM(AH9:AH16) -> 3026767.7 | AI17: =SUM(AI9:AI16) -> 0 | AJ17: =AI17-AH17 -> -3026767.7 | AK17: =AI17/AH17-1 -> -1 | AL17: =SUM(AL9:AL16) -> 3026767.7 | AM17: =SUM(AM9:AM16) -> 0 | AN17: =AM17-AL17 -> -3026767.7 | AO17: =AM17/AL17-1 -> -1 | AP17: =SUM(AP9:AP16) -> 3026767.7 | AQ17: =SUM(AQ9:AQ16) -> 0 | AR17: =AQ17-AP17 -> -3026767.7 | AS17: =AQ17/AP17-1 -> -1 | AT17: =SUM(AT9:AT16) -> 3026767.7 | AU17: =SUM(AU9:AU16) -> 0 | AV17: =AU17-AT17 -> -3026767.7 | AW17: =AU17/AT17-1 -> -1 | AX17: =SUM(AX9:AX16) -> 3026767.7 | AY17: =SUM(AY9:AY16) -> 0 | AZ17: =AY17-AX17 -> -3026767.7 | BA17: =AY17/AX17-1 -> -1 | BB17: =F17+J17+N17+R17+V17+Z17+AD17+AH17+AL17+AP17+AT17+AX17 -> 39347980 | BC17: =G17+K17+O17+S17+W17+AA17+AE17+AI17+AM17+AQ17+AU17+AY17 -> 0 | BD17: =BC17-BB17 -> -39347980 | BE17: =BC17/BB17-1 -> -1
D18: ='Receita-Despesa'!D21 -> 4.1.1.7. DEDUÇÕES DAS REC. OPERACIONAIS
D19: ='Receita-Despesa'!D22 -> 4.1.1.7.1. Glosas | F19: ='Receita-Despesa'!G22 -> 0 | H19: =G19-F19 -> 0 | I19: =G19/F19-1 -> #DIV/0! | J19: ='Receita-Despesa'!H22 -> 0 | L19: =K19-J19 -> 0 | M19: =K19/J19-1 -> #DIV/0! | N19: ='Receita-Despesa'!I22 -> 0 | P19: =O19-N19 -> 0 | Q19: =O19/N19-1 -> #DIV/0! | R19: ='Receita-Despesa'!J22 -> 0 | T19: =S19-R19 -> 0 | U19: =S19/R19-1 -> #DIV/0! | V19: ='Receita-Despesa'!K22 -> 0 | X19: =W19-V19 -> 0 | Y19: =W19/V19-1 -> #DIV/0! | Z19: ='Receita-Despesa'!L22 -> 0 | AB19: =AA19-Z19 -> 0 | AC19: =AA19/Z19-1 -> #DIV/0! | AD19: ='Receita-Despesa'!M22 -> 0 | AF19: =AE19-AD19 -> 0 | AG19: =AE19/AD19-1 -> #DIV/0! | AH19: ='Receita-Despesa'!N22 -> 0 | AJ19: =AI19-AH19 -> 0 | AK19: =AI19/AH19-1 -> #DIV/0! | AL19: ='Receita-Despesa'!O22 -> 0 | AN19: =AM19-AL19 -> 0 | AO19: =AM19/AL19-1 -> #DIV/0! | AP19: ='Receita-Despesa'!P22 -> 0 | AR19: =AQ19-AP19 -> 0 | AS19: =AQ19/AP19-1 -> #DIV/0! | AT19: ='Receita-Despesa'!Q22 -> 0 | AV19: =AU19-AT19 -> 0 | AW19: =AU19/AT19-1 -> #DIV/0! | AX19: ='Receita-Despesa'!R22 -> 0 | AZ19: =AY19-AX19 -> 0 | BA19: =AY19/AX19-1 -> #DIV/0! | BB19: =F19+J19+N19+R19+V19+Z19+AD19+AH19+AL19+AP19+AT19+AX19 -> 0 | BC19: =G19+K19+O19+S19+W19+AA19+AE19+AI19+AM19+AQ19+AU19+AY19 -> 0 | BD19: =BC19-BB19 -> 0 | BE19: =BC19/BB19-1 -> #DIV/0!
D20: ='Receita-Despesa'!D23 -> 4.1.1.7.2. Descontos concedidos | F20: ='Receita-Despesa'!G23 -> 0 | H20: =G20-F20 -> 0 | I20: =G20/F20-1 -> #DIV/0! | J20: ='Receita-Despesa'!H23 -> 0 | L20: =K20-J20 -> 0 | M20: =K20/J20-1 -> #DIV/0! | N20: ='Receita-Despesa'!I23 -> 0 | P20: =O20-N20 -> 0 | Q20: =O20/N20-1 -> #DIV/0! | R20: ='Receita-Despesa'!J23 -> 0 | T20: =S20-R20 -> 0 | U20: =S20/R20-1 -> #DIV/0! | V20: ='Receita-Despesa'!K23 -> 0 | X20: =W20-V20 -> 0 | Y20: =W20/V20-1 -> #DIV/0! | Z20: ='Receita-Despesa'!L23 -> 0 | AB20: =AA20-Z20 -> 0 | AC20: =AA20/Z20-1 -> #DIV/0! | AD20: ='Receita-Despesa'!M23 -> 0 | AF20: =AE20-AD20 -> 0 | AG20: =AE20/AD20-1 -> #DIV/0! | AH20: ='Receita-Despesa'!N23 -> 0 | AJ20: =AI20-AH20 -> 0 | AK20: =AI20/AH20-1 -> #DIV/0! | AL20: ='Receita-Despesa'!O23 -> 0 | AN20: =AM20-AL20 -> 0 | AO20: =AM20/AL20-1 -> #DIV/0! | AP20: ='Receita-Despesa'!P23 -> 0 | AR20: =AQ20-AP20 -> 0 | AS20: =AQ20/AP20-1 -> #DIV/0! | AT20: ='Receita-Despesa'!Q23 -> 0 | AV20: =AU20-AT20 -> 0 | AW20: =AU20/AT20-1 -> #DIV/0! | AX20: ='Receita-Despesa'!R23 -> 0 | AZ20: =AY20-AX20 -> 0 | BA20: =AY20/AX20-1 -> #DIV/0! | BB20: =F20+J20+N20+R20+V20+Z20+AD20+AH20+AL20+AP20+AT20+AX20 -> 0 | BC20: =G20+K20+O20+S20+W20+AA20+AE20+AI20+AM20+AQ20+AU20+AY20 -> 0 | BD20: =BC20-BB20 -> 0 | BE20: =BC20/BB20-1 -> #DIV/0!
D21: ='Receita-Despesa'!D24 -> 4.1.1.7.3. linha livre | F21: ='Receita-Despesa'!G24 -> 0 | H21: =G21-F21 -> 0 | I21: =G21/F21-1 -> #DIV/0! | J21: ='Receita-Despesa'!H24 -> 0 | L21: =K21-J21 -> 0 | M21: =K21/J21-1 -> #DIV/0! | N21: ='Receita-Despesa'!I24 -> 0 | P21: =O21-N21 -> 0 | Q21: =O21/N21-1 -> #DIV/0! | R21: ='Receita-Despesa'!J24 -> 0 | T21: =S21-R21 -> 0 | U21: =S21/R21-1 -> #DIV/0! | V21: ='Receita-Despesa'!K24 -> 0 | X21: =W21-V21 -> 0 | Y21: =W21/V21-1 -> #DIV/0! | Z21: ='Receita-Despesa'!L24 -> 0 | AB21: =AA21-Z21 -> 0 | AC21: =AA21/Z21-1 -> #DIV/0! | AD21: ='Receita-Despesa'!M24 -> 0 | AF21: =AE21-AD21 -> 0 | AG21: =AE21/AD21-1 -> #DIV/0! | AH21: ='Receita-Despesa'!N24 -> 0 | AJ21: =AI21-AH21 -> 0 | AK21: =AI21/AH21-1 -> #DIV/0! | AL21: ='Receita-Despesa'!O24 -> 0 | AN21: =AM21-AL21 -> 0 | AO21: =AM21/AL21-1 -> #DIV/0! | AP21: ='Receita-Despesa'!P24 -> 0 | AR21: =AQ21-AP21 -> 0 | AS21: =AQ21/AP21-1 -> #DIV/0! | AT21: ='Receita-Despesa'!Q24 -> 0 | AV21: =AU21-AT21 -> 0 | AW21: =AU21/AT21-1 -> #DIV/0! | AX21: ='Receita-Despesa'!R24 -> 0 | AZ21: =AY21-AX21 -> 0 | BA21: =AY21/AX21-1 -> #DIV/0! | BB21: =F21+J21+N21+R21+V21+Z21+AD21+AH21+AL21+AP21+AT21+AX21 -> 0 | BC21: =G21+K21+O21+S21+W21+AA21+AE21+AI21+AM21+AQ21+AU21+AY21 -> 0 | BD21: =BC21-BB21 -> 0 | BE21: =BC21/BB21-1 -> #DIV/0!
D22: ='Receita-Despesa'!D25 -> 4.1.1.7.4. linha livre | F22: ='Receita-Despesa'!G25 -> 0 | H22: =G22-F22 -> 0 | I22: =G22/F22-1 -> #DIV/0! | J22: ='Receita-Despesa'!H25 -> 0 | L22: =K22-J22 -> 0 | M22: =K22/J22-1 -> #DIV/0! | N22: ='Receita-Despesa'!I25 -> 0 | P22: =O22-N22 -> 0 | Q22: =O22/N22-1 -> #DIV/0! | R22: ='Receita-Despesa'!J25 -> 0 | T22: =S22-R22 -> 0 | U22: =S22/R22-1 -> #DIV/0! | V22: ='Receita-Despesa'!K25 -> 0 | X22: =W22-V22 -> 0 | Y22: =W22/V22-1 -> #DIV/0! | Z22: ='Receita-Despesa'!L25 -> 0 | AB22: =AA22-Z22 -> 0 | AC22: =AA22/Z22-1 -> #DIV/0! | AD22: ='Receita-Despesa'!M25 -> 0 | AF22: =AE22-AD22 -> 0 | AG22: =AE22/AD22-1 -> #DIV/0! | AH22: ='Receita-Despesa'!N25 -> 0 | AJ22: =AI22-AH22 -> 0 | AK22: =AI22/AH22-1 -> #DIV/0! | AL22: ='Receita-Despesa'!O25 -> 0 | AN22: =AM22-AL22 -> 0 | AO22: =AM22/AL22-1 -> #DIV/0! | AP22: ='Receita-Despesa'!P25 -> 0 | AR22: =AQ22-AP22 -> 0 | AS22: =AQ22/AP22-1 -> #DIV/0! | AT22: ='Receita-Despesa'!Q25 -> 0 | AV22: =AU22-AT22 -> 0 | AW22: =AU22/AT22-1 -> #DIV/0! | AX22: ='Receita-Despesa'!R25 -> 0 | AZ22: =AY22-AX22 -> 0 | BA22: =AY22/AX22-1 -> #DIV/0! | BB22: =F22+J22+N22+R22+V22+Z22+AD22+AH22+AL22+AP22+AT22+AX22 -> 0 | BC22: =G22+K22+O22+S22+W22+AA22+AE22+AI22+AM22+AQ22+AU22+AY22 -> 0 | BD22: =BC22-BB22 -> 0 | BE22: =BC22/BB22-1 -> #DIV/0!
D23: ='Receita-Despesa'!D26 -> 4.1.1.7.5. linha livre | F23: ='Receita-Despesa'!G26 -> 0 | H23: =G23-F23 -> 0 | I23: =G23/F23-1 -> #DIV/0! | J23: ='Receita-Despesa'!H26 -> 0 | L23: =K23-J23 -> 0 | M23: =K23/J23-1 -> #DIV/0! | N23: ='Receita-Despesa'!I26 -> 0 | P23: =O23-N23 -> 0 | Q23: =O23/N23-1 -> #DIV/0! | R23: ='Receita-Despesa'!J26 -> 0 | T23: =S23-R23 -> 0 | U23: =S23/R23-1 -> #DIV/0! | V23: ='Receita-Despesa'!K26 -> 0 | X23: =W23-V23 -> 0 | Y23: =W23/V23-1 -> #DIV/0! | Z23: ='Receita-Despesa'!L26 -> 0 | AB23: =AA23-Z23 -> 0 | AC23: =AA23/Z23-1 -> #DIV/0! | AD23: ='Receita-Despesa'!M26 -> 0 | AF23: =AE23-AD23 -> 0 | AG23: =AE23/AD23-1 -> #DIV/0! | AH23: ='Receita-Despesa'!N26 -> 0 | AJ23: =AI23-AH23 -> 0 | AK23: =AI23/AH23-1 -> #DIV/0! | AL23: ='Receita-Despesa'!O26 -> 0 | AN23: =AM23-AL23 -> 0 | AO23: =AM23/AL23-1 -> #DIV/0! | AP23: ='Receita-Despesa'!P26 -> 0 | AR23: =AQ23-AP23 -> 0 | AS23: =AQ23/AP23-1 -> #DIV/0! | AT23: ='Receita-Despesa'!Q26 -> 0 | AV23: =AU23-AT23 -> 0 | AW23: =AU23/AT23-1 -> #DIV/0! | AX23: ='Receita-Despesa'!R26 -> 0 | AZ23: =AY23-AX23 -> 0 | BA23: =AY23/AX23-1 -> #DIV/0! | BB23: =F23+J23+N23+R23+V23+Z23+AD23+AH23+AL23+AP23+AT23+AX23 -> 0 | BC23: =G23+K23+O23+S23+W23+AA23+AE23+AI23+AM23+AQ23+AU23+AY23 -> 0 | BD23: =BC23-BB23 -> 0 | BE23: =BC23/BB23-1 -> #DIV/0!
D24: ='Receita-Despesa'!D27 -> Sub-total ( 2 ) | F24: =SUM(F19:F23) -> 0 | G24: =SUM(G19:G23) -> 0 | H24: =G24-F24 -> 0 | I24: =G24/F24-1 -> #DIV/0! | J24: =SUM(J19:J23) -> 0 | K24: =SUM(K19:K23) -> 0 | L24: =K24-J24 -> 0 | M24: =K24/J24-1 -> #DIV/0! | N24: =SUM(N19:N23) -> 0 | O24: =SUM(O19:O23) -> 0 | P24: =O24-N24 -> 0 | Q24: =O24/N24-1 -> #DIV/0! | R24: =SUM(R19:R23) -> 0 | S24: =SUM(S19:S23) -> 0 | T24: =S24-R24 -> 0 | U24: =S24/R24-1 -> #DIV/0! | V24: =SUM(V19:V23) -> 0 | W24: =SUM(W19:W23) -> 0 | X24: =W24-V24 -> 0 | Y24: =W24/V24-1 -> #DIV/0! | Z24: =SUM(Z19:Z23) -> 0 | AA24: =SUM(AA19:AA23) -> 0 | AB24: =AA24-Z24 -> 0 | AC24: =AA24/Z24-1 -> #DIV/0! | AD24: =SUM(AD19:AD23) -> 0 | AE24: =SUM(AE19:AE23) -> 0 | AF24: =AE24-AD24 -> 0 | AG24: =AE24/AD24-1 -> #DIV/0! | AH24: =SUM(AH19:AH23) -> 0 | AI24: =SUM(AI19:AI23) -> 0 | AJ24: =AI24-AH24 -> 0 | AK24: =AI24/AH24-1 -> #DIV/0! | AL24: =SUM(AL19:AL23) -> 0 | AM24: =SUM(AM19:AM23) -> 0 | AN24: =AM24-AL24 -> 0 | AO24: =AM24/AL24-1 -> #DIV/0! | AP24: =SUM(AP19:AP23) -> 0 | AQ24: =SUM(AQ19:AQ23) -> 0 | AR24: =AQ24-AP24 -> 0 | AS24: =AQ24/AP24-1 -> #DIV/0! | AT24: =SUM(AT19:AT23) -> 0 | AU24: =SUM(AU19:AU23) -> 0 | AV24: =AU24-AT24 -> 0 | AW24: =AU24/AT24-1 -> #DIV/0! | AX24: =SUM(AX19:AX23) -> 0 | AY24: =SUM(AY19:AY23) -> 0 | AZ24: =AY24-AX24 -> 0 | BA24: =AY24/AX24-1 -> #DIV/0! | BB24: =F24+J24+N24+R24+V24+Z24+AD24+AH24+AL24+AP24+AT24+AX24 -> 0 | BC24: =G24+K24+O24+S24+W24+AA24+AE24+AI24+AM24+AQ24+AU24+AY24 -> 0 | BD24: =BC24-BB24 -> 0 | BE24: =BC24/BB24-1 -> #DIV/0!
D25: ='Receita-Despesa'!D28 -> Total de Receitas Operacionais ( 1 - 2 ) | F25: =F17-F24 -> 6053535.5 | G25: =G17-G24 -> 0 | H25: =G25-F25 -> -6053535.5 | I25: =G25/F25-1 -> -1 | J25: =J17-J24 -> 3026767.7 | K25: =K17-K24 -> 0 | L25: =K25-J25 -> -3026767.7 | M25: =K25/J25-1 -> -1 | N25: =N17-N24 -> 3026767.7 | O25: =O17-O24 -> 0 | P25: =O25-N25 -> -3026767.7 | Q25: =O25/N25-1 -> -1 | R25: =R17-R24 -> 3026767.7 | S25: =S17-S24 -> 0 | T25: =S25-R25 -> -3026767.7 | U25: =S25/R25-1 -> -1 | V25: =V17-V24 -> 3026767.7 | W25: =W17-W24 -> 0 | X25: =W25-V25 -> -3026767.7 | Y25: =W25/V25-1 -> -1 | Z25: =Z17-Z24 -> 3026767.7 | AA25: =AA17-AA24 -> 0 | AB25: =AA25-Z25 -> -3026767.7 | AC25: =AA25/Z25-1 -> -1 | AD25: =AD17-AD24 -> 3026767.7 | AE25: =AE17-AE24 -> 0 | AF25: =AE25-AD25 -> -3026767.7 | AG25: =AE25/AD25-1 -> -1 | AH25: =AH17-AH24 -> 3026767.7 | AI25: =AI17-AI24 -> 0 | AJ25: =AI25-AH25 -> -3026767.7 | AK25: =AI25/AH25-1 -> -1 | AL25: =AL17-AL24 -> 3026767.7 | AM25: =AM17-AM24 -> 0 | AN25: =AM25-AL25 -> -3026767.7 | AO25: =AM25/AL25-1 -> -1 | AP25: =AP17-AP24 -> 3026767.7 | AQ25: =AQ17-AQ24 -> 0 | AR25: =AQ25-AP25 -> -3026767.7 | AS25: =AQ25/AP25-1 -> -1 | AT25: =AT17-AT24 -> 3026767.7 | AU25: =AU17-AU24 -> 0 | AV25: =AU25-AT25 -> -3026767.7 | AW25: =AU25/AT25-1 -> -1 | AX25: =AX17-AX24 -> 3026767.7 | AY25: =AY17-AY24 -> 0 | AZ25: =AY25-AX25 -> -3026767.7 | BA25: =AY25/AX25-1 -> -1 | BB25: =F25+J25+N25+R25+V25+Z25+AD25+AH25+AL25+AP25+AT25+AX25 -> 39347980 | BC25: =G25+K25+O25+S25+W25+AA25+AE25+AI25+AM25+AQ25+AU25+AY25 -> 0 | BD25: =BC25-BB25 -> -39347980 | BE25: =BC25/BB25-1 -> -1
C26: ='Receita-Despesa'!C29 -> 4.1.2. RECEITAS NÃO OPERACIONAIS
D27: ='Receita-Despesa'!D30 -> 4.1.2.1. Aluguéis | F27: ='Receita-Despesa'!G30 -> 0 | H27: =G27-F27 -> 0 | I27: =G27/F27-1 -> #DIV/0! | J27: ='Receita-Despesa'!H30 -> 0 | L27: =K27-J27 -> 0 | M27: =K27/J27-1 -> #DIV/0! | N27: ='Receita-Despesa'!I30 -> 0 | P27: =O27-N27 -> 0 | Q27: =O27/N27-1 -> #DIV/0! | R27: ='Receita-Despesa'!J30 -> 0 | T27: =S27-R27 -> 0 | U27: =S27/R27-1 -> #DIV/0! | V27: ='Receita-Despesa'!K30 -> 0 | X27: =W27-V27 -> 0 | Y27: =W27/V27-1 -> #DIV/0! | Z27: ='Receita-Despesa'!L30 -> 0 | AB27: =AA27-Z27 -> 0 | AC27: =AA27/Z27-1 -> #DIV/0! | AD27: ='Receita-Despesa'!M30 -> 0 | AF27: =AE27-AD27 -> 0 | AG27: =AE27/AD27-1 -> #DIV/0! | AH27: ='Receita-Despesa'!N30 -> 0 | AJ27: =AI27-AH27 -> 0 | AK27: =AI27/AH27-1 -> #DIV/0! | AL27: ='Receita-Despesa'!O30 -> 0 | AN27: =AM27-AL27 -> 0 | AO27: =AM27/AL27-1 -> #DIV/0! | AP27: ='Receita-Despesa'!P30 -> 0 | AR27: =AQ27-AP27 -> 0 | AS27: =AQ27/AP27-1 -> #DIV/0! | AT27: ='Receita-Despesa'!Q30 -> 0 | AV27: =AU27-AT27 -> 0 | AW27: =AU27/AT27-1 -> #DIV/0! | AX27: ='Receita-Despesa'!R30 -> 0 | AZ27: =AY27-AX27 -> 0 | BA27: =AY27/AX27-1 -> #DIV/0! | BB27: =F27+J27+N27+R27+V27+Z27+AD27+AH27+AL27+AP27+AT27+AX27 -> 0 | BC27: =G27+K27+O27+S27+W27+AA27+AE27+AI27+AM27+AQ27+AU27+AY27 -> 0 | BD27: =BC27-BB27 -> 0 | BE27: =BC27/BB27-1 -> #DIV/0!
D28: ='Receita-Despesa'!D31 -> 4.1.2.2. Subvenções e Doações | F28: ='Receita-Despesa'!G31 -> 0 | H28: =G28-F28 -> 0 | I28: =G28/F28-1 -> #DIV/0! | J28: ='Receita-Despesa'!H31 -> 0 | L28: =K28-J28 -> 0 | M28: =K28/J28-1 -> #DIV/0! | N28: ='Receita-Despesa'!I31 -> 0 | P28: =O28-N28 -> 0 | Q28: =O28/N28-1 -> #DIV/0! | R28: ='Receita-Despesa'!J31 -> 0 | T28: =S28-R28 -> 0 | U28: =S28/R28-1 -> #DIV/0! | V28: ='Receita-Despesa'!K31 -> 0 | X28: =W28-V28 -> 0 | Y28: =W28/V28-1 -> #DIV/0! | Z28: ='Receita-Despesa'!L31 -> 0 | AB28: =AA28-Z28 -> 0 | AC28: =AA28/Z28-1 -> #DIV/0! | AD28: ='Receita-Despesa'!M31 -> 0 | AF28: =AE28-AD28 -> 0 | AG28: =AE28/AD28-1 -> #DIV/0! | AH28: ='Receita-Despesa'!N31 -> 0 | AJ28: =AI28-AH28 -> 0 | AK28: =AI28/AH28-1 -> #DIV/0! | AL28: ='Receita-Despesa'!O31 -> 0 | AN28: =AM28-AL28 -> 0 | AO28: =AM28/AL28-1 -> #DIV/0! | AP28: ='Receita-Despesa'!P31 -> 0 | AR28: =AQ28-AP28 -> 0 | AS28: =AQ28/AP28-1 -> #DIV/0! | AT28: ='Receita-Despesa'!Q31 -> 0 | AV28: =AU28-AT28 -> 0 | AW28: =AU28/AT28-1 -> #DIV/0! | AX28: ='Receita-Despesa'!R31 -> 0 | AZ28: =AY28-AX28 -> 0 | BA28: =AY28/AX28-1 -> #DIV/0! | BB28: =F28+J28+N28+R28+V28+Z28+AD28+AH28+AL28+AP28+AT28+AX28 -> 0 | BC28: =G28+K28+O28+S28+W28+AA28+AE28+AI28+AM28+AQ28+AU28+AY28 -> 0 | BD28: =BC28-BB28 -> 0 | BE28: =BC28/BB28-1 -> #DIV/0!
D29: ='Receita-Despesa'!D32 -> 4.1.2.3. Cota Patronal - Provisão ..... (NÃO PREENCHER) | F29: ='Receita-Despesa'!G32 -> 0 | H29: =G29-F29 -> 0 | I29: =G29/F29-1 -> #DIV/0! | J29: ='Receita-Despesa'!H32 -> 0 | L29: =K29-J29 -> 0 | M29: =K29/J29-1 -> #DIV/0! | N29: ='Receita-Despesa'!I32 -> 0 | P29: =O29-N29 -> 0 | Q29: =O29/N29-1 -> #DIV/0! | R29: ='Receita-Despesa'!J32 -> 0 | T29: =S29-R29 -> 0 | U29: =S29/R29-1 -> #DIV/0! | V29: ='Receita-Despesa'!K32 -> 0 | X29: =W29-V29 -> 0 | Y29: =W29/V29-1 -> #DIV/0! | Z29: ='Receita-Despesa'!L32 -> 0 | AB29: =AA29-Z29 -> 0 | AC29: =AA29/Z29-1 -> #DIV/0! | AD29: ='Receita-Despesa'!M32 -> 0 | AF29: =AE29-AD29 -> 0 | AG29: =AE29/AD29-1 -> #DIV/0! | AH29: ='Receita-Despesa'!N32 -> 0 | AJ29: =AI29-AH29 -> 0 | AK29: =AI29/AH29-1 -> #DIV/0! | AL29: ='Receita-Despesa'!O32 -> 0 | AN29: =AM29-AL29 -> 0 | AO29: =AM29/AL29-1 -> #DIV/0! | AP29: ='Receita-Despesa'!P32 -> 0 | AR29: =AQ29-AP29 -> 0 | AS29: =AQ29/AP29-1 -> #DIV/0! | AT29: ='Receita-Despesa'!Q32 -> 0 | AV29: =AU29-AT29 -> 0 | AW29: =AU29/AT29-1 -> #DIV/0! | AX29: ='Receita-Despesa'!R32 -> 0 | AZ29: =AY29-AX29 -> 0 | BA29: =AY29/AX29-1 -> #DIV/0! | BB29: =F29+J29+N29+R29+V29+Z29+AD29+AH29+AL29+AP29+AT29+AX29 -> 0 | BC29: =G29+K29+O29+S29+W29+AA29+AE29+AI29+AM29+AQ29+AU29+AY29 -> 0 | BD29: =BC29-BB29 -> 0 | BE29: =BC29/BB29-1 -> #DIV/0!
D30: ='Receita-Despesa'!D33 -> 4.1.2.4. Financeiras | F30: ='Receita-Despesa'!G33 -> 700 | H30: =G30-F30 -> -700 | I30: =G30/F30-1 -> -1 | J30: ='Receita-Despesa'!H33 -> 700 | L30: =K30-J30 -> -700 | M30: =K30/J30-1 -> -1 | N30: ='Receita-Despesa'!I33 -> 700 | P30: =O30-N30 -> -700 | Q30: =O30/N30-1 -> -1 | R30: ='Receita-Despesa'!J33 -> 700 | T30: =S30-R30 -> -700 | U30: =S30/R30-1 -> -1 | V30: ='Receita-Despesa'!K33 -> 700 | X30: =W30-V30 -> -700 | Y30: =W30/V30-1 -> -1 | Z30: ='Receita-Despesa'!L33 -> 700 | AB30: =AA30-Z30 -> -700 | AC30: =AA30/Z30-1 -> -1 | AD30: ='Receita-Despesa'!M33 -> 700 | AF30: =AE30-AD30 -> -700 | AG30: =AE30/AD30-1 -> -1 | AH30: ='Receita-Despesa'!N33 -> 700 | AJ30: =AI30-AH30 -> -700 | AK30: =AI30/AH30-1 -> -1 | AL30: ='Receita-Despesa'!O33 -> 700 | AN30: =AM30-AL30 -> -700 | AO30: =AM30/AL30-1 -> -1 | AP30: ='Receita-Despesa'!P33 -> 700 | AR30: =AQ30-AP30 -> -700 | AS30: =AQ30/AP30-1 -> -1 | AT30: ='Receita-Despesa'!Q33 -> 700 | AV30: =AU30-AT30 -> -700 | AW30: =AU30/AT30-1 -> -1 | AX30: ='Receita-Despesa'!R33 -> 700 | AZ30: =AY30-AX30 -> -700 | BA30: =AY30/AX30-1 -> -1 | BB30: =F30+J30+N30+R30+V30+Z30+AD30+AH30+AL30+AP30+AT30+AX30 -> 8400 | BC30: =G30+K30+O30+S30+W30+AA30+AE30+AI30+AM30+AQ30+AU30+AY30 -> 0 | BD30: =BC30-BB30 -> -8400 | BE30: =BC30/BB30-1 -> -1
D31: ='Receita-Despesa'!D34 -> 4.1.2.5. Honorários Médicos | F31: ='Receita-Despesa'!G34 -> 0 | H31: =G31-F31 -> 0 | I31: =G31/F31-1 -> #DIV/0! | J31: ='Receita-Despesa'!H34 -> 0 | L31: =K31-J31 -> 0 | M31: =K31/J31-1 -> #DIV/0! | N31: ='Receita-Despesa'!I34 -> 0 | P31: =O31-N31 -> 0 | Q31: =O31/N31-1 -> #DIV/0! | R31: ='Receita-Despesa'!J34 -> 0 | T31: =S31-R31 -> 0 | U31: =S31/R31-1 -> #DIV/0! | V31: ='Receita-Despesa'!K34 -> 0 | X31: =W31-V31 -> 0 | Y31: =W31/V31-1 -> #DIV/0! | Z31: ='Receita-Despesa'!L34 -> 0 | AB31: =AA31-Z31 -> 0 | AC31: =AA31/Z31-1 -> #DIV/0! | AD31: ='Receita-Despesa'!M34 -> 0 | AF31: =AE31-AD31 -> 0 | AG31: =AE31/AD31-1 -> #DIV/0! | AH31: ='Receita-Despesa'!N34 -> 0 | AJ31: =AI31-AH31 -> 0 | AK31: =AI31/AH31-1 -> #DIV/0! | AL31: ='Receita-Despesa'!O34 -> 0 | AN31: =AM31-AL31 -> 0 | AO31: =AM31/AL31-1 -> #DIV/0! | AP31: ='Receita-Despesa'!P34 -> 0 | AR31: =AQ31-AP31 -> 0 | AS31: =AQ31/AP31-1 -> #DIV/0! | AT31: ='Receita-Despesa'!Q34 -> 0 | AV31: =AU31-AT31 -> 0 | AW31: =AU31/AT31-1 -> #DIV/0! | AX31: ='Receita-Despesa'!R34 -> 0 | AZ31: =AY31-AX31 -> 0 | BA31: =AY31/AX31-1 -> #DIV/0! | BB31: =F31+J31+N31+R31+V31+Z31+AD31+AH31+AL31+AP31+AT31+AX31 -> 0 | BC31: =G31+K31+O31+S31+W31+AA31+AE31+AI31+AM31+AQ31+AU31+AY31 -> 0 | BD31: =BC31-BB31 -> 0 | BE31: =BC31/BB31-1 -> #DIV/0!
D32: ='Receita-Despesa'!D35 -> 4.1.2.6. Resultado Plano Próprio Saúde | F32: ='Receita-Despesa'!G35 -> 0 | H32: =G32-F32 -> 0 | I32: =G32/F32-1 -> #DIV/0! | J32: ='Receita-Despesa'!H35 -> 0 | L32: =K32-J32 -> 0 | M32: =K32/J32-1 -> #DIV/0! | N32: ='Receita-Despesa'!I35 -> 0 | P32: =O32-N32 -> 0 | Q32: =O32/N32-1 -> #DIV/0! | R32: ='Receita-Despesa'!J35 -> 0 | T32: =S32-R32 -> 0 | U32: =S32/R32-1 -> #DIV/0! | V32: ='Receita-Despesa'!K35 -> 0 | X32: =W32-V32 -> 0 | Y32: =W32/V32-1 -> #DIV/0! | Z32: ='Receita-Despesa'!L35 -> 0 | AB32: =AA32-Z32 -> 0 | AC32: =AA32/Z32-1 -> #DIV/0! | AD32: ='Receita-Despesa'!M35 -> 0 | AF32: =AE32-AD32 -> 0 | AG32: =AE32/AD32-1 -> #DIV/0! | AH32: ='Receita-Despesa'!N35 -> 0 | AJ32: =AI32-AH32 -> 0 | AK32: =AI32/AH32-1 -> #DIV/0! | AL32: ='Receita-Despesa'!O35 -> 0 | AN32: =AM32-AL32 -> 0 | AO32: =AM32/AL32-1 -> #DIV/0! | AP32: ='Receita-Despesa'!P35 -> 0 | AR32: =AQ32-AP32 -> 0 | AS32: =AQ32/AP32-1 -> #DIV/0! | AT32: ='Receita-Despesa'!Q35 -> 0 | AV32: =AU32-AT32 -> 0 | AW32: =AU32/AT32-1 -> #DIV/0! | AX32: ='Receita-Despesa'!R35 -> 0 | AZ32: =AY32-AX32 -> 0 | BA32: =AY32/AX32-1 -> #DIV/0! | BB32: =F32+J32+N32+R32+V32+Z32+AD32+AH32+AL32+AP32+AT32+AX32 -> 0 | BC32: =G32+K32+O32+S32+W32+AA32+AE32+AI32+AM32+AQ32+AU32+AY32 -> 0 | BD32: =BC32-BB32 -> 0 | BE32: =BC32/BB32-1 -> #DIV/0!
D33: ='Receita-Despesa'!D36 -> 4.1.2.7. linha livre | F33: ='Receita-Despesa'!G36 -> 0 | H33: =G33-F33 -> 0 | I33: =G33/F33-1 -> #DIV/0! | J33: ='Receita-Despesa'!H36 -> 0 | L33: =K33-J33 -> 0 | M33: =K33/J33-1 -> #DIV/0! | N33: ='Receita-Despesa'!I36 -> 0 | P33: =O33-N33 -> 0 | Q33: =O33/N33-1 -> #DIV/0! | R33: ='Receita-Despesa'!J36 -> 0 | T33: =S33-R33 -> 0 | U33: =S33/R33-1 -> #DIV/0! | V33: ='Receita-Despesa'!K36 -> 0 | X33: =W33-V33 -> 0 | Y33: =W33/V33-1 -> #DIV/0! | Z33: ='Receita-Despesa'!L36 -> 0 | AB33: =AA33-Z33 -> 0 | AC33: =AA33/Z33-1 -> #DIV/0! | AD33: ='Receita-Despesa'!M36 -> 0 | AF33: =AE33-AD33 -> 0 | AG33: =AE33/AD33-1 -> #DIV/0! | AH33: ='Receita-Despesa'!N36 -> 0 | AJ33: =AI33-AH33 -> 0 | AK33: =AI33/AH33-1 -> #DIV/0! | AL33: ='Receita-Despesa'!O36 -> 0 | AN33: =AM33-AL33 -> 0 | AO33: =AM33/AL33-1 -> #DIV/0! | AP33: ='Receita-Despesa'!P36 -> 0 | AR33: =AQ33-AP33 -> 0 | AS33: =AQ33/AP33-1 -> #DIV/0! | AT33: ='Receita-Despesa'!Q36 -> 0 | AV33: =AU33-AT33 -> 0 | AW33: =AU33/AT33-1 -> #DIV/0! | AX33: ='Receita-Despesa'!R36 -> 0 | AZ33: =AY33-AX33 -> 0 | BA33: =AY33/AX33-1 -> #DIV/0! | BB33: =F33+J33+N33+R33+V33+Z33+AD33+AH33+AL33+AP33+AT33+AX33 -> 0 | BC33: =G33+K33+O33+S33+W33+AA33+AE33+AI33+AM33+AQ33+AU33+AY33 -> 0 | BD33: =BC33-BB33 -> 0 | BE33: =BC33/BB33-1 -> #DIV/0!
D34: ='Receita-Despesa'!D37 -> 4.1.2.8. linha livre | F34: ='Receita-Despesa'!G37 -> 0 | H34: =G34-F34 -> 0 | I34: =G34/F34-1 -> #DIV/0! | J34: ='Receita-Despesa'!H37 -> 0 | L34: =K34-J34 -> 0 | M34: =K34/J34-1 -> #DIV/0! | N34: ='Receita-Despesa'!I37 -> 0 | P34: =O34-N34 -> 0 | Q34: =O34/N34-1 -> #DIV/0! | R34: ='Receita-Despesa'!J37 -> 0 | T34: =S34-R34 -> 0 | U34: =S34/R34-1 -> #DIV/0! | V34: ='Receita-Despesa'!K37 -> 0 | X34: =W34-V34 -> 0 | Y34: =W34/V34-1 -> #DIV/0! | Z34: ='Receita-Despesa'!L37 -> 0 | AB34: =AA34-Z34 -> 0 | AC34: =AA34/Z34-1 -> #DIV/0! | AD34: ='Receita-Despesa'!M37 -> 0 | AF34: =AE34-AD34 -> 0 | AG34: =AE34/AD34-1 -> #DIV/0! | AH34: ='Receita-Despesa'!N37 -> 0 | AJ34: =AI34-AH34 -> 0 | AK34: =AI34/AH34-1 -> #DIV/0! | AL34: ='Receita-Despesa'!O37 -> 0 | AN34: =AM34-AL34 -> 0 | AO34: =AM34/AL34-1 -> #DIV/0! | AP34: ='Receita-Despesa'!P37 -> 0 | AR34: =AQ34-AP34 -> 0 | AS34: =AQ34/AP34-1 -> #DIV/0! | AT34: ='Receita-Despesa'!Q37 -> 0 | AV34: =AU34-AT34 -> 0 | AW34: =AU34/AT34-1 -> #DIV/0! | AX34: ='Receita-Despesa'!R37 -> 0 | AZ34: =AY34-AX34 -> 0 | BA34: =AY34/AX34-1 -> #DIV/0! | BB34: =F34+J34+N34+R34+V34+Z34+AD34+AH34+AL34+AP34+AT34+AX34 -> 0 | BC34: =G34+K34+O34+S34+W34+AA34+AE34+AI34+AM34+AQ34+AU34+AY34 -> 0 | BD34: =BC34-BB34 -> 0 | BE34: =BC34/BB34-1 -> #DIV/0!
D35: ='Receita-Despesa'!D38 -> 4.1.2.9. Outras | F35: ='Receita-Despesa'!G38 -> 250000 | H35: =G35-F35 -> -250000 | I35: =G35/F35-1 -> -1 | J35: ='Receita-Despesa'!H38 -> 250000 | L35: =K35-J35 -> -250000 | M35: =K35/J35-1 -> -1 | N35: ='Receita-Despesa'!I38 -> 250000 | P35: =O35-N35 -> -250000 | Q35: =O35/N35-1 -> -1 | R35: ='Receita-Despesa'!J38 -> 250000 | T35: =S35-R35 -> -250000 | U35: =S35/R35-1 -> -1 | V35: ='Receita-Despesa'!K38 -> 250000 | X35: =W35-V35 -> -250000 | Y35: =W35/V35-1 -> -1 | Z35: ='Receita-Despesa'!L38 -> 250000 | AB35: =AA35-Z35 -> -250000 | AC35: =AA35/Z35-1 -> -1 | AD35: ='Receita-Despesa'!M38 -> 250000 | AF35: =AE35-AD35 -> -250000 | AG35: =AE35/AD35-1 -> -1 | AH35: ='Receita-Despesa'!N38 -> 250000 | AJ35: =AI35-AH35 -> -250000 | AK35: =AI35/AH35-1 -> -1 | AL35: ='Receita-Despesa'!O38 -> 250000 | AN35: =AM35-AL35 -> -250000 | AO35: =AM35/AL35-1 -> -1 | AP35: ='Receita-Despesa'!P38 -> 250000 | AR35: =AQ35-AP35 -> -250000 | AS35: =AQ35/AP35-1 -> -1 | AT35: ='Receita-Despesa'!Q38 -> 250000 | AV35: =AU35-AT35 -> -250000 | AW35: =AU35/AT35-1 -> -1 | AX35: ='Receita-Despesa'!R38 -> 250000 | AZ35: =AY35-AX35 -> -250000 | BA35: =AY35/AX35-1 -> -1 | BB35: =F35+J35+N35+R35+V35+Z35+AD35+AH35+AL35+AP35+AT35+AX35 -> 3000000 | BC35: =G35+K35+O35+S35+W35+AA35+AE35+AI35+AM35+AQ35+AU35+AY35 -> 0 | BD35: =BC35-BB35 -> -3000000 | BE35: =BC35/BB35-1 -> -1
D36: ='Receita-Despesa'!D39 -> Total de Receitas Não Operacionais ( 3 ) | F36: =SUM(F27:F35) -> 250700 | G36: =SUM(G27:G35) -> 0 | H36: =G36-F36 -> -250700 | I36: =G36/F36-1 -> -1 | J36: =SUM(J27:J35) -> 250700 | K36: =SUM(K27:K35) -> 0 | L36: =K36-J36 -> -250700 | M36: =K36/J36-1 -> -1 | N36: =SUM(N27:N35) -> 250700 | O36: =SUM(O27:O35) -> 0 | P36: =O36-N36 -> -250700 | Q36: =O36/N36-1 -> -1 | R36: =SUM(R27:R35) -> 250700 | S36: =SUM(S27:S35) -> 0 | T36: =S36-R36 -> -250700 | U36: =S36/R36-1 -> -1 | V36: =SUM(V27:V35) -> 250700 | W36: =SUM(W27:W35) -> 0 | X36: =W36-V36 -> -250700 | Y36: =W36/V36-1 -> -1 | Z36: =SUM(Z27:Z35) -> 250700 | AA36: =SUM(AA27:AA35) -> 0 | AB36: =AA36-Z36 -> -250700 | AC36: =AA36/Z36-1 -> -1 | AD36: =SUM(AD27:AD35) -> 250700 | AE36: =SUM(AE27:AE35) -> 0 | AF36: =AE36-AD36 -> -250700 | AG36: =AE36/AD36-1 -> -1 | AH36: =SUM(AH27:AH35) -> 250700 | AI36: =SUM(AI27:AI35) -> 0 | AJ36: =AI36-AH36 -> -250700 | AK36: =AI36/AH36-1 -> -1 | AL36: =SUM(AL27:AL35) -> 250700 | AM36: =SUM(AM27:AM35) -> 0 | AN36: =AM36-AL36 -> -250700 | AO36: =AM36/AL36-1 -> -1 | AP36: =SUM(AP27:AP35) -> 250700 | AQ36: =SUM(AQ27:AQ35) -> 0 | AR36: =AQ36-AP36 -> -250700 | AS36: =AQ36/AP36-1 -> -1 | AT36: =SUM(AT27:AT35) -> 250700 | AU36: =SUM(AU27:AU35) -> 0 | AV36: =AU36-AT36 -> -250700 | AW36: =AU36/AT36-1 -> -1 | AX36: =SUM(AX27:AX35) -> 250700 | AY36: =SUM(AY27:AY35) -> 0 | AZ36: =AY36-AX36 -> -250700 | BA36: =AY36/AX36-1 -> -1 | BB36: =F36+J36+N36+R36+V36+Z36+AD36+AH36+AL36+AP36+AT36+AX36 -> 3008400 | BC36: =G36+K36+O36+S36+W36+AA36+AE36+AI36+AM36+AQ36+AU36+AY36 -> 0 | BD36: =BC36-BB36 -> -3008400 | BE36: =BC36/BB36-1 -> -1
C37: ='Receita-Despesa'!C40 -> Total de Receitas = ( 1 - 2 + 3 ) | F37: =F25+F36 -> 6304235.5 | G37: =G25+G36 -> 0 | H37: =G37-F37 -> -6304235.5 | I37: =G37/F37-1 -> -1 | J37: =J25+J36 -> 3277467.7 | K37: =K25+K36 -> 0 | L37: =K37-J37 -> -3277467.7 | M37: =K37/J37-1 -> -1 | N37: =N25+N36 -> 3277467.7 | O37: =O25+O36 -> 0 | P37: =O37-N37 -> -3277467.7 | Q37: =O37/N37-1 -> -1 | R37: =R25+R36 -> 3277467.7 | S37: =S25+S36 -> 0 | T37: =S37-R37 -> -3277467.7 | U37: =S37/R37-1 -> -1 | V37: =V25+V36 -> 3277467.7 | W37: =W25+W36 -> 0 | X37: =W37-V37 -> -3277467.7 | Y37: =W37/V37-1 -> -1 | Z37: =Z25+Z36 -> 3277467.7 | AA37: =AA25+AA36 -> 0 | AB37: =AA37-Z37 -> -3277467.7 | AC37: =AA37/Z37-1 -> -1 | AD37: =AD25+AD36 -> 3277467.7 | AE37: =AE25+AE36 -> 0 | AF37: =AE37-AD37 -> -3277467.7 | AG37: =AE37/AD37-1 -> -1 | AH37: =AH25+AH36 -> 3277467.7 | AI37: =AI25+AI36 -> 0 | AJ37: =AI37-AH37 -> -3277467.7 | AK37: =AI37/AH37-1 -> -1 | AL37: =AL25+AL36 -> 3277467.7 | AM37: =AM25+AM36 -> 0 | AN37: =AM37-AL37 -> -3277467.7 | AO37: =AM37/AL37-1 -> -1 | AP37: =AP25+AP36 -> 3277467.7 | AQ37: =AQ25+AQ36 -> 0 | AR37: =AQ37-AP37 -> -3277467.7 | AS37: =AQ37/AP37-1 -> -1 | AT37: =AT25+AT36 -> 3277467.7 | AU37: =AU25+AU36 -> 0 | AV37: =AU37-AT37 -> -3277467.7 | AW37: =AU37/AT37-1 -> -1 | AX37: =AX25+AX36 -> 3277467.7 | AY37: =AY25+AY36 -> 0 | AZ37: =AY37-AX37 -> -3277467.7 | BA37: =AY37/AX37-1 -> -1 | BB37: =F37+J37+N37+R37+V37+Z37+AD37+AH37+AL37+AP37+AT37+AX37 -> 42356380 | BC37: =G37+K37+O37+S37+W37+AA37+AE37+AI37+AM37+AQ37+AU37+AY37 -> 0 | BD37: =BC37-BB37 -> -42356380 | BE37: =BC37/BB37-1 -> -1
B38: ='Receita-Despesa'!B41 -> 4.2. DESPESAS | BB38: =F38+J38+N38+R38+V38+Z38+AD38+AH38+AL38+AP38+AT38+AX38 -> 0 | BC38: =G38+K38+O38+S38+W38+AA38+AE38+AI38+AM38+AQ38+AU38+AY38 -> 0 | BD38: =BC38-BB38 -> 0
C39: ='Receita-Despesa'!C42 -> 4.2.1. DESPESAS OPERACIONAIS | BB39: =F39+J39+N39+R39+V39+Z39+AD39+AH39+AL39+AP39+AT39+AX39 -> 0 | BC39: =G39+K39+O39+S39+W39+AA39+AE39+AI39+AM39+AQ39+AU39+AY39 -> 0 | BD39: =BC39-BB39 -> 0
D40: ='Receita-Despesa'!D43 -> 4.2.1.1. Pessoal Próprio | F40: =SUM(F41:F52) -> 686779.72 | G40: =SUM(G41:G52) -> 0 | H40: =G40-F40 -> -686779.72 | I40: =G40/F40-1 -> -1 | J40: =SUM(J41:J52) -> 685131.39 | K40: =SUM(K41:K52) -> 0 | L40: =K40-J40 -> -685131.39 | M40: =K40/J40-1 -> -1 | N40: =SUM(N41:N52) -> 683913.05 | O40: =SUM(O41:O52) -> 0 | P40: =O40-N40 -> -683913.05 | Q40: =O40/N40-1 -> -1 | R40: =SUM(R41:R52) -> 725780.21 | S40: =SUM(S41:S52) -> 0 | T40: =S40-R40 -> -725780.21 | U40: =S40/R40-1 -> -1 | V40: =SUM(V41:V52) -> 744538.21 | W40: =SUM(W41:W52) -> 0 | X40: =W40-V40 -> -744538.21 | Y40: =W40/V40-1 -> -1 | Z40: =SUM(Z41:Z52) -> 752235.21 | AA40: =SUM(AA41:AA52) -> 0 | AB40: =AA40-Z40 -> -752235.21 | AC40: =AA40/Z40-1 -> -1 | AD40: =SUM(AD41:AD52) -> 727940.21 | AE40: =SUM(AE41:AE52) -> 0 | AF40: =AE40-AD40 -> -727940.21 | AG40: =AE40/AD40-1 -> -1 | AH40: =SUM(AH41:AH52) -> 727940.21 | AI40: =SUM(AI41:AI52) -> 0 | AJ40: =AI40-AH40 -> -727940.21 | AK40: =AI40/AH40-1 -> -1 | AL40: =SUM(AL41:AL52) -> 750945.21 | AM40: =SUM(AM41:AM52) -> 0 | AN40: =AM40-AL40 -> -750945.21 | AO40: =AM40/AL40-1 -> -1 | AP40: =SUM(AP41:AP52) -> 739048.54 | AQ40: =SUM(AQ41:AQ52) -> 0 | AR40: =AQ40-AP40 -> -739048.54 | AS40: =AQ40/AP40-1 -> -1 | AT40: =SUM(AT41:AT52) -> 752235.21 | AU40: =SUM(AU41:AU52) -> 0 | AV40: =AU40-AT40 -> -752235.21 | AW40: =AU40/AT40-1 -> -1 | AX40: =SUM(AX41:AX52) -> 744538.21 | AY40: =SUM(AY41:AY52) -> 0 | AZ40: =AY40-AX40 -> -744538.21 | BA40: =AY40/AX40-1 -> -1 | BB40: =F40+J40+N40+R40+V40+Z40+AD40+AH40+AL40+AP40+AT40+AX40 -> 8721025.4 | BC40: =G40+K40+O40+S40+W40+AA40+AE40+AI40+AM40+AQ40+AU40+AY40 -> 0 | BD40: =BC40-BB40 -> -8721025.4 | BE40: =BC40/BB40-1 -> -1
D41: ='Receita-Despesa'!D44 -> 1- Ordenados | F41: ='Receita-Despesa'!G44 -> 456412 | H41: =G41-F41 -> -456412 | I41: =G41/F41-1 -> -1 | J41: ='Receita-Despesa'!H44 -> 456412 | L41: =K41-J41 -> -456412 | M41: =K41/J41-1 -> -1 | N41: ='Receita-Despesa'!I44 -> 456412 | P41: =O41-N41 -> -456412 | Q41: =O41/N41-1 -> -1 | R41: ='Receita-Despesa'!J44 -> 480973.53 | T41: =S41-R41 -> -480973.53 | U41: =S41/R41-1 -> -1 | V41: ='Receita-Despesa'!K44 -> 492925.03 | X41: =W41-V41 -> -492925.03 | Y41: =W41/V41-1 -> -1 | Z41: ='Receita-Despesa'!L44 -> 492925.03 | AB41: =AA41-Z41 -> -492925.03 | AC41: =AA41/Z41-1 -> -1 | AD41: ='Receita-Despesa'!M44 -> 492925.03 | AF41: =AE41-AD41 -> -492925.03 | AG41: =AE41/AD41-1 -> -1 | AH41: ='Receita-Despesa'!N44 -> 492925.03 | AJ41: =AI41-AH41 -> -492925.03 | AK41: =AI41/AH41-1 -> -1 | AL41: ='Receita-Despesa'!O44 -> 492925.03 | AN41: =AM41-AL41 -> -492925.03 | AO41: =AM41/AL41-1 -> -1 | AP41: ='Receita-Despesa'!P44 -> 492925.03 | AR41: =AQ41-AP41 -> -492925.03 | AS41: =AQ41/AP41-1 -> -1 | AT41: ='Receita-Despesa'!Q44 -> 492925.03 | AV41: =AU41-AT41 -> -492925.03 | AW41: =AU41/AT41-1 -> -1 | AX41: ='Receita-Despesa'!R44 -> 492925.03 | AZ41: =AY41-AX41 -> -492925.03 | BA41: =AY41/AX41-1 -> -1 | BB41: =F41+J41+N41+R41+V41+Z41+AD41+AH41+AL41+AP41+AT41+AX41 -> 5793609.8 | BC41: =G41+K41+O41+S41+W41+AA41+AE41+AI41+AM41+AQ41+AU41+AY41 -> 0 | BD41: =BC41-BB41 -> -5793609.8 | BE41: =BC41/BB41-1 -> -1
D42: ='Receita-Despesa'!D45 -> 2- Hora Extra | F42: ='Receita-Despesa'!G45 -> 11150 | H42: =G42-F42 -> -11150 | I42: =G42/F42-1 -> -1 | J42: ='Receita-Despesa'!H45 -> 10000 | L42: =K42-J42 -> -10000 | M42: =K42/J42-1 -> -1 | N42: ='Receita-Despesa'!I45 -> 11150 | P42: =O42-N42 -> -11150 | Q42: =O42/N42-1 -> -1 | R42: ='Receita-Despesa'!J45 -> 12050 | T42: =S42-R42 -> -12050 | U42: =S42/R42-1 -> -1 | V42: ='Receita-Despesa'!K45 -> 13100 | X42: =W42-V42 -> -13100 | Y42: =W42/V42-1 -> -1 | Z42: ='Receita-Despesa'!L45 -> 12050 | AB42: =AA42-Z42 -> -12050 | AC42: =AA42/Z42-1 -> -1 | AD42: ='Receita-Despesa'!M45 -> 13100 | AF42: =AE42-AD42 -> -13100 | AG42: =AE42/AD42-1 -> -1 | AH42: ='Receita-Despesa'!N45 -> 13100 | AJ42: =AI42-AH42 -> -13100 | AK42: =AI42/AH42-1 -> -1 | AL42: ='Receita-Despesa'!O45 -> 12050 | AN42: =AM42-AL42 -> -12050 | AO42: =AM42/AL42-1 -> -1 | AP42: ='Receita-Despesa'!P45 -> 13100 | AR42: =AQ42-AP42 -> -13100 | AS42: =AQ42/AP42-1 -> -1 | AT42: ='Receita-Despesa'!Q45 -> 12050 | AV42: =AU42-AT42 -> -12050 | AW42: =AU42/AT42-1 -> -1 | AX42: ='Receita-Despesa'!R45 -> 13100 | AZ42: =AY42-AX42 -> -13100 | BA42: =AY42/AX42-1 -> -1 | BB42: =F42+J42+N42+R42+V42+Z42+AD42+AH42+AL42+AP42+AT42+AX42 -> 146000 | BC42: =G42+K42+O42+S42+W42+AA42+AE42+AI42+AM42+AQ42+AU42+AY42 -> 0 | BD42: =BC42-BB42 -> -146000 | BE42: =BC42/BB42-1 -> -1
D43: ='Receita-Despesa'!D46 -> 3- Hora Extra - Súmula 444 | F43: ='Receita-Despesa'!G46 -> 9000 | H43: =G43-F43 -> -9000 | I43: =G43/F43-1 -> -1 | J43: ='Receita-Despesa'!H46 -> 9000 | L43: =K43-J43 -> -9000 | M43: =K43/J43-1 -> -1 | N43: ='Receita-Despesa'!I46 -> 7000 | P43: =O43-N43 -> -7000 | Q43: =O43/N43-1 -> -1 | R43: ='Receita-Despesa'!J46 -> 9650 | T43: =S43-R43 -> -9650 | U43: =S43/R43-1 -> -1 | V43: ='Receita-Despesa'!K46 -> 11580 | X43: =W43-V43 -> -11580 | Y43: =W43/V43-1 -> -1 | Z43: ='Receita-Despesa'!L46 -> 18000 | AB43: =AA43-Z43 -> -18000 | AC43: =AA43/Z43-1 -> -1 | AD43: ='Receita-Despesa'!M46 -> 0 | AF43: =AE43-AD43 -> 0 | AG43: =AE43/AD43-1 -> #DIV/0! | AH43: ='Receita-Despesa'!N46 -> 0 | AJ43: =AI43-AH43 -> 0 | AK43: =AI43/AH43-1 -> #DIV/0! | AL43: ='Receita-Despesa'!O46 -> 17100 | AN43: =AM43-AL43 -> -17100 | AO43: =AM43/AL43-1 -> -1 | AP43: ='Receita-Despesa'!P46 -> 7750 | AR43: =AQ43-AP43 -> -7750 | AS43: =AQ43/AP43-1 -> -1 | AT43: ='Receita-Despesa'!Q46 -> 18000 | AV43: =AU43-AT43 -> -18000 | AW43: =AU43/AT43-1 -> -1 | AX43: ='Receita-Despesa'!R46 -> 11580 | AZ43: =AY43-AX43 -> -11580 | BA43: =AY43/AX43-1 -> -1 | BB43: =F43+J43+N43+R43+V43+Z43+AD43+AH43+AL43+AP43+AT43+AX43 -> 118660 | BC43: =G43+K43+O43+S43+W43+AA43+AE43+AI43+AM43+AQ43+AU43+AY43 -> 0 | BD43: =BC43-BB43 -> -118660 | BE43: =BC43/BB43-1 -> -1
D44: ='Receita-Despesa'!D47 -> 4- Linha Livre | F44: ='Receita-Despesa'!G47 -> 0 | H44: =G44-F44 -> 0 | I44: =G44/F44-1 -> #DIV/0! | J44: ='Receita-Despesa'!H47 -> 0 | L44: =K44-J44 -> 0 | M44: =K44/J44-1 -> #DIV/0! | N44: ='Receita-Despesa'!I47 -> 0 | P44: =O44-N44 -> 0 | Q44: =O44/N44-1 -> #DIV/0! | R44: ='Receita-Despesa'!J47 -> 0 | T44: =S44-R44 -> 0 | U44: =S44/R44-1 -> #DIV/0! | V44: ='Receita-Despesa'!K47 -> 0 | X44: =W44-V44 -> 0 | Y44: =W44/V44-1 -> #DIV/0! | Z44: ='Receita-Despesa'!L47 -> 0 | AB44: =AA44-Z44 -> 0 | AC44: =AA44/Z44-1 -> #DIV/0! | AD44: ='Receita-Despesa'!M47 -> 0 | AF44: =AE44-AD44 -> 0 | AG44: =AE44/AD44-1 -> #DIV/0! | AH44: ='Receita-Despesa'!N47 -> 0 | AJ44: =AI44-AH44 -> 0 | AK44: =AI44/AH44-1 -> #DIV/0! | AL44: ='Receita-Despesa'!O47 -> 0 | AN44: =AM44-AL44 -> 0 | AO44: =AM44/AL44-1 -> #DIV/0! | AP44: ='Receita-Despesa'!P47 -> 0 | AR44: =AQ44-AP44 -> 0 | AS44: =AQ44/AP44-1 -> #DIV/0! | AT44: ='Receita-Despesa'!Q47 -> 0 | AV44: =AU44-AT44 -> 0 | AW44: =AU44/AT44-1 -> #DIV/0! | AX44: ='Receita-Despesa'!R47 -> 0 | AZ44: =AY44-AX44 -> 0 | BA44: =AY44/AX44-1 -> #DIV/0! | BB44: =F44+J44+N44+R44+V44+Z44+AD44+AH44+AL44+AP44+AT44+AX44 -> 0 | BC44: =G44+K44+O44+S44+W44+AA44+AE44+AI44+AM44+AQ44+AU44+AY44 -> 0 | BD44: =BC44-BB44 -> 0 | BE44: =BC44/BB44-1 -> #DIV/0!
D45: ='Receita-Despesa'!D48 -> 5- Adicional Insalubridade | F45: ='Receita-Despesa'!G48 -> 26000 | H45: =G45-F45 -> -26000 | I45: =G45/F45-1 -> -1 | J45: ='Receita-Despesa'!H48 -> 26000 | L45: =K45-J45 -> -26000 | M45: =K45/J45-1 -> -1 | N45: ='Receita-Despesa'!I48 -> 26000 | P45: =O45-N45 -> -26000 | Q45: =O45/N45-1 -> -1 | R45: ='Receita-Despesa'!J48 -> 28100 | T45: =S45-R45 -> -28100 | U45: =S45/R45-1 -> -1 | V45: ='Receita-Despesa'!K48 -> 28100 | X45: =W45-V45 -> -28100 | Y45: =W45/V45-1 -> -1 | Z45: ='Receita-Despesa'!L48 -> 28100 | AB45: =AA45-Z45 -> -28100 | AC45: =AA45/Z45-1 -> -1 | AD45: ='Receita-Despesa'!M48 -> 28100 | AF45: =AE45-AD45 -> -28100 | AG45: =AE45/AD45-1 -> -1 | AH45: ='Receita-Despesa'!N48 -> 28100 | AJ45: =AI45-AH45 -> -28100 | AK45: =AI45/AH45-1 -> -1 | AL45: ='Receita-Despesa'!O48 -> 28100 | AN45: =AM45-AL45 -> -28100 | AO45: =AM45/AL45-1 -> -1 | AP45: ='Receita-Despesa'!P48 -> 28100 | AR45: =AQ45-AP45 -> -28100 | AS45: =AQ45/AP45-1 -> -1 | AT45: ='Receita-Despesa'!Q48 -> 28100 | AV45: =AU45-AT45 -> -28100 | AW45: =AU45/AT45-1 -> -1 | AX45: ='Receita-Despesa'!R48 -> 28100 | AZ45: =AY45-AX45 -> -28100 | BA45: =AY45/AX45-1 -> -1 | BB45: =F45+J45+N45+R45+V45+Z45+AD45+AH45+AL45+AP45+AT45+AX45 -> 330900 | BC45: =G45+K45+O45+S45+W45+AA45+AE45+AI45+AM45+AQ45+AU45+AY45 -> 0 | BD45: =BC45-BB45 -> -330900 | BE45: =BC45/BB45-1 -> -1
D46: ='Receita-Despesa'!D49 -> 6- Adicional Noturno | F46: ='Receita-Despesa'!G49 -> 11500 | H46: =G46-F46 -> -11500 | I46: =G46/F46-1 -> -1 | J46: ='Receita-Despesa'!H49 -> 11500 | L46: =K46-J46 -> -11500 | M46: =K46/J46-1 -> -1 | N46: ='Receita-Despesa'!I49 -> 11500 | P46: =O46-N46 -> -11500 | Q46: =O46/N46-1 -> -1 | R46: ='Receita-Despesa'!J49 -> 12450 | T46: =S46-R46 -> -12450 | U46: =S46/R46-1 -> -1 | V46: ='Receita-Despesa'!K49 -> 12450 | X46: =W46-V46 -> -12450 | Y46: =W46/V46-1 -> -1 | Z46: ='Receita-Despesa'!L49 -> 12450 | AB46: =AA46-Z46 -> -12450 | AC46: =AA46/Z46-1 -> -1 | AD46: ='Receita-Despesa'!M49 -> 12450 | AF46: =AE46-AD46 -> -12450 | AG46: =AE46/AD46-1 -> -1 | AH46: ='Receita-Despesa'!N49 -> 12450 | AJ46: =AI46-AH46 -> -12450 | AK46: =AI46/AH46-1 -> -1 | AL46: ='Receita-Despesa'!O49 -> 12450 | AN46: =AM46-AL46 -> -12450 | AO46: =AM46/AL46-1 -> -1 | AP46: ='Receita-Despesa'!P49 -> 12450 | AR46: =AQ46-AP46 -> -12450 | AS46: =AQ46/AP46-1 -> -1 | AT46: ='Receita-Despesa'!Q49 -> 12450 | AV46: =AU46-AT46 -> -12450 | AW46: =AU46/AT46-1 -> -1 | AX46: ='Receita-Despesa'!R49 -> 12450 | AZ46: =AY46-AX46 -> -12450 | BA46: =AY46/AX46-1 -> -1 | BB46: =F46+J46+N46+R46+V46+Z46+AD46+AH46+AL46+AP46+AT46+AX46 -> 146550 | BC46: =G46+K46+O46+S46+W46+AA46+AE46+AI46+AM46+AQ46+AU46+AY46 -> 0 | BD46: =BC46-BB46 -> -146550 | BE46: =BC46/BB46-1 -> -1
D47: ='Receita-Despesa'!D50 -> 7- Comissões E Gratificações | F47: ='Receita-Despesa'!G50 -> 32832 | H47: =G47-F47 -> -32832 | I47: =G47/F47-1 -> -1 | J47: ='Receita-Despesa'!H50 -> 32832 | L47: =K47-J47 -> -32832 | M47: =K47/J47-1 -> -1 | N47: ='Receita-Despesa'!I50 -> 32832 | P47: =O47-N47 -> -32832 | Q47: =O47/N47-1 -> -1 | R47: ='Receita-Despesa'!J50 -> 35458.56 | T47: =S47-R47 -> -35458.56 | U47: =S47/R47-1 -> -1 | V47: ='Receita-Despesa'!K50 -> 35458.56 | X47: =W47-V47 -> -35458.56 | Y47: =W47/V47-1 -> -1 | Z47: ='Receita-Despesa'!L50 -> 35458.56 | AB47: =AA47-Z47 -> -35458.56 | AC47: =AA47/Z47-1 -> -1 | AD47: ='Receita-Despesa'!M50 -> 35458.56 | AF47: =AE47-AD47 -> -35458.56 | AG47: =AE47/AD47-1 -> -1 | AH47: ='Receita-Despesa'!N50 -> 35458.56 | AJ47: =AI47-AH47 -> -35458.56 | AK47: =AI47/AH47-1 -> -1 | AL47: ='Receita-Despesa'!O50 -> 35458.56 | AN47: =AM47-AL47 -> -35458.56 | AO47: =AM47/AL47-1 -> -1 | AP47: ='Receita-Despesa'!P50 -> 35458.56 | AR47: =AQ47-AP47 -> -35458.56 | AS47: =AQ47/AP47-1 -> -1 | AT47: ='Receita-Despesa'!Q50 -> 35458.56 | AV47: =AU47-AT47 -> -35458.56 | AW47: =AU47/AT47-1 -> -1 | AX47: ='Receita-Despesa'!R50 -> 35458.56 | AZ47: =AY47-AX47 -> -35458.56 | BA47: =AY47/AX47-1 -> -1 | BB47: =F47+J47+N47+R47+V47+Z47+AD47+AH47+AL47+AP47+AT47+AX47 -> 417623.04 | BC47: =G47+K47+O47+S47+W47+AA47+AE47+AI47+AM47+AQ47+AU47+AY47 -> 0 | BD47: =BC47-BB47 -> -417623.04 | BE47: =BC47/BB47-1 -> -1
D48: ='Receita-Despesa'!D51 -> 8- Férias + 1/3 | F48: ='Receita-Despesa'!G51 -> 67746.053 | H48: =G48-F48 -> -67746.053 | I48: =G48/F48-1 -> -1 | J48: ='Receita-Despesa'!H51 -> 67592.72 | L48: =K48-J48 -> -67592.72 | M48: =K48/J48-1 -> -1 | N48: ='Receita-Despesa'!I51 -> 67479.387 | P48: =O48-N48 -> -67479.387 | Q48: =O48/N48-1 -> -1 | R48: ='Receita-Despesa'!J51 -> 71581.705 | T48: =S48-R48 -> -71581.705 | U48: =S48/R48-1 -> -1 | V48: ='Receita-Despesa'!K51 -> 73427.701 | X48: =W48-V48 -> -73427.701 | Y48: =W48/V48-1 -> -1 | Z48: ='Receita-Despesa'!L51 -> 74143.699 | AB48: =AA48-Z48 -> -74143.699 | AC48: =AA48/Z48-1 -> -1 | AD48: ='Receita-Despesa'!M51 -> 71883.705 | AF48: =AE48-AD48 -> -71883.705 | AG48: =AE48/AD48-1 -> -1 | AH48: ='Receita-Despesa'!N51 -> 71883.705 | AJ48: =AI48-AH48 -> -71883.705 | AK48: =AI48/AH48-1 -> -1 | AL48: ='Receita-Despesa'!O51 -> 74023.699 | AN48: =AM48-AL48 -> -74023.699 | AO48: =AM48/AL48-1 -> -1 | AP48: ='Receita-Despesa'!P51 -> 72917.035 | AR48: =AQ48-AP48 -> -72917.035 | AS48: =AQ48/AP48-1 -> -1 | AT48: ='Receita-Despesa'!Q51 -> 74143.699 | AV48: =AU48-AT48 -> -74143.699 | AW48: =AU48/AT48-1 -> -1 | AX48: ='Receita-Despesa'!R51 -> 73427.701 | AZ48: =AY48-AX48 -> -73427.701 | BA48: =AY48/AX48-1 -> -1 | BB48: =F48+J48+N48+R48+V48+Z48+AD48+AH48+AL48+AP48+AT48+AX48 -> 860250.81 | BC48: =G48+K48+O48+S48+W48+AA48+AE48+AI48+AM48+AQ48+AU48+AY48 -> 0 | BD48: =BC48-BB48 -> -860250.81 | BE48: =BC48/BB48-1 -> -1
D49: ='Receita-Despesa'!D52 -> 9- 13º Salário | F49: ='Receita-Despesa'!G52 -> 50809.667 | H49: =G49-F49 -> -50809.667 | I49: =G49/F49-1 -> -1 | J49: ='Receita-Despesa'!H52 -> 50694.667 | L49: =K49-J49 -> -50694.667 | M49: =K49/J49-1 -> -1 | N49: ='Receita-Despesa'!I52 -> 50609.667 | P49: =O49-N49 -> -50609.667 | Q49: =O49/N49-1 -> -1 | R49: ='Receita-Despesa'!J52 -> 53686.413 | T49: =S49-R49 -> -53686.413 | U49: =S49/R49-1 -> -1 | V49: ='Receita-Despesa'!K52 -> 55070.913 | X49: =W49-V49 -> -55070.913 | Y49: =W49/V49-1 -> -1 | Z49: ='Receita-Despesa'!L52 -> 55607.913 | AB49: =AA49-Z49 -> -55607.913 | AC49: =AA49/Z49-1 -> -1 | AD49: ='Receita-Despesa'!M52 -> 53912.913 | AF49: =AE49-AD49 -> -53912.913 | AG49: =AE49/AD49-1 -> -1 | AH49: ='Receita-Despesa'!N52 -> 53912.913 | AJ49: =AI49-AH49 -> -53912.913 | AK49: =AI49/AH49-1 -> -1 | AL49: ='Receita-Despesa'!O52 -> 55517.913 | AN49: =AM49-AL49 -> -55517.913 | AO49: =AM49/AL49-1 -> -1 | AP49: ='Receita-Despesa'!P52 -> 54687.913 | AR49: =AQ49-AP49 -> -54687.913 | AS49: =AQ49/AP49-1 -> -1 | AT49: ='Receita-Despesa'!Q52 -> 55607.913 | AV49: =AU49-AT49 -> -55607.913 | AW49: =AU49/AT49-1 -> -1 | AX49: ='Receita-Despesa'!R52 -> 55070.913 | AZ49: =AY49-AX49 -> -55070.913 | BA49: =AY49/AX49-1 -> -1 | BB49: =F49+J49+N49+R49+V49+Z49+AD49+AH49+AL49+AP49+AT49+AX49 -> 645189.72 | BC49: =G49+K49+O49+S49+W49+AA49+AE49+AI49+AM49+AQ49+AU49+AY49 -> 0 | BD49: =BC49-BB49 -> -645189.72 | BE49: =BC49/BB49-1 -> -1
D50: ='Receita-Despesa'!D53 -> 10- Aviso Prévio | F50: ='Receita-Despesa'!G53 -> 15000 | H50: =G50-F50 -> -15000 | I50: =G50/F50-1 -> -1 | J50: ='Receita-Despesa'!H53 -> 15000 | L50: =K50-J50 -> -15000 | M50: =K50/J50-1 -> -1 | N50: ='Receita-Despesa'!I53 -> 15000 | P50: =O50-N50 -> -15000 | Q50: =O50/N50-1 -> -1 | R50: ='Receita-Despesa'!J53 -> 15000 | T50: =S50-R50 -> -15000 | U50: =S50/R50-1 -> -1 | V50: ='Receita-Despesa'!K53 -> 15000 | X50: =W50-V50 -> -15000 | Y50: =W50/V50-1 -> -1 | Z50: ='Receita-Despesa'!L53 -> 15000 | AB50: =AA50-Z50 -> -15000 | AC50: =AA50/Z50-1 -> -1 | AD50: ='Receita-Despesa'!M53 -> 15000 | AF50: =AE50-AD50 -> -15000 | AG50: =AE50/AD50-1 -> -1 | AH50: ='Receita-Despesa'!N53 -> 15000 | AJ50: =AI50-AH50 -> -15000 | AK50: =AI50/AH50-1 -> -1 | AL50: ='Receita-Despesa'!O53 -> 15000 | AN50: =AM50-AL50 -> -15000 | AO50: =AM50/AL50-1 -> -1 | AP50: ='Receita-Despesa'!P53 -> 15000 | AR50: =AQ50-AP50 -> -15000 | AS50: =AQ50/AP50-1 -> -1 | AT50: ='Receita-Despesa'!Q53 -> 15000 | AV50: =AU50-AT50 -> -15000 | AW50: =AU50/AT50-1 -> -1 | AX50: ='Receita-Despesa'!R53 -> 15000 | AZ50: =AY50-AX50 -> -15000 | BA50: =AY50/AX50-1 -> -1 | BB50: =F50+J50+N50+R50+V50+Z50+AD50+AH50+AL50+AP50+AT50+AX50 -> 180000 | BC50: =G50+K50+O50+S50+W50+AA50+AE50+AI50+AM50+AQ50+AU50+AY50 -> 0 | BD50: =BC50-BB50 -> -180000 | BE50: =BC50/BB50-1 -> -1
D51: ='Receita-Despesa'!D54 -> 11- Integração Hora Extra c/ DSR | F51: ='Receita-Despesa'!G54 -> 6330 | H51: =G51-F51 -> -6330 | I51: =G51/F51-1 -> -1 | J51: ='Receita-Despesa'!H54 -> 6100 | L51: =K51-J51 -> -6100 | M51: =K51/J51-1 -> -1 | N51: ='Receita-Despesa'!I54 -> 5930 | P51: =O51-N51 -> -5930 | Q51: =O51/N51-1 -> -1 | R51: ='Receita-Despesa'!J54 -> 6830 | T51: =S51-R51 -> -6830 | U51: =S51/R51-1 -> -1 | V51: ='Receita-Despesa'!K54 -> 7426 | X51: =W51-V51 -> -7426 | Y51: =W51/V51-1 -> -1 | Z51: ='Receita-Despesa'!L54 -> 8500 | AB51: =AA51-Z51 -> -8500 | AC51: =AA51/Z51-1 -> -1 | AD51: ='Receita-Despesa'!M54 -> 5110 | AF51: =AE51-AD51 -> -5110 | AG51: =AE51/AD51-1 -> -1 | AH51: ='Receita-Despesa'!N54 -> 5110 | AJ51: =AI51-AH51 -> -5110 | AK51: =AI51/AH51-1 -> -1 | AL51: ='Receita-Despesa'!O54 -> 8320 | AN51: =AM51-AL51 -> -8320 | AO51: =AM51/AL51-1 -> -1 | AP51: ='Receita-Despesa'!P54 -> 6660 | AR51: =AQ51-AP51 -> -6660 | AS51: =AQ51/AP51-1 -> -1 | AT51: ='Receita-Despesa'!Q54 -> 8500 | AV51: =AU51-AT51 -> -8500 | AW51: =AU51/AT51-1 -> -1 | AX51: ='Receita-Despesa'!R54 -> 7426 | AZ51: =AY51-AX51 -> -7426 | BA51: =AY51/AX51-1 -> -1 | BB51: =F51+J51+N51+R51+V51+Z51+AD51+AH51+AL51+AP51+AT51+AX51 -> 82242 | BC51: =G51+K51+O51+S51+W51+AA51+AE51+AI51+AM51+AQ51+AU51+AY51 -> 0 | BD51: =BC51-BB51 -> -82242 | BE51: =BC51/BB51-1 -> -1
D52: ='Receita-Despesa'!D55 -> 12- Repasse Honorários Médicos | F52: ='Receita-Despesa'!G55 -> 0 | H52: =G52-F52 -> 0 | I52: =G52/F52-1 -> #DIV/0! | J52: ='Receita-Despesa'!H55 -> 0 | L52: =K52-J52 -> 0 | M52: =K52/J52-1 -> #DIV/0! | N52: ='Receita-Despesa'!I55 -> 0 | P52: =O52-N52 -> 0 | Q52: =O52/N52-1 -> #DIV/0! | R52: ='Receita-Despesa'!J55 -> 0 | T52: =S52-R52 -> 0 | U52: =S52/R52-1 -> #DIV/0! | V52: ='Receita-Despesa'!K55 -> 0 | X52: =W52-V52 -> 0 | Y52: =W52/V52-1 -> #DIV/0! | Z52: ='Receita-Despesa'!L55 -> 0 | AB52: =AA52-Z52 -> 0 | AC52: =AA52/Z52-1 -> #DIV/0! | AD52: ='Receita-Despesa'!M55 -> 0 | AF52: =AE52-AD52 -> 0 | AG52: =AE52/AD52-1 -> #DIV/0! | AH52: ='Receita-Despesa'!N55 -> 0 | AJ52: =AI52-AH52 -> 0 | AK52: =AI52/AH52-1 -> #DIV/0! | AL52: ='Receita-Despesa'!O55 -> 0 | AN52: =AM52-AL52 -> 0 | AO52: =AM52/AL52-1 -> #DIV/0! | AP52: ='Receita-Despesa'!P55 -> 0 | AR52: =AQ52-AP52 -> 0 | AS52: =AQ52/AP52-1 -> #DIV/0! | AT52: ='Receita-Despesa'!Q55 -> 0 | AV52: =AU52-AT52 -> 0 | AW52: =AU52/AT52-1 -> #DIV/0! | AX52: ='Receita-Despesa'!R55 -> 0 | AZ52: =AY52-AX52 -> 0 | BA52: =AY52/AX52-1 -> #DIV/0! | BB52: =F52+J52+N52+R52+V52+Z52+AD52+AH52+AL52+AP52+AT52+AX52 -> 0 | BC52: =G52+K52+O52+S52+W52+AA52+AE52+AI52+AM52+AQ52+AU52+AY52 -> 0 | BD52: =BC52-BB52 -> 0 | BE52: =BC52/BB52-1 -> #DIV/0!
D53: ='Receita-Despesa'!D56 -> 13- linha livre | F53: ='Receita-Despesa'!G56 -> 0 | H53: =G53-F53 -> 0 | I53: =G53/F53-1 -> #DIV/0! | J53: ='Receita-Despesa'!H56 -> 0 | L53: =K53-J53 -> 0 | M53: =K53/J53-1 -> #DIV/0! | N53: ='Receita-Despesa'!I56 -> 0 | P53: =O53-N53 -> 0 | Q53: =O53/N53-1 -> #DIV/0! | R53: ='Receita-Despesa'!J56 -> 0 | T53: =S53-R53 -> 0 | U53: =S53/R53-1 -> #DIV/0! | V53: ='Receita-Despesa'!K56 -> 0 | X53: =W53-V53 -> 0 | Y53: =W53/V53-1 -> #DIV/0! | Z53: ='Receita-Despesa'!L56 -> 0 | AB53: =AA53-Z53 -> 0 | AC53: =AA53/Z53-1 -> #DIV/0! | AD53: ='Receita-Despesa'!M56 -> 0 | AF53: =AE53-AD53 -> 0 | AG53: =AE53/AD53-1 -> #DIV/0! | AH53: ='Receita-Despesa'!N56 -> 0 | AJ53: =AI53-AH53 -> 0 | AK53: =AI53/AH53-1 -> #DIV/0! | AL53: ='Receita-Despesa'!O56 -> 0 | AN53: =AM53-AL53 -> 0 | AO53: =AM53/AL53-1 -> #DIV/0! | AP53: ='Receita-Despesa'!P56 -> 0 | AR53: =AQ53-AP53 -> 0 | AS53: =AQ53/AP53-1 -> #DIV/0! | AT53: ='Receita-Despesa'!Q56 -> 0 | AV53: =AU53-AT53 -> 0 | AW53: =AU53/AT53-1 -> #DIV/0! | AX53: ='Receita-Despesa'!R56 -> 0 | AZ53: =AY53-AX53 -> 0 | BA53: =AY53/AX53-1 -> #DIV/0! | BB53: =F53+J53+N53+R53+V53+Z53+AD53+AH53+AL53+AP53+AT53+AX53 -> 0 | BC53: =G53+K53+O53+S53+W53+AA53+AE53+AI53+AM53+AQ53+AU53+AY53 -> 0 | BD53: =BC53-BB53 -> 0 | BE53: =BC53/BB53-1 -> #DIV/0!
D54: ='Receita-Despesa'!D57 -> 4.2.1.2. Encargos Sociais | F54: =SUM(F55:F59) -> 89281.364 | G54: =SUM(G55:G59) -> 0 | H54: =G54-F54 -> -89281.364 | I54: =G54/F54-1 -> -1 | J54: =SUM(J55:J59) -> 89067.08 | K54: =SUM(K55:K59) -> 0 | L54: =K54-J54 -> -89067.08 | M54: =K54/J54-1 -> -1 | N54: =SUM(N55:N59) -> 88908.697 | O54: =SUM(O55:O59) -> 0 | P54: =O54-N54 -> -88908.697 | Q54: =O54/N54-1 -> -1 | R54: =SUM(R55:R59) -> 94351.428 | S54: =SUM(S55:S59) -> 0 | T54: =S54-R54 -> -94351.428 | U54: =S54/R54-1 -> -1 | V54: =SUM(V55:V59) -> 96789.967 | W54: =SUM(W55:W59) -> 0 | X54: =W54-V54 -> -96789.967 | Y54: =W54/V54-1 -> -1 | Z54: =SUM(Z55:Z59) -> 97790.577 | AA54: =SUM(AA55:AA59) -> 0 | AB54: =AA54-Z54 -> -97790.577 | AC54: =AA54/Z54-1 -> -1 | AD54: =SUM(AD55:AD59) -> 94632.227 | AE54: =SUM(AE55:AE59) -> 0 | AF54: =AE54-AD54 -> -94632.227 | AG54: =AE54/AD54-1 -> -1 | AH54: =SUM(AH55:AH59) -> 94632.227 | AI54: =SUM(AI55:AI59) -> 0 | AJ54: =AI54-AH54 -> -94632.227 | AK54: =AI54/AH54-1 -> -1 | AL54: =SUM(AL55:AL59) -> 97622.877 | AM54: =SUM(AM55:AM59) -> 0 | AN54: =AM54-AL54 -> -97622.877 | AO54: =AM54/AL54-1 -> -1 | AP54: =SUM(AP55:AP59) -> 96076.31 | AQ54: =SUM(AQ55:AQ59) -> 0 | AR54: =AQ54-AP54 -> -96076.31 | AS54: =AQ54/AP54-1 -> -1 | AT54: =SUM(AT55:AT59) -> 97790.577 | AU54: =SUM(AU55:AU59) -> 0 | AV54: =AU54-AT54 -> -97790.577 | AW54: =AU54/AT54-1 -> -1 | AX54: =SUM(AX55:AX59) -> 96789.967 | AY54: =SUM(AY55:AY59) -> 0 | AZ54: =AY54-AX54 -> -96789.967 | BA54: =AY54/AX54-1 -> -1 | BB54: =F54+J54+N54+R54+V54+Z54+AD54+AH54+AL54+AP54+AT54+AX54 -> 1133733.3 | BC54: =G54+K54+O54+S54+W54+AA54+AE54+AI54+AM54+AQ54+AU54+AY54 -> 0 | BD54: =BC54-BB54 -> -1133733.3 | BE54: =BC54/BB54-1 -> -1
D55: ='Receita-Despesa'!D58 -> 1- Contribuição FGTS (8%) | F55: ='Receita-Despesa'!G58 -> 54942.378 | H55: =G55-F55 -> -54942.378 | I55: =G55/F55-1 -> -1 | J55: ='Receita-Despesa'!H58 -> 54810.511 | L55: =K55-J55 -> -54810.511 | M55: =K55/J55-1 -> -1 | N55: ='Receita-Despesa'!I58 -> 54713.044 | P55: =O55-N55 -> -54713.044 | Q55: =O55/N55-1 -> -1 | R55: ='Receita-Despesa'!J58 -> 58062.417 | T55: =S55-R55 -> -58062.417 | U55: =S55/R55-1 -> -1 | V55: ='Receita-Despesa'!K58 -> 59563.057 | X55: =W55-V55 -> -59563.057 | Y55: =W55/V55-1 -> -1 | Z55: ='Receita-Despesa'!L58 -> 60178.816 | AB55: =AA55-Z55 -> -60178.816 | AC55: =AA55/Z55-1 -> -1 | AD55: ='Receita-Despesa'!M58 -> 58235.217 | AF55: =AE55-AD55 -> -58235.217 | AG55: =AE55/AD55-1 -> -1 | AH55: ='Receita-Despesa'!N58 -> 58235.217 | AJ55: =AI55-AH55 -> -58235.217 | AK55: =AI55/AH55-1 -> -1 | AL55: ='Receita-Despesa'!O58 -> 60075.616 | AN55: =AM55-AL55 -> -60075.616 | AO55: =AM55/AL55-1 -> -1 | AP55: ='Receita-Despesa'!P58 -> 59123.883 | AR55: =AQ55-AP55 -> -59123.883 | AS55: =AQ55/AP55-1 -> -1 | AT55: ='Receita-Despesa'!Q58 -> 60178.816 | AV55: =AU55-AT55 -> -60178.816 | AW55: =AU55/AT55-1 -> -1 | AX55: ='Receita-Despesa'!R58 -> 59563.057 | AZ55: =AY55-AX55 -> -59563.057 | BA55: =AY55/AX55-1 -> -1 | BB55: =F55+J55+N55+R55+V55+Z55+AD55+AH55+AL55+AP55+AT55+AX55 -> 697682.03 | BC55: =G55+K55+O55+S55+W55+AA55+AE55+AI55+AM55+AQ55+AU55+AY55 -> 0 | BD55: =BC55-BB55 -> -697682.03 | BE55: =BC55/BB55-1 -> -1
D56: ='Receita-Despesa'!D59 -> 2- Contribuição PIS (1%) | F56: ='Receita-Despesa'!G59 -> 6867.7972 | H56: =G56-F56 -> -6867.7972 | I56: =G56/F56-1 -> -1 | J56: ='Receita-Despesa'!H59 -> 6851.3139 | L56: =K56-J56 -> -6851.3139 | M56: =K56/J56-1 -> -1 | N56: ='Receita-Despesa'!I59 -> 6839.1305 | P56: =O56-N56 -> -6839.1305 | Q56: =O56/N56-1 -> -1 | R56: ='Receita-Despesa'!J59 -> 7257.8021 | T56: =S56-R56 -> -7257.8021 | U56: =S56/R56-1 -> -1 | V56: ='Receita-Despesa'!K59 -> 7445.3821 | X56: =W56-V56 -> -7445.3821 | Y56: =W56/V56-1 -> -1 | Z56: ='Receita-Despesa'!L59 -> 7522.3521 | AB56: =AA56-Z56 -> -7522.3521 | AC56: =AA56/Z56-1 -> -1 | AD56: ='Receita-Despesa'!M59 -> 7279.4021 | AF56: =AE56-AD56 -> -7279.4021 | AG56: =AE56/AD56-1 -> -1 | AH56: ='Receita-Despesa'!N59 -> 7279.4021 | AJ56: =AI56-AH56 -> -7279.4021 | AK56: =AI56/AH56-1 -> -1 | AL56: ='Receita-Despesa'!O59 -> 7509.4521 | AN56: =AM56-AL56 -> -7509.4521 | AO56: =AM56/AL56-1 -> -1 | AP56: ='Receita-Despesa'!P59 -> 7390.4854 | AR56: =AQ56-AP56 -> -7390.4854 | AS56: =AQ56/AP56-1 -> -1 | AT56: ='Receita-Despesa'!Q59 -> 7522.3521 | AV56: =AU56-AT56 -> -7522.3521 | AW56: =AU56/AT56-1 -> -1 | AX56: ='Receita-Despesa'!R59 -> 7445.3821 | AZ56: =AY56-AX56 -> -7445.3821 | BA56: =AY56/AX56-1 -> -1 | BB56: =F56+J56+N56+R56+V56+Z56+AD56+AH56+AL56+AP56+AT56+AX56 -> 87210.254 | BC56: =G56+K56+O56+S56+W56+AA56+AE56+AI56+AM56+AQ56+AU56+AY56 -> 0 | BD56: =BC56-BB56 -> -87210.254 | BE56: =BC56/BB56-1 -> -1
D57: ='Receita-Despesa'!D60 -> 3- Contribuição Sindical/Assist a Pagar | F57: ='Receita-Despesa'!G60 -> 0 | H57: =G57-F57 -> 0 | I57: =G57/F57-1 -> #DIV/0! | J57: ='Receita-Despesa'!H60 -> 0 | L57: =K57-J57 -> 0 | M57: =K57/J57-1 -> #DIV/0! | N57: ='Receita-Despesa'!I60 -> 0 | P57: =O57-N57 -> 0 | Q57: =O57/N57-1 -> #DIV/0! | R57: ='Receita-Despesa'!J60 -> 0 | T57: =S57-R57 -> 0 | U57: =S57/R57-1 -> #DIV/0! | V57: ='Receita-Despesa'!K60 -> 0 | X57: =W57-V57 -> 0 | Y57: =W57/V57-1 -> #DIV/0! | Z57: ='Receita-Despesa'!L60 -> 0 | AB57: =AA57-Z57 -> 0 | AC57: =AA57/Z57-1 -> #DIV/0! | AD57: ='Receita-Despesa'!M60 -> 0 | AF57: =AE57-AD57 -> 0 | AG57: =AE57/AD57-1 -> #DIV/0! | AH57: ='Receita-Despesa'!N60 -> 0 | AJ57: =AI57-AH57 -> 0 | AK57: =AI57/AH57-1 -> #DIV/0! | AL57: ='Receita-Despesa'!O60 -> 0 | AN57: =AM57-AL57 -> 0 | AO57: =AM57/AL57-1 -> #DIV/0! | AP57: ='Receita-Despesa'!P60 -> 0 | AR57: =AQ57-AP57 -> 0 | AS57: =AQ57/AP57-1 -> #DIV/0! | AT57: ='Receita-Despesa'!Q60 -> 0 | AV57: =AU57-AT57 -> 0 | AW57: =AU57/AT57-1 -> #DIV/0! | AX57: ='Receita-Despesa'!R60 -> 0 | AZ57: =AY57-AX57 -> 0 | BA57: =AY57/AX57-1 -> #DIV/0! | BB57: =F57+J57+N57+R57+V57+Z57+AD57+AH57+AL57+AP57+AT57+AX57 -> 0 | BC57: =G57+K57+O57+S57+W57+AA57+AE57+AI57+AM57+AQ57+AU57+AY57 -> 0 | BD57: =BC57-BB57 -> 0 | BE57: =BC57/BB57-1 -> #DIV/0!
D58: ='Receita-Despesa'!D61 -> 4- FGTS Rescisória (50%) | F58: ='Receita-Despesa'!G61 -> 27471.189 | H58: =G58-F58 -> -27471.189 | I58: =G58/F58-1 -> -1 | J58: ='Receita-Despesa'!H61 -> 27405.255 | L58: =K58-J58 -> -27405.255 | M58: =K58/J58-1 -> -1 | N58: ='Receita-Despesa'!I61 -> 27356.522 | P58: =O58-N58 -> -27356.522 | Q58: =O58/N58-1 -> -1 | R58: ='Receita-Despesa'!J61 -> 29031.208 | T58: =S58-R58 -> -29031.208 | U58: =S58/R58-1 -> -1 | V58: ='Receita-Despesa'!K61 -> 29781.528 | X58: =W58-V58 -> -29781.528 | Y58: =W58/V58-1 -> -1 | Z58: ='Receita-Despesa'!L61 -> 30089.408 | AB58: =AA58-Z58 -> -30089.408 | AC58: =AA58/Z58-1 -> -1 | AD58: ='Receita-Despesa'!M61 -> 29117.608 | AF58: =AE58-AD58 -> -29117.608 | AG58: =AE58/AD58-1 -> -1 | AH58: ='Receita-Despesa'!N61 -> 29117.608 | AJ58: =AI58-AH58 -> -29117.608 | AK58: =AI58/AH58-1 -> -1 | AL58: ='Receita-Despesa'!O61 -> 30037.808 | AN58: =AM58-AL58 -> -30037.808 | AO58: =AM58/AL58-1 -> -1 | AP58: ='Receita-Despesa'!P61 -> 29561.942 | AR58: =AQ58-AP58 -> -29561.942 | AS58: =AQ58/AP58-1 -> -1 | AT58: ='Receita-Despesa'!Q61 -> 30089.408 | AV58: =AU58-AT58 -> -30089.408 | AW58: =AU58/AT58-1 -> -1 | AX58: ='Receita-Despesa'!R61 -> 29781.528 | AZ58: =AY58-AX58 -> -29781.528 | BA58: =AY58/AX58-1 -> -1 | BB58: =F58+J58+N58+R58+V58+Z58+AD58+AH58+AL58+AP58+AT58+AX58 -> 348841.01 | BC58: =G58+K58+O58+S58+W58+AA58+AE58+AI58+AM58+AQ58+AU58+AY58 -> 0 | BD58: =BC58-BB58 -> -348841.01 | BE58: =BC58/BB58-1 -> -1
D59: ='Receita-Despesa'!D62 -> 5- linha livre | F59: ='Receita-Despesa'!G62 -> 0 | H59: =G59-F59 -> 0 | I59: =G59/F59-1 -> #DIV/0! | J59: ='Receita-Despesa'!H62 -> 0 | L59: =K59-J59 -> 0 | M59: =K59/J59-1 -> #DIV/0! | N59: ='Receita-Despesa'!I62 -> 0 | P59: =O59-N59 -> 0 | Q59: =O59/N59-1 -> #DIV/0! | R59: ='Receita-Despesa'!J62 -> 0 | T59: =S59-R59 -> 0 | U59: =S59/R59-1 -> #DIV/0! | V59: ='Receita-Despesa'!K62 -> 0 | X59: =W59-V59 -> 0 | Y59: =W59/V59-1 -> #DIV/0! | Z59: ='Receita-Despesa'!L62 -> 0 | AB59: =AA59-Z59 -> 0 | AC59: =AA59/Z59-1 -> #DIV/0! | AD59: ='Receita-Despesa'!M62 -> 0 | AF59: =AE59-AD59 -> 0 | AG59: =AE59/AD59-1 -> #DIV/0! | AH59: ='Receita-Despesa'!N62 -> 0 | AJ59: =AI59-AH59 -> 0 | AK59: =AI59/AH59-1 -> #DIV/0! | AL59: ='Receita-Despesa'!O62 -> 0 | AN59: =AM59-AL59 -> 0 | AO59: =AM59/AL59-1 -> #DIV/0! | AP59: ='Receita-Despesa'!P62 -> 0 | AR59: =AQ59-AP59 -> 0 | AS59: =AQ59/AP59-1 -> #DIV/0! | AT59: ='Receita-Despesa'!Q62 -> 0 | AV59: =AU59-AT59 -> 0 | AW59: =AU59/AT59-1 -> #DIV/0! | AX59: ='Receita-Despesa'!R62 -> 0 | AZ59: =AY59-AX59 -> 0 | BA59: =AY59/AX59-1 -> #DIV/0! | BB59: =F59+J59+N59+R59+V59+Z59+AD59+AH59+AL59+AP59+AT59+AX59 -> 0 | BC59: =G59+K59+O59+S59+W59+AA59+AE59+AI59+AM59+AQ59+AU59+AY59 -> 0 | BD59: =BC59-BB59 -> 0 | BE59: =BC59/BB59-1 -> #DIV/0!
D60: ='Receita-Despesa'!D63 -> 4.2.1.3. Benefícios a Funcionários | F60: =SUM(F61:F65) -> 550 | G60: =SUM(G61:G65) -> 0 | H60: =G60-F60 -> -550 | I60: =G60/F60-1 -> -1 | J60: =SUM(J61:J65) -> 550 | K60: =SUM(K61:K65) -> 0 | L60: =K60-J60 -> -550 | M60: =K60/J60-1 -> -1 | N60: =SUM(N61:N65) -> 550 | O60: =SUM(O61:O65) -> 0 | P60: =O60-N60 -> -550 | Q60: =O60/N60-1 -> -1 | R60: =SUM(R61:R65) -> 550 | S60: =SUM(S61:S65) -> 0 | T60: =S60-R60 -> -550 | U60: =S60/R60-1 -> -1 | V60: =SUM(V61:V65) -> 550 | W60: =SUM(W61:W65) -> 0 | X60: =W60-V60 -> -550 | Y60: =W60/V60-1 -> -1 | Z60: =SUM(Z61:Z65) -> 550 | AA60: =SUM(AA61:AA65) -> 0 | AB60: =AA60-Z60 -> -550 | AC60: =AA60/Z60-1 -> -1 | AD60: =SUM(AD61:AD65) -> 550 | AE60: =SUM(AE61:AE65) -> 0 | AF60: =AE60-AD60 -> -550 | AG60: =AE60/AD60-1 -> -1 | AH60: =SUM(AH61:AH65) -> 550 | AI60: =SUM(AI61:AI65) -> 0 | AJ60: =AI60-AH60 -> -550 | AK60: =AI60/AH60-1 -> -1 | AL60: =SUM(AL61:AL65) -> 550 | AM60: =SUM(AM61:AM65) -> 0 | AN60: =AM60-AL60 -> -550 | AO60: =AM60/AL60-1 -> -1 | AP60: =SUM(AP61:AP65) -> 550 | AQ60: =SUM(AQ61:AQ65) -> 0 | AR60: =AQ60-AP60 -> -550 | AS60: =AQ60/AP60-1 -> -1 | AT60: =SUM(AT61:AT65) -> 550 | AU60: =SUM(AU61:AU65) -> 0 | AV60: =AU60-AT60 -> -550 | AW60: =AU60/AT60-1 -> -1 | AX60: =SUM(AX61:AX65) -> 550 | AY60: =SUM(AY61:AY65) -> 0 | AZ60: =AY60-AX60 -> -550 | BA60: =AY60/AX60-1 -> -1 | BB60: =F60+J60+N60+R60+V60+Z60+AD60+AH60+AL60+AP60+AT60+AX60 -> 6600 | BC60: =G60+K60+O60+S60+W60+AA60+AE60+AI60+AM60+AQ60+AU60+AY60 -> 0 | BD60: =BC60-BB60 -> -6600 | BE60: =BC60/BB60-1 -> -1
D61: ='Receita-Despesa'!D64 -> 1- Vale Transporte | F61: ='Receita-Despesa'!G64 -> 550 | H61: =G61-F61 -> -550 | I61: =G61/F61-1 -> -1 | J61: ='Receita-Despesa'!H64 -> 550 | L61: =K61-J61 -> -550 | M61: =K61/J61-1 -> -1 | N61: ='Receita-Despesa'!I64 -> 550 | P61: =O61-N61 -> -550 | Q61: =O61/N61-1 -> -1 | R61: ='Receita-Despesa'!J64 -> 550 | T61: =S61-R61 -> -550 | U61: =S61/R61-1 -> -1 | V61: ='Receita-Despesa'!K64 -> 550 | X61: =W61-V61 -> -550 | Y61: =W61/V61-1 -> -1 | Z61: ='Receita-Despesa'!L64 -> 550 | AB61: =AA61-Z61 -> -550 | AC61: =AA61/Z61-1 -> -1 | AD61: ='Receita-Despesa'!M64 -> 550 | AF61: =AE61-AD61 -> -550 | AG61: =AE61/AD61-1 -> -1 | AH61: ='Receita-Despesa'!N64 -> 550 | AJ61: =AI61-AH61 -> -550 | AK61: =AI61/AH61-1 -> -1 | AL61: ='Receita-Despesa'!O64 -> 550 | AN61: =AM61-AL61 -> -550 | AO61: =AM61/AL61-1 -> -1 | AP61: ='Receita-Despesa'!P64 -> 550 | AR61: =AQ61-AP61 -> -550 | AS61: =AQ61/AP61-1 -> -1 | AT61: ='Receita-Despesa'!Q64 -> 550 | AV61: =AU61-AT61 -> -550 | AW61: =AU61/AT61-1 -> -1 | AX61: ='Receita-Despesa'!R64 -> 550 | AZ61: =AY61-AX61 -> -550 | BA61: =AY61/AX61-1 -> -1 | BB61: =F61+J61+N61+R61+V61+Z61+AD61+AH61+AL61+AP61+AT61+AX61 -> 6600 | BC61: =G61+K61+O61+S61+W61+AA61+AE61+AI61+AM61+AQ61+AU61+AY61 -> 0 | BD61: =BC61-BB61 -> -6600 | BE61: =BC61/BB61-1 -> -1
D62: ='Receita-Despesa'!D65 -> 2- Uniformes | F62: ='Receita-Despesa'!G65 -> 0 | H62: =G62-F62 -> 0 | I62: =G62/F62-1 -> #DIV/0! | J62: ='Receita-Despesa'!H65 -> 0 | L62: =K62-J62 -> 0 | M62: =K62/J62-1 -> #DIV/0! | N62: ='Receita-Despesa'!I65 -> 0 | P62: =O62-N62 -> 0 | Q62: =O62/N62-1 -> #DIV/0! | R62: ='Receita-Despesa'!J65 -> 0 | T62: =S62-R62 -> 0 | U62: =S62/R62-1 -> #DIV/0! | V62: ='Receita-Despesa'!K65 -> 0 | X62: =W62-V62 -> 0 | Y62: =W62/V62-1 -> #DIV/0! | Z62: ='Receita-Despesa'!L65 -> 0 | AB62: =AA62-Z62 -> 0 | AC62: =AA62/Z62-1 -> #DIV/0! | AD62: ='Receita-Despesa'!M65 -> 0 | AF62: =AE62-AD62 -> 0 | AG62: =AE62/AD62-1 -> #DIV/0! | AH62: ='Receita-Despesa'!N65 -> 0 | AJ62: =AI62-AH62 -> 0 | AK62: =AI62/AH62-1 -> #DIV/0! | AL62: ='Receita-Despesa'!O65 -> 0 | AN62: =AM62-AL62 -> 0 | AO62: =AM62/AL62-1 -> #DIV/0! | AP62: ='Receita-Despesa'!P65 -> 0 | AR62: =AQ62-AP62 -> 0 | AS62: =AQ62/AP62-1 -> #DIV/0! | AT62: ='Receita-Despesa'!Q65 -> 0 | AV62: =AU62-AT62 -> 0 | AW62: =AU62/AT62-1 -> #DIV/0! | AX62: ='Receita-Despesa'!R65 -> 0 | AZ62: =AY62-AX62 -> 0 | BA62: =AY62/AX62-1 -> #DIV/0! | BB62: =F62+J62+N62+R62+V62+Z62+AD62+AH62+AL62+AP62+AT62+AX62 -> 0 | BC62: =G62+K62+O62+S62+W62+AA62+AE62+AI62+AM62+AQ62+AU62+AY62 -> 0 | BD62: =BC62-BB62 -> 0 | BE62: =BC62/BB62-1 -> #DIV/0!
D63: ='Receita-Despesa'!D66 -> 3- Assistência Médica e Odontológica | F63: ='Receita-Despesa'!G66 -> 0 | H63: =G63-F63 -> 0 | I63: =G63/F63-1 -> #DIV/0! | J63: ='Receita-Despesa'!H66 -> 0 | L63: =K63-J63 -> 0 | M63: =K63/J63-1 -> #DIV/0! | N63: ='Receita-Despesa'!I66 -> 0 | P63: =O63-N63 -> 0 | Q63: =O63/N63-1 -> #DIV/0! | R63: ='Receita-Despesa'!J66 -> 0 | T63: =S63-R63 -> 0 | U63: =S63/R63-1 -> #DIV/0! | V63: ='Receita-Despesa'!K66 -> 0 | X63: =W63-V63 -> 0 | Y63: =W63/V63-1 -> #DIV/0! | Z63: ='Receita-Despesa'!L66 -> 0 | AB63: =AA63-Z63 -> 0 | AC63: =AA63/Z63-1 -> #DIV/0! | AD63: ='Receita-Despesa'!M66 -> 0 | AF63: =AE63-AD63 -> 0 | AG63: =AE63/AD63-1 -> #DIV/0! | AH63: ='Receita-Despesa'!N66 -> 0 | AJ63: =AI63-AH63 -> 0 | AK63: =AI63/AH63-1 -> #DIV/0! | AL63: ='Receita-Despesa'!O66 -> 0 | AN63: =AM63-AL63 -> 0 | AO63: =AM63/AL63-1 -> #DIV/0! | AP63: ='Receita-Despesa'!P66 -> 0 | AR63: =AQ63-AP63 -> 0 | AS63: =AQ63/AP63-1 -> #DIV/0! | AT63: ='Receita-Despesa'!Q66 -> 0 | AV63: =AU63-AT63 -> 0 | AW63: =AU63/AT63-1 -> #DIV/0! | AX63: ='Receita-Despesa'!R66 -> 0 | AZ63: =AY63-AX63 -> 0 | BA63: =AY63/AX63-1 -> #DIV/0! | BB63: =F63+J63+N63+R63+V63+Z63+AD63+AH63+AL63+AP63+AT63+AX63 -> 0 | BC63: =G63+K63+O63+S63+W63+AA63+AE63+AI63+AM63+AQ63+AU63+AY63 -> 0 | BD63: =BC63-BB63 -> 0 | BE63: =BC63/BB63-1 -> #DIV/0!
D64: ='Receita-Despesa'!D67 -> 4- Cesta Básica/Refeição | F64: ='Receita-Despesa'!G67 -> 0 | H64: =G64-F64 -> 0 | I64: =G64/F64-1 -> #DIV/0! | J64: ='Receita-Despesa'!H67 -> 0 | L64: =K64-J64 -> 0 | M64: =K64/J64-1 -> #DIV/0! | N64: ='Receita-Despesa'!I67 -> 0 | P64: =O64-N64 -> 0 | Q64: =O64/N64-1 -> #DIV/0! | R64: ='Receita-Despesa'!J67 -> 0 | T64: =S64-R64 -> 0 | U64: =S64/R64-1 -> #DIV/0! | V64: ='Receita-Despesa'!K67 -> 0 | X64: =W64-V64 -> 0 | Y64: =W64/V64-1 -> #DIV/0! | Z64: ='Receita-Despesa'!L67 -> 0 | AB64: =AA64-Z64 -> 0 | AC64: =AA64/Z64-1 -> #DIV/0! | AD64: ='Receita-Despesa'!M67 -> 0 | AF64: =AE64-AD64 -> 0 | AG64: =AE64/AD64-1 -> #DIV/0! | AH64: ='Receita-Despesa'!N67 -> 0 | AJ64: =AI64-AH64 -> 0 | AK64: =AI64/AH64-1 -> #DIV/0! | AL64: ='Receita-Despesa'!O67 -> 0 | AN64: =AM64-AL64 -> 0 | AO64: =AM64/AL64-1 -> #DIV/0! | AP64: ='Receita-Despesa'!P67 -> 0 | AR64: =AQ64-AP64 -> 0 | AS64: =AQ64/AP64-1 -> #DIV/0! | AT64: ='Receita-Despesa'!Q67 -> 0 | AV64: =AU64-AT64 -> 0 | AW64: =AU64/AT64-1 -> #DIV/0! | AX64: ='Receita-Despesa'!R67 -> 0 | AZ64: =AY64-AX64 -> 0 | BA64: =AY64/AX64-1 -> #DIV/0! | BB64: =F64+J64+N64+R64+V64+Z64+AD64+AH64+AL64+AP64+AT64+AX64 -> 0 | BC64: =G64+K64+O64+S64+W64+AA64+AE64+AI64+AM64+AQ64+AU64+AY64 -> 0 | BD64: =BC64-BB64 -> 0 | BE64: =BC64/BB64-1 -> #DIV/0!
D65: ='Receita-Despesa'!D68 -> 5-Seguro de vida | F65: ='Receita-Despesa'!G68 -> 0 | H65: =G65-F65 -> 0 | I65: =G65/F65-1 -> #DIV/0! | J65: ='Receita-Despesa'!H68 -> 0 | L65: =K65-J65 -> 0 | M65: =K65/J65-1 -> #DIV/0! | N65: ='Receita-Despesa'!I68 -> 0 | P65: =O65-N65 -> 0 | Q65: =O65/N65-1 -> #DIV/0! | R65: ='Receita-Despesa'!J68 -> 0 | T65: =S65-R65 -> 0 | U65: =S65/R65-1 -> #DIV/0! | V65: ='Receita-Despesa'!K68 -> 0 | X65: =W65-V65 -> 0 | Y65: =W65/V65-1 -> #DIV/0! | Z65: ='Receita-Despesa'!L68 -> 0 | AB65: =AA65-Z65 -> 0 | AC65: =AA65/Z65-1 -> #DIV/0! | AD65: ='Receita-Despesa'!M68 -> 0 | AF65: =AE65-AD65 -> 0 | AG65: =AE65/AD65-1 -> #DIV/0! | AH65: ='Receita-Despesa'!N68 -> 0 | AJ65: =AI65-AH65 -> 0 | AK65: =AI65/AH65-1 -> #DIV/0! | AL65: ='Receita-Despesa'!O68 -> 0 | AN65: =AM65-AL65 -> 0 | AO65: =AM65/AL65-1 -> #DIV/0! | AP65: ='Receita-Despesa'!P68 -> 0 | AR65: =AQ65-AP65 -> 0 | AS65: =AQ65/AP65-1 -> #DIV/0! | AT65: ='Receita-Despesa'!Q68 -> 0 | AV65: =AU65-AT65 -> 0 | AW65: =AU65/AT65-1 -> #DIV/0! | AX65: ='Receita-Despesa'!R68 -> 0 | AZ65: =AY65-AX65 -> 0 | BA65: =AY65/AX65-1 -> #DIV/0! | BB65: =F65+J65+N65+R65+V65+Z65+AD65+AH65+AL65+AP65+AT65+AX65 -> 0 | BC65: =G65+K65+O65+S65+W65+AA65+AE65+AI65+AM65+AQ65+AU65+AY65 -> 0 | BD65: =BC65-BB65 -> 0 | BE65: =BC65/BB65-1 -> #DIV/0!
D66: ='Receita-Despesa'!D69 -> 4.2.1.4 (Serviços de Terceiros - PJ) | F66: =SUM(F67:F116) -> 1409491.7 | G66: =SUM(G67:G115) -> 0 | H66: =G66-F66 -> -1409491.7 | I66: =G66/F66-1 -> -1 | J66: =SUM(J67:J116) -> 180793.84 | K66: =SUM(K67:K115) -> 0 | L66: =K66-J66 -> -180793.84 | M66: =K66/J66-1 -> -1 | N66: =SUM(N67:N116) -> 186480.53 | O66: =SUM(O67:O115) -> 0 | P66: =O66-N66 -> -186480.53 | Q66: =O66/N66-1 -> -1 | R66: =SUM(R67:R116) -> 1410226.7 | S66: =SUM(S67:S115) -> 0 | T66: =S66-R66 -> -1410226.7 | U66: =S66/R66-1 -> -1 | V66: =SUM(V67:V116) -> 1407925.7 | W66: =SUM(W67:W115) -> 0 | X66: =W66-V66 -> -1407925.7 | Y66: =W66/V66-1 -> -1 | Z66: =SUM(Z67:Z116) -> 1407684.7 | AA66: =SUM(AA67:AA115) -> 0 | AB66: =AA66-Z66 -> -1407684.7 | AC66: =AA66/Z66-1 -> -1 | AD66: =SUM(AD67:AD116) -> 1411257.7 | AE66: =SUM(AE67:AE115) -> 0 | AF66: =AE66-AD66 -> -1411257.7 | AG66: =AE66/AD66-1 -> -1 | AH66: =SUM(AH67:AH116) -> 1413622.7 | AI66: =SUM(AI67:AI115) -> 0 | AJ66: =AI66-AH66 -> -1413622.7 | AK66: =AI66/AH66-1 -> -1 | AL66: =SUM(AL67:AL116) -> 1411885.7 | AM66: =SUM(AM67:AM115) -> 0 | AN66: =AM66-AL66 -> -1411885.7 | AO66: =AM66/AL66-1 -> -1 | AP66: =SUM(AP67:AP116) -> 1414108.7 | AQ66: =SUM(AQ67:AQ115) -> 0 | AR66: =AQ66-AP66 -> -1414108.7 | AS66: =AQ66/AP66-1 -> -1 | AT66: =SUM(AT67:AT116) -> 1411885.7 | AU66: =SUM(AU67:AU115) -> 0 | AV66: =AU66-AT66 -> -1411885.7 | AW66: =AU66/AT66-1 -> -1 | AX66: =SUM(AX67:AX116) -> 1414108.7 | AY66: =SUM(AY67:AY115) -> 0 | AZ66: =AY66-AX66 -> -1414108.7 | BA66: =AY66/AX66-1 -> -1 | BB66: =F66+J66+N66+R66+V66+Z66+AD66+AH66+AL66+AP66+AT66+AX66 -> 14479472 | BC66: =G66+K66+O66+S66+W66+AA66+AE66+AI66+AM66+AQ66+AU66+AY66 -> 0 | BD66: =BC66-BB66 -> -14479472 | BE66: =BC66/BB66-1 -> -1
D67: ='Receita-Despesa'!D70 -> 1 - Treinamento e Educação Permanente | F67: ='Receita-Despesa'!G70 -> 1000 | H67: =G67-F67 -> -1000 | I67: =G67/F67-1 -> -1 | J67: ='Receita-Despesa'!H70 -> 1000 | L67: =K67-J67 -> -1000 | M67: =K67/J67-1 -> -1 | N67: ='Receita-Despesa'!I70 -> 1000 | P67: =O67-N67 -> -1000 | Q67: =O67/N67-1 -> -1 | R67: ='Receita-Despesa'!J70 -> 1000 | T67: =S67-R67 -> -1000 | U67: =S67/R67-1 -> -1 | V67: ='Receita-Despesa'!K70 -> 1000 | X67: =W67-V67 -> -1000 | Y67: =W67/V67-1 -> -1 | Z67: ='Receita-Despesa'!L70 -> 1000 | AB67: =AA67-Z67 -> -1000 | AC67: =AA67/Z67-1 -> -1 | AD67: ='Receita-Despesa'!M70 -> 1000 | AF67: =AE67-AD67 -> -1000 | AG67: =AE67/AD67-1 -> -1 | AH67: ='Receita-Despesa'!N70 -> 1000 | AJ67: =AI67-AH67 -> -1000 | AK67: =AI67/AH67-1 -> -1 | AL67: ='Receita-Despesa'!O70 -> 1000 | AN67: =AM67-AL67 -> -1000 | AO67: =AM67/AL67-1 -> -1 | AP67: ='Receita-Despesa'!P70 -> 1000 | AR67: =AQ67-AP67 -> -1000 | AS67: =AQ67/AP67-1 -> -1 | AT67: ='Receita-Despesa'!Q70 -> 1000 | AV67: =AU67-AT67 -> -1000 | AW67: =AU67/AT67-1 -> -1 | AX67: ='Receita-Despesa'!R70 -> 1000 | AZ67: =AY67-AX67 -> -1000 | BA67: =AY67/AX67-1 -> -1 | BB67: =F67+J67+N67+R67+V67+Z67+AD67+AH67+AL67+AP67+AT67+AX67 -> 12000 | BC67: =G67+K67+O67+S67+W67+AA67+AE67+AI67+AM67+AQ67+AU67+AY67 -> 0 | BD67: =BC67-BB67 -> -12000 | BE67: =BC67/BB67-1 -> -1
C68: 2- | D68: ='Receita-Despesa'!D71 -> 2 - Internet | F68: ='Receita-Despesa'!G71 -> 3535 | H68: =G68-F68 -> -3535 | I68: =G68/F68-1 -> -1 | J68: ='Receita-Despesa'!H71 -> 3535 | L68: =K68-J68 -> -3535 | M68: =K68/J68-1 -> -1 | N68: ='Receita-Despesa'!I71 -> 3535 | P68: =O68-N68 -> -3535 | Q68: =O68/N68-1 -> -1 | R68: ='Receita-Despesa'!J71 -> 3535 | T68: =S68-R68 -> -3535 | U68: =S68/R68-1 -> -1 | V68: ='Receita-Despesa'!K71 -> 3535 | X68: =W68-V68 -> -3535 | Y68: =W68/V68-1 -> -1 | Z68: ='Receita-Despesa'!L71 -> 3535 | AB68: =AA68-Z68 -> -3535 | AC68: =AA68/Z68-1 -> -1 | AD68: ='Receita-Despesa'!M71 -> 3535 | AF68: =AE68-AD68 -> -3535 | AG68: =AE68/AD68-1 -> -1 | AH68: ='Receita-Despesa'!N71 -> 3535 | AJ68: =AI68-AH68 -> -3535 | AK68: =AI68/AH68-1 -> -1 | AL68: ='Receita-Despesa'!O71 -> 3535 | AN68: =AM68-AL68 -> -3535 | AO68: =AM68/AL68-1 -> -1 | AP68: ='Receita-Despesa'!P71 -> 3535 | AR68: =AQ68-AP68 -> -3535 | AS68: =AQ68/AP68-1 -> -1 | AT68: ='Receita-Despesa'!Q71 -> 3535 | AV68: =AU68-AT68 -> -3535 | AW68: =AU68/AT68-1 -> -1 | AX68: ='Receita-Despesa'!R71 -> 3535 | AZ68: =AY68-AX68 -> -3535 | BA68: =AY68/AX68-1 -> -1 | BB68: =F68+J68+N68+R68+V68+Z68+AD68+AH68+AL68+AP68+AT68+AX68 -> 42420 | BC68: =G68+K68+O68+S68+W68+AA68+AE68+AI68+AM68+AQ68+AU68+AY68 -> 0 | BD68: =BC68-BB68 -> -42420 | BE68: =BC68/BB68-1 -> -1
C69: 3- | D69: ='Receita-Despesa'!D72 -> 3- Assessoria RH / Recrutamento e Seleção de Pessoal | F69: ='Receita-Despesa'!G72 -> 0 | H69: =G69-F69 -> 0 | I69: =G69/F69-1 -> #DIV/0! | J69: ='Receita-Despesa'!H72 -> 0 | L69: =K69-J69 -> 0 | M69: =K69/J69-1 -> #DIV/0! | N69: ='Receita-Despesa'!I72 -> 0 | P69: =O69-N69 -> 0 | Q69: =O69/N69-1 -> #DIV/0! | R69: ='Receita-Despesa'!J72 -> 0 | T69: =S69-R69 -> 0 | U69: =S69/R69-1 -> #DIV/0! | V69: ='Receita-Despesa'!K72 -> 0 | X69: =W69-V69 -> 0 | Y69: =W69/V69-1 -> #DIV/0! | Z69: ='Receita-Despesa'!L72 -> 0 | AB69: =AA69-Z69 -> 0 | AC69: =AA69/Z69-1 -> #DIV/0! | AD69: ='Receita-Despesa'!M72 -> 0 | AF69: =AE69-AD69 -> 0 | AG69: =AE69/AD69-1 -> #DIV/0! | AH69: ='Receita-Despesa'!N72 -> 0 | AJ69: =AI69-AH69 -> 0 | AK69: =AI69/AH69-1 -> #DIV/0! | AL69: ='Receita-Despesa'!O72 -> 0 | AN69: =AM69-AL69 -> 0 | AO69: =AM69/AL69-1 -> #DIV/0! | AP69: ='Receita-Despesa'!P72 -> 0 | AR69: =AQ69-AP69 -> 0 | AS69: =AQ69/AP69-1 -> #DIV/0! | AT69: ='Receita-Despesa'!Q72 -> 0 | AV69: =AU69-AT69 -> 0 | AW69: =AU69/AT69-1 -> #DIV/0! | AX69: ='Receita-Despesa'!R72 -> 0 | AZ69: =AY69-AX69 -> 0 | BA69: =AY69/AX69-1 -> #DIV/0! | BB69: =F69+J69+N69+R69+V69+Z69+AD69+AH69+AL69+AP69+AT69+AX69 -> 0 | BC69: =G69+K69+O69+S69+W69+AA69+AE69+AI69+AM69+AQ69+AU69+AY69 -> 0 | BD69: =BC69-BB69 -> 0 | BE69: =BC69/BB69-1 -> #DIV/0!
C70: 4- | D70: ='Receita-Despesa'!D73 -> 4- Dosimetria | F70: ='Receita-Despesa'!G73 -> 560 | H70: =G70-F70 -> -560 | I70: =G70/F70-1 -> -1 | J70: ='Receita-Despesa'!H73 -> 560 | L70: =K70-J70 -> -560 | M70: =K70/J70-1 -> -1 | N70: ='Receita-Despesa'!I73 -> 560 | P70: =O70-N70 -> -560 | Q70: =O70/N70-1 -> -1 | R70: ='Receita-Despesa'!J73 -> 560 | T70: =S70-R70 -> -560 | U70: =S70/R70-1 -> -1 | V70: ='Receita-Despesa'!K73 -> 560 | X70: =W70-V70 -> -560 | Y70: =W70/V70-1 -> -1 | Z70: ='Receita-Despesa'!L73 -> 560 | AB70: =AA70-Z70 -> -560 | AC70: =AA70/Z70-1 -> -1 | AD70: ='Receita-Despesa'!M73 -> 595 | AF70: =AE70-AD70 -> -595 | AG70: =AE70/AD70-1 -> -1 | AH70: ='Receita-Despesa'!N73 -> 595 | AJ70: =AI70-AH70 -> -595 | AK70: =AI70/AH70-1 -> -1 | AL70: ='Receita-Despesa'!O73 -> 595 | AN70: =AM70-AL70 -> -595 | AO70: =AM70/AL70-1 -> -1 | AP70: ='Receita-Despesa'!P73 -> 595 | AR70: =AQ70-AP70 -> -595 | AS70: =AQ70/AP70-1 -> -1 | AT70: ='Receita-Despesa'!Q73 -> 595 | AV70: =AU70-AT70 -> -595 | AW70: =AU70/AT70-1 -> -1 | AX70: ='Receita-Despesa'!R73 -> 595 | AZ70: =AY70-AX70 -> -595 | BA70: =AY70/AX70-1 -> -1 | BB70: =F70+J70+N70+R70+V70+Z70+AD70+AH70+AL70+AP70+AT70+AX70 -> 6930 | BC70: =G70+K70+O70+S70+W70+AA70+AE70+AI70+AM70+AQ70+AU70+AY70 -> 0 | BD70: =BC70-BB70 -> -6930 | BE70: =BC70/BB70-1 -> -1
C71: 5- | D71: ='Receita-Despesa'!D74 -> 5- Assessorias (desenvolvimento, implantação, suporte) | F71: ='Receita-Despesa'!G74 -> 0 | H71: =G71-F71 -> 0 | I71: =G71/F71-1 -> #DIV/0! | J71: ='Receita-Despesa'!H74 -> 0 | L71: =K71-J71 -> 0 | M71: =K71/J71-1 -> #DIV/0! | N71: ='Receita-Despesa'!I74 -> 0 | P71: =O71-N71 -> 0 | Q71: =O71/N71-1 -> #DIV/0! | R71: ='Receita-Despesa'!J74 -> 0 | T71: =S71-R71 -> 0 | U71: =S71/R71-1 -> #DIV/0! | V71: ='Receita-Despesa'!K74 -> 0 | X71: =W71-V71 -> 0 | Y71: =W71/V71-1 -> #DIV/0! | Z71: ='Receita-Despesa'!L74 -> 0 | AB71: =AA71-Z71 -> 0 | AC71: =AA71/Z71-1 -> #DIV/0! | AD71: ='Receita-Despesa'!M74 -> 0 | AF71: =AE71-AD71 -> 0 | AG71: =AE71/AD71-1 -> #DIV/0! | AH71: ='Receita-Despesa'!N74 -> 0 | AJ71: =AI71-AH71 -> 0 | AK71: =AI71/AH71-1 -> #DIV/0! | AL71: ='Receita-Despesa'!O74 -> 0 | AN71: =AM71-AL71 -> 0 | AO71: =AM71/AL71-1 -> #DIV/0! | AP71: ='Receita-Despesa'!P74 -> 0 | AR71: =AQ71-AP71 -> 0 | AS71: =AQ71/AP71-1 -> #DIV/0! | AT71: ='Receita-Despesa'!Q74 -> 0 | AV71: =AU71-AT71 -> 0 | AW71: =AU71/AT71-1 -> #DIV/0! | AX71: ='Receita-Despesa'!R74 -> 0 | AZ71: =AY71-AX71 -> 0 | BA71: =AY71/AX71-1 -> #DIV/0! | BB71: =F71+J71+N71+R71+V71+Z71+AD71+AH71+AL71+AP71+AT71+AX71 -> 0 | BC71: =G71+K71+O71+S71+W71+AA71+AE71+AI71+AM71+AQ71+AU71+AY71 -> 0 | BD71: =BC71-BB71 -> 0 | BE71: =BC71/BB71-1 -> #DIV/0!
C72: 6- | D72: ='Receita-Despesa'!D75 -> 6- Assinatura TV a cabo | F72: ='Receita-Despesa'!G75 -> 0 | H72: =G72-F72 -> 0 | I72: =G72/F72-1 -> #DIV/0! | J72: ='Receita-Despesa'!H75 -> 0 | L72: =K72-J72 -> 0 | M72: =K72/J72-1 -> #DIV/0! | N72: ='Receita-Despesa'!I75 -> 0 | P72: =O72-N72 -> 0 | Q72: =O72/N72-1 -> #DIV/0! | R72: ='Receita-Despesa'!J75 -> 0 | T72: =S72-R72 -> 0 | U72: =S72/R72-1 -> #DIV/0! | V72: ='Receita-Despesa'!K75 -> 0 | X72: =W72-V72 -> 0 | Y72: =W72/V72-1 -> #DIV/0! | Z72: ='Receita-Despesa'!L75 -> 0 | AB72: =AA72-Z72 -> 0 | AC72: =AA72/Z72-1 -> #DIV/0! | AD72: ='Receita-Despesa'!M75 -> 0 | AF72: =AE72-AD72 -> 0 | AG72: =AE72/AD72-1 -> #DIV/0! | AH72: ='Receita-Despesa'!N75 -> 0 | AJ72: =AI72-AH72 -> 0 | AK72: =AI72/AH72-1 -> #DIV/0! | AL72: ='Receita-Despesa'!O75 -> 0 | AN72: =AM72-AL72 -> 0 | AO72: =AM72/AL72-1 -> #DIV/0! | AP72: ='Receita-Despesa'!P75 -> 0 | AR72: =AQ72-AP72 -> 0 | AS72: =AQ72/AP72-1 -> #DIV/0! | AT72: ='Receita-Despesa'!Q75 -> 0 | AV72: =AU72-AT72 -> 0 | AW72: =AU72/AT72-1 -> #DIV/0! | AX72: ='Receita-Despesa'!R75 -> 0 | AZ72: =AY72-AX72 -> 0 | BA72: =AY72/AX72-1 -> #DIV/0! | BB72: =F72+J72+N72+R72+V72+Z72+AD72+AH72+AL72+AP72+AT72+AX72 -> 0 | BC72: =G72+K72+O72+S72+W72+AA72+AE72+AI72+AM72+AQ72+AU72+AY72 -> 0 | BD72: =BC72-BB72 -> 0 | BE72: =BC72/BB72-1 -> #DIV/0!
C73: 7- | D73: ='Receita-Despesa'!D76 -> 7- Licenças / atualização de software (mensalidades) | F73: ='Receita-Despesa'!G76 -> 1340 | H73: =G73-F73 -> -1340 | I73: =G73/F73-1 -> -1 | J73: ='Receita-Despesa'!H76 -> 1340 | L73: =K73-J73 -> -1340 | M73: =K73/J73-1 -> -1 | N73: ='Receita-Despesa'!I76 -> 1340 | P73: =O73-N73 -> -1340 | Q73: =O73/N73-1 -> -1 | R73: ='Receita-Despesa'!J76 -> 1340 | T73: =S73-R73 -> -1340 | U73: =S73/R73-1 -> -1 | V73: ='Receita-Despesa'!K76 -> 1340 | X73: =W73-V73 -> -1340 | Y73: =W73/V73-1 -> -1 | Z73: ='Receita-Despesa'!L76 -> 1340 | AB73: =AA73-Z73 -> -1340 | AC73: =AA73/Z73-1 -> -1 | AD73: ='Receita-Despesa'!M76 -> 1340 | AF73: =AE73-AD73 -> -1340 | AG73: =AE73/AD73-1 -> -1 | AH73: ='Receita-Despesa'!N76 -> 1340 | AJ73: =AI73-AH73 -> -1340 | AK73: =AI73/AH73-1 -> -1 | AL73: ='Receita-Despesa'!O76 -> 1340 | AN73: =AM73-AL73 -> -1340 | AO73: =AM73/AL73-1 -> -1 | AP73: ='Receita-Despesa'!P76 -> 1340 | AR73: =AQ73-AP73 -> -1340 | AS73: =AQ73/AP73-1 -> -1 | AT73: ='Receita-Despesa'!Q76 -> 1340 | AV73: =AU73-AT73 -> -1340 | AW73: =AU73/AT73-1 -> -1 | AX73: ='Receita-Despesa'!R76 -> 1340 | AZ73: =AY73-AX73 -> -1340 | BA73: =AY73/AX73-1 -> -1 | BB73: =F73+J73+N73+R73+V73+Z73+AD73+AH73+AL73+AP73+AT73+AX73 -> 16080 | BC73: =G73+K73+O73+S73+W73+AA73+AE73+AI73+AM73+AQ73+AU73+AY73 -> 0 | BD73: =BC73-BB73 -> -16080 | BE73: =BC73/BB73-1 -> -1
C74: 8- | D74: ='Receita-Despesa'!D77 -> 8- Assessoria Qualidade/Acreditação | F74: ='Receita-Despesa'!G77 -> 0 | H74: =G74-F74 -> 0 | I74: =G74/F74-1 -> #DIV/0! | J74: ='Receita-Despesa'!H77 -> 0 | L74: =K74-J74 -> 0 | M74: =K74/J74-1 -> #DIV/0! | N74: ='Receita-Despesa'!I77 -> 0 | P74: =O74-N74 -> 0 | Q74: =O74/N74-1 -> #DIV/0! | R74: ='Receita-Despesa'!J77 -> 0 | T74: =S74-R74 -> 0 | U74: =S74/R74-1 -> #DIV/0! | V74: ='Receita-Despesa'!K77 -> 0 | X74: =W74-V74 -> 0 | Y74: =W74/V74-1 -> #DIV/0! | Z74: ='Receita-Despesa'!L77 -> 0 | AB74: =AA74-Z74 -> 0 | AC74: =AA74/Z74-1 -> #DIV/0! | AD74: ='Receita-Despesa'!M77 -> 0 | AF74: =AE74-AD74 -> 0 | AG74: =AE74/AD74-1 -> #DIV/0! | AH74: ='Receita-Despesa'!N77 -> 0 | AJ74: =AI74-AH74 -> 0 | AK74: =AI74/AH74-1 -> #DIV/0! | AL74: ='Receita-Despesa'!O77 -> 0 | AN74: =AM74-AL74 -> 0 | AO74: =AM74/AL74-1 -> #DIV/0! | AP74: ='Receita-Despesa'!P77 -> 0 | AR74: =AQ74-AP74 -> 0 | AS74: =AQ74/AP74-1 -> #DIV/0! | AT74: ='Receita-Despesa'!Q77 -> 0 | AV74: =AU74-AT74 -> 0 | AW74: =AU74/AT74-1 -> #DIV/0! | AX74: ='Receita-Despesa'!R77 -> 0 | AZ74: =AY74-AX74 -> 0 | BA74: =AY74/AX74-1 -> #DIV/0! | BB74: =F74+J74+N74+R74+V74+Z74+AD74+AH74+AL74+AP74+AT74+AX74 -> 0 | BC74: =G74+K74+O74+S74+W74+AA74+AE74+AI74+AM74+AQ74+AU74+AY74 -> 0 | BD74: =BC74-BB74 -> 0 | BE74: =BC74/BB74-1 -> #DIV/0!
C75: 9- | D75: ='Receita-Despesa'!D78 -> 9-Coleta Especializada de Lixo | F75: ='Receita-Despesa'!G78 -> 12500 | H75: =G75-F75 -> -12500 | I75: =G75/F75-1 -> -1 | J75: ='Receita-Despesa'!H78 -> 12500 | L75: =K75-J75 -> -12500 | M75: =K75/J75-1 -> -1 | N75: ='Receita-Despesa'!I78 -> 12500 | P75: =O75-N75 -> -12500 | Q75: =O75/N75-1 -> -1 | R75: ='Receita-Despesa'!J78 -> 12500 | T75: =S75-R75 -> -12500 | U75: =S75/R75-1 -> -1 | V75: ='Receita-Despesa'!K78 -> 12500 | X75: =W75-V75 -> -12500 | Y75: =W75/V75-1 -> -1 | Z75: ='Receita-Despesa'!L78 -> 12500 | AB75: =AA75-Z75 -> -12500 | AC75: =AA75/Z75-1 -> -1 | AD75: ='Receita-Despesa'!M78 -> 12500 | AF75: =AE75-AD75 -> -12500 | AG75: =AE75/AD75-1 -> -1 | AH75: ='Receita-Despesa'!N78 -> 13200 | AJ75: =AI75-AH75 -> -13200 | AK75: =AI75/AH75-1 -> -1 | AL75: ='Receita-Despesa'!O78 -> 13200 | AN75: =AM75-AL75 -> -13200 | AO75: =AM75/AL75-1 -> -1 | AP75: ='Receita-Despesa'!P78 -> 13200 | AR75: =AQ75-AP75 -> -13200 | AS75: =AQ75/AP75-1 -> -1 | AT75: ='Receita-Despesa'!Q78 -> 13200 | AV75: =AU75-AT75 -> -13200 | AW75: =AU75/AT75-1 -> -1 | AX75: ='Receita-Despesa'!R78 -> 13200 | AZ75: =AY75-AX75 -> -13200 | BA75: =AY75/AX75-1 -> -1 | BB75: =F75+J75+N75+R75+V75+Z75+AD75+AH75+AL75+AP75+AT75+AX75 -> 153500 | BC75: =G75+K75+O75+S75+W75+AA75+AE75+AI75+AM75+AQ75+AU75+AY75 -> 0 | BD75: =BC75-BB75 -> -153500 | BE75: =BC75/BB75-1 -> -1
C76: 10- | D76: ='Receita-Despesa'!D79 -> 10- Dedetização | F76: ='Receita-Despesa'!G79 -> 754 | H76: =G76-F76 -> -754 | I76: =G76/F76-1 -> -1 | J76: ='Receita-Despesa'!H79 -> 754 | L76: =K76-J76 -> -754 | M76: =K76/J76-1 -> -1 | N76: ='Receita-Despesa'!I79 -> 754 | P76: =O76-N76 -> -754 | Q76: =O76/N76-1 -> -1 | R76: ='Receita-Despesa'!J79 -> 754 | T76: =S76-R76 -> -754 | U76: =S76/R76-1 -> -1 | V76: ='Receita-Despesa'!K79 -> 754 | X76: =W76-V76 -> -754 | Y76: =W76/V76-1 -> -1 | Z76: ='Receita-Despesa'!L79 -> 754 | AB76: =AA76-Z76 -> -754 | AC76: =AA76/Z76-1 -> -1 | AD76: ='Receita-Despesa'!M79 -> 796 | AF76: =AE76-AD76 -> -796 | AG76: =AE76/AD76-1 -> -1 | AH76: ='Receita-Despesa'!N79 -> 796 | AJ76: =AI76-AH76 -> -796 | AK76: =AI76/AH76-1 -> -1 | AL76: ='Receita-Despesa'!O79 -> 796 | AN76: =AM76-AL76 -> -796 | AO76: =AM76/AL76-1 -> -1 | AP76: ='Receita-Despesa'!P79 -> 796 | AR76: =AQ76-AP76 -> -796 | AS76: =AQ76/AP76-1 -> -1 | AT76: ='Receita-Despesa'!Q79 -> 796 | AV76: =AU76-AT76 -> -796 | AW76: =AU76/AT76-1 -> -1 | AX76: ='Receita-Despesa'!R79 -> 796 | AZ76: =AY76-AX76 -> -796 | BA76: =AY76/AX76-1 -> -1 | BB76: =F76+J76+N76+R76+V76+Z76+AD76+AH76+AL76+AP76+AT76+AX76 -> 9300 | BC76: =G76+K76+O76+S76+W76+AA76+AE76+AI76+AM76+AQ76+AU76+AY76 -> 0 | BD76: =BC76-BB76 -> -9300 | BE76: =BC76/BB76-1 -> -1
C77: 11- | D77: ='Receita-Despesa'!D80 -> 11- Limpeza da caixa d´Agua | F77: ='Receita-Despesa'!G80 -> 1380 | H77: =G77-F77 -> -1380 | I77: =G77/F77-1 -> -1 | J77: ='Receita-Despesa'!H80 -> 0 | L77: =K77-J77 -> 0 | M77: =K77/J77-1 -> #DIV/0! | N77: ='Receita-Despesa'!I80 -> 0 | P77: =O77-N77 -> 0 | Q77: =O77/N77-1 -> #DIV/0! | R77: ='Receita-Despesa'!J80 -> 0 | T77: =S77-R77 -> 0 | U77: =S77/R77-1 -> #DIV/0! | V77: ='Receita-Despesa'!K80 -> 0 | X77: =W77-V77 -> 0 | Y77: =W77/V77-1 -> #DIV/0! | Z77: ='Receita-Despesa'!L80 -> 0 | AB77: =AA77-Z77 -> 0 | AC77: =AA77/Z77-1 -> #DIV/0! | AD77: ='Receita-Despesa'!M80 -> 1500 | AF77: =AE77-AD77 -> -1500 | AG77: =AE77/AD77-1 -> -1 | AH77: ='Receita-Despesa'!N80 -> 0 | AJ77: =AI77-AH77 -> 0 | AK77: =AI77/AH77-1 -> #DIV/0! | AL77: ='Receita-Despesa'!O80 -> 0 | AN77: =AM77-AL77 -> 0 | AO77: =AM77/AL77-1 -> #DIV/0! | AP77: ='Receita-Despesa'!P80 -> 0 | AR77: =AQ77-AP77 -> 0 | AS77: =AQ77/AP77-1 -> #DIV/0! | AT77: ='Receita-Despesa'!Q80 -> 0 | AV77: =AU77-AT77 -> 0 | AW77: =AU77/AT77-1 -> #DIV/0! | AX77: ='Receita-Despesa'!R80 -> 0 | AZ77: =AY77-AX77 -> 0 | BA77: =AY77/AX77-1 -> #DIV/0! | BB77: =F77+J77+N77+R77+V77+Z77+AD77+AH77+AL77+AP77+AT77+AX77 -> 2880 | BC77: =G77+K77+O77+S77+W77+AA77+AE77+AI77+AM77+AQ77+AU77+AY77 -> 0 | BD77: =BC77-BB77 -> -2880 | BE77: =BC77/BB77-1 -> -1
C78: 12- | D78: ='Receita-Despesa'!D81 -> 12- Jardinagem e Poda de Árvores | F78: ='Receita-Despesa'!G81 -> 0 | H78: =G78-F78 -> 0 | I78: =G78/F78-1 -> #DIV/0! | J78: ='Receita-Despesa'!H81 -> 0 | L78: =K78-J78 -> 0 | M78: =K78/J78-1 -> #DIV/0! | N78: ='Receita-Despesa'!I81 -> 0 | P78: =O78-N78 -> 0 | Q78: =O78/N78-1 -> #DIV/0! | R78: ='Receita-Despesa'!J81 -> 0 | T78: =S78-R78 -> 0 | U78: =S78/R78-1 -> #DIV/0! | V78: ='Receita-Despesa'!K81 -> 0 | X78: =W78-V78 -> 0 | Y78: =W78/V78-1 -> #DIV/0! | Z78: ='Receita-Despesa'!L81 -> 0 | AB78: =AA78-Z78 -> 0 | AC78: =AA78/Z78-1 -> #DIV/0! | AD78: ='Receita-Despesa'!M81 -> 0 | AF78: =AE78-AD78 -> 0 | AG78: =AE78/AD78-1 -> #DIV/0! | AH78: ='Receita-Despesa'!N81 -> 0 | AJ78: =AI78-AH78 -> 0 | AK78: =AI78/AH78-1 -> #DIV/0! | AL78: ='Receita-Despesa'!O81 -> 0 | AN78: =AM78-AL78 -> 0 | AO78: =AM78/AL78-1 -> #DIV/0! | AP78: ='Receita-Despesa'!P81 -> 0 | AR78: =AQ78-AP78 -> 0 | AS78: =AQ78/AP78-1 -> #DIV/0! | AT78: ='Receita-Despesa'!Q81 -> 0 | AV78: =AU78-AT78 -> 0 | AW78: =AU78/AT78-1 -> #DIV/0! | AX78: ='Receita-Despesa'!R81 -> 0 | AZ78: =AY78-AX78 -> 0 | BA78: =AY78/AX78-1 -> #DIV/0! | BB78: =F78+J78+N78+R78+V78+Z78+AD78+AH78+AL78+AP78+AT78+AX78 -> 0 | BC78: =G78+K78+O78+S78+W78+AA78+AE78+AI78+AM78+AQ78+AU78+AY78 -> 0 | BD78: =BC78-BB78 -> 0 | BE78: =BC78/BB78-1 -> #DIV/0!
C79: 13- | D79: ='Receita-Despesa'!D82 -> 13- Pesquisa de Satisfação - URA | F79: ='Receita-Despesa'!G82 -> 0 | H79: =G79-F79 -> 0 | I79: =G79/F79-1 -> #DIV/0! | J79: ='Receita-Despesa'!H82 -> 0 | L79: =K79-J79 -> 0 | M79: =K79/J79-1 -> #DIV/0! | N79: ='Receita-Despesa'!I82 -> 0 | P79: =O79-N79 -> 0 | Q79: =O79/N79-1 -> #DIV/0! | R79: ='Receita-Despesa'!J82 -> 0 | T79: =S79-R79 -> 0 | U79: =S79/R79-1 -> #DIV/0! | V79: ='Receita-Despesa'!K82 -> 0 | X79: =W79-V79 -> 0 | Y79: =W79/V79-1 -> #DIV/0! | Z79: ='Receita-Despesa'!L82 -> 0 | AB79: =AA79-Z79 -> 0 | AC79: =AA79/Z79-1 -> #DIV/0! | AD79: ='Receita-Despesa'!M82 -> 0 | AF79: =AE79-AD79 -> 0 | AG79: =AE79/AD79-1 -> #DIV/0! | AH79: ='Receita-Despesa'!N82 -> 0 | AJ79: =AI79-AH79 -> 0 | AK79: =AI79/AH79-1 -> #DIV/0! | AL79: ='Receita-Despesa'!O82 -> 0 | AN79: =AM79-AL79 -> 0 | AO79: =AM79/AL79-1 -> #DIV/0! | AP79: ='Receita-Despesa'!P82 -> 0 | AR79: =AQ79-AP79 -> 0 | AS79: =AQ79/AP79-1 -> #DIV/0! | AT79: ='Receita-Despesa'!Q82 -> 0 | AV79: =AU79-AT79 -> 0 | AW79: =AU79/AT79-1 -> #DIV/0! | AX79: ='Receita-Despesa'!R82 -> 0 | AZ79: =AY79-AX79 -> 0 | BA79: =AY79/AX79-1 -> #DIV/0! | BB79: =F79+J79+N79+R79+V79+Z79+AD79+AH79+AL79+AP79+AT79+AX79 -> 0 | BC79: =G79+K79+O79+S79+W79+AA79+AE79+AI79+AM79+AQ79+AU79+AY79 -> 0 | BD79: =BC79-BB79 -> 0 | BE79: =BC79/BB79-1 -> #DIV/0!
C80: 14- | D80: ='Receita-Despesa'!D83 -> 14- Controle de Qualidade | F80: ='Receita-Despesa'!G83 -> 3470 | H80: =G80-F80 -> -3470 | I80: =G80/F80-1 -> -1 | J80: ='Receita-Despesa'!H83 -> 3470 | L80: =K80-J80 -> -3470 | M80: =K80/J80-1 -> -1 | N80: ='Receita-Despesa'!I83 -> 3470 | P80: =O80-N80 -> -3470 | Q80: =O80/N80-1 -> -1 | R80: ='Receita-Despesa'!J83 -> 3470 | T80: =S80-R80 -> -3470 | U80: =S80/R80-1 -> -1 | V80: ='Receita-Despesa'!K83 -> 3470 | X80: =W80-V80 -> -3470 | Y80: =W80/V80-1 -> -1 | Z80: ='Receita-Despesa'!L83 -> 3470 | AB80: =AA80-Z80 -> -3470 | AC80: =AA80/Z80-1 -> -1 | AD80: ='Receita-Despesa'!M83 -> 3470 | AF80: =AE80-AD80 -> -3470 | AG80: =AE80/AD80-1 -> -1 | AH80: ='Receita-Despesa'!N83 -> 3470 | AJ80: =AI80-AH80 -> -3470 | AK80: =AI80/AH80-1 -> -1 | AL80: ='Receita-Despesa'!O83 -> 3470 | AN80: =AM80-AL80 -> -3470 | AO80: =AM80/AL80-1 -> -1 | AP80: ='Receita-Despesa'!P83 -> 3470 | AR80: =AQ80-AP80 -> -3470 | AS80: =AQ80/AP80-1 -> -1 | AT80: ='Receita-Despesa'!Q83 -> 3470 | AV80: =AU80-AT80 -> -3470 | AW80: =AU80/AT80-1 -> -1 | AX80: ='Receita-Despesa'!R83 -> 3470 | AZ80: =AY80-AX80 -> -3470 | BA80: =AY80/AX80-1 -> -1 | BB80: =F80+J80+N80+R80+V80+Z80+AD80+AH80+AL80+AP80+AT80+AX80 -> 41640 | BC80: =G80+K80+O80+S80+W80+AA80+AE80+AI80+AM80+AQ80+AU80+AY80 -> 0 | BD80: =BC80-BB80 -> -41640 | BE80: =BC80/BB80-1 -> -1
C81: 15- | D81: ='Receita-Despesa'!#REF! -> #REF! | F81: ='Receita-Despesa'!G84 -> 1391 | H81: =G81-F81 -> -1391 | I81: =G81/F81-1 -> -1 | J81: ='Receita-Despesa'!H84 -> 1391 | L81: =K81-J81 -> -1391 | M81: =K81/J81-1 -> -1 | N81: ='Receita-Despesa'!I84 -> 1391 | P81: =O81-N81 -> -1391 | Q81: =O81/N81-1 -> -1 | R81: ='Receita-Despesa'!J84 -> 1391 | T81: =S81-R81 -> -1391 | U81: =S81/R81-1 -> -1 | V81: ='Receita-Despesa'!K84 -> 1467 | X81: =W81-V81 -> -1467 | Y81: =W81/V81-1 -> -1 | Z81: ='Receita-Despesa'!L84 -> 1467 | AB81: =AA81-Z81 -> -1467 | AC81: =AA81/Z81-1 -> -1 | AD81: ='Receita-Despesa'!M84 -> 1467 | AF81: =AE81-AD81 -> -1467 | AG81: =AE81/AD81-1 -> -1 | AH81: ='Receita-Despesa'!N84 -> 1467 | AJ81: =AI81-AH81 -> -1467 | AK81: =AI81/AH81-1 -> -1 | AL81: ='Receita-Despesa'!O84 -> 1467 | AN81: =AM81-AL81 -> -1467 | AO81: =AM81/AL81-1 -> -1 | AP81: ='Receita-Despesa'!P84 -> 1467 | AR81: =AQ81-AP81 -> -1467 | AS81: =AQ81/AP81-1 -> -1 | AT81: ='Receita-Despesa'!Q84 -> 1467 | AV81: =AU81-AT81 -> -1467 | AW81: =AU81/AT81-1 -> -1 | AX81: ='Receita-Despesa'!R84 -> 1467 | AZ81: =AY81-AX81 -> -1467 | BA81: =AY81/AX81-1 -> -1 | BB81: =F81+J81+N81+R81+V81+Z81+AD81+AH81+AL81+AP81+AT81+AX81 -> 17300 | BC81: =G81+K81+O81+S81+W81+AA81+AE81+AI81+AM81+AQ81+AU81+AY81 -> 0 | BD81: =BC81-BB81 -> -17300 | BE81: =BC81/BB81-1 -> -1
C82: 16- | D82: ='Receita-Despesa'!D84 -> 15- Auditoria Contábil | F82: ='Receita-Despesa'!G85 -> 23382 | H82: =G82-F82 -> -23382 | I82: =G82/F82-1 -> -1 | J82: ='Receita-Despesa'!H85 -> 23382 | L82: =K82-J82 -> -23382 | M82: =K82/J82-1 -> -1 | N82: ='Receita-Despesa'!I85 -> 23382 | P82: =O82-N82 -> -23382 | Q82: =O82/N82-1 -> -1 | R82: ='Receita-Despesa'!J85 -> 23382 | T82: =S82-R82 -> -23382 | U82: =S82/R82-1 -> -1 | V82: ='Receita-Despesa'!K85 -> 23382 | X82: =W82-V82 -> -23382 | Y82: =W82/V82-1 -> -1 | Z82: ='Receita-Despesa'!L85 -> 23382 | AB82: =AA82-Z82 -> -23382 | AC82: =AA82/Z82-1 -> -1 | AD82: ='Receita-Despesa'!M85 -> 24670 | AF82: =AE82-AD82 -> -24670 | AG82: =AE82/AD82-1 -> -1 | AH82: ='Receita-Despesa'!N85 -> 24670 | AJ82: =AI82-AH82 -> -24670 | AK82: =AI82/AH82-1 -> -1 | AL82: ='Receita-Despesa'!O85 -> 24670 | AN82: =AM82-AL82 -> -24670 | AO82: =AM82/AL82-1 -> -1 | AP82: ='Receita-Despesa'!P85 -> 24670 | AR82: =AQ82-AP82 -> -24670 | AS82: =AQ82/AP82-1 -> -1 | AT82: ='Receita-Despesa'!Q85 -> 24670 | AV82: =AU82-AT82 -> -24670 | AW82: =AU82/AT82-1 -> -1 | AX82: ='Receita-Despesa'!R85 -> 24670 | AZ82: =AY82-AX82 -> -24670 | BA82: =AY82/AX82-1 -> -1 | BB82: =F82+J82+N82+R82+V82+Z82+AD82+AH82+AL82+AP82+AT82+AX82 -> 288312 | BC82: =G82+K82+O82+S82+W82+AA82+AE82+AI82+AM82+AQ82+AU82+AY82 -> 0 | BD82: =BC82-BB82 -> -288312 | BE82: =BC82/BB82-1 -> -1
C83: 17- | D83: ='Receita-Despesa'!D85 -> 16-Serviço de vigilancia e segurança | F83: ='Receita-Despesa'!G86 -> 23728.532 | H83: =G83-F83 -> -23728.532 | I83: =G83/F83-1 -> -1 | J83: ='Receita-Despesa'!H86 -> 19425.839 | L83: =K83-J83 -> -19425.839 | M83: =K83/J83-1 -> -1 | N83: ='Receita-Despesa'!I86 -> 23728.532 | P83: =O83-N83 -> -23728.532 | Q83: =O83/N83-1 -> -1 | R83: ='Receita-Despesa'!J86 -> 21505.5 | T83: =S83-R83 -> -21505.5 | U83: =S83/R83-1 -> -1 | V83: ='Receita-Despesa'!K86 -> 23728.532 | X83: =W83-V83 -> -23728.532 | Y83: =W83/V83-1 -> -1 | Z83: ='Receita-Despesa'!L86 -> 21505.5 | AB83: =AA83-Z83 -> -21505.5 | AC83: =AA83/Z83-1 -> -1 | AD83: ='Receita-Despesa'!M86 -> 23728.532 | AF83: =AE83-AD83 -> -23728.532 | AG83: =AE83/AD83-1 -> -1 | AH83: ='Receita-Despesa'!N86 -> 23728.532 | AJ83: =AI83-AH83 -> -23728.532 | AK83: =AI83/AH83-1 -> -1 | AL83: ='Receita-Despesa'!O86 -> 21505.5 | AN83: =AM83-AL83 -> -21505.5 | AO83: =AM83/AL83-1 -> -1 | AP83: ='Receita-Despesa'!P86 -> 23728.532 | AR83: =AQ83-AP83 -> -23728.532 | AS83: =AQ83/AP83-1 -> -1 | AT83: ='Receita-Despesa'!Q86 -> 21505.5 | AV83: =AU83-AT83 -> -21505.5 | AW83: =AU83/AT83-1 -> -1 | AX83: ='Receita-Despesa'!R86 -> 23728.532 | AZ83: =AY83-AX83 -> -23728.532 | BA83: =AY83/AX83-1 -> -1 | BB83: =F83+J83+N83+R83+V83+Z83+AD83+AH83+AL83+AP83+AT83+AX83 -> 271547.56 | BC83: =G83+K83+O83+S83+W83+AA83+AE83+AI83+AM83+AQ83+AU83+AY83 -> 0 | BD83: =BC83-BB83 -> -271547.56 | BE83: =BC83/BB83-1 -> -1
C84: 18- | D84: ='Receita-Despesa'!D86 -> 17-Exames laboratoriais | F84: ='Receita-Despesa'!G87 -> 5000 | H84: =G84-F84 -> -5000 | I84: =G84/F84-1 -> -1 | J84: ='Receita-Despesa'!H87 -> 5000 | L84: =K84-J84 -> -5000 | M84: =K84/J84-1 -> -1 | N84: ='Receita-Despesa'!I87 -> 5000 | P84: =O84-N84 -> -5000 | Q84: =O84/N84-1 -> -1 | R84: ='Receita-Despesa'!J87 -> 5000 | T84: =S84-R84 -> -5000 | U84: =S84/R84-1 -> -1 | V84: ='Receita-Despesa'!K87 -> 5000 | X84: =W84-V84 -> -5000 | Y84: =W84/V84-1 -> -1 | Z84: ='Receita-Despesa'!L87 -> 5000 | AB84: =AA84-Z84 -> -5000 | AC84: =AA84/Z84-1 -> -1 | AD84: ='Receita-Despesa'!M87 -> 5000 | AF84: =AE84-AD84 -> -5000 | AG84: =AE84/AD84-1 -> -1 | AH84: ='Receita-Despesa'!N87 -> 5000 | AJ84: =AI84-AH84 -> -5000 | AK84: =AI84/AH84-1 -> -1 | AL84: ='Receita-Despesa'!O87 -> 5000 | AN84: =AM84-AL84 -> -5000 | AO84: =AM84/AL84-1 -> -1 | AP84: ='Receita-Despesa'!P87 -> 5000 | AR84: =AQ84-AP84 -> -5000 | AS84: =AQ84/AP84-1 -> -1 | AT84: ='Receita-Despesa'!Q87 -> 5000 | AV84: =AU84-AT84 -> -5000 | AW84: =AU84/AT84-1 -> -1 | AX84: ='Receita-Despesa'!R87 -> 5000 | AZ84: =AY84-AX84 -> -5000 | BA84: =AY84/AX84-1 -> -1 | BB84: =F84+J84+N84+R84+V84+Z84+AD84+AH84+AL84+AP84+AT84+AX84 -> 60000 | BC84: =G84+K84+O84+S84+W84+AA84+AE84+AI84+AM84+AQ84+AU84+AY84 -> 0 | BD84: =BC84-BB84 -> -60000 | BE84: =BC84/BB84-1 -> -1
C85: 19- | D85: ='Receita-Despesa'!D87 -> 18- Diversos (pequenos serviços/mão de obra) | F85: ='Receita-Despesa'!G88 -> 8789 | H85: =G85-F85 -> -8789 | I85: =G85/F85-1 -> -1 | J85: ='Receita-Despesa'!H88 -> 8789 | L85: =K85-J85 -> -8789 | M85: =K85/J85-1 -> -1 | N85: ='Receita-Despesa'!I88 -> 8789 | P85: =O85-N85 -> -8789 | Q85: =O85/N85-1 -> -1 | R85: ='Receita-Despesa'!J88 -> 8789 | T85: =S85-R85 -> -8789 | U85: =S85/R85-1 -> -1 | V85: ='Receita-Despesa'!K88 -> 8789 | X85: =W85-V85 -> -8789 | Y85: =W85/V85-1 -> -1 | Z85: ='Receita-Despesa'!L88 -> 8789 | AB85: =AA85-Z85 -> -8789 | AC85: =AA85/Z85-1 -> -1 | AD85: ='Receita-Despesa'!M88 -> 8789 | AF85: =AE85-AD85 -> -8789 | AG85: =AE85/AD85-1 -> -1 | AH85: ='Receita-Despesa'!N88 -> 8789 | AJ85: =AI85-AH85 -> -8789 | AK85: =AI85/AH85-1 -> -1 | AL85: ='Receita-Despesa'!O88 -> 9275 | AN85: =AM85-AL85 -> -9275 | AO85: =AM85/AL85-1 -> -1 | AP85: ='Receita-Despesa'!P88 -> 9275 | AR85: =AQ85-AP85 -> -9275 | AS85: =AQ85/AP85-1 -> -1 | AT85: ='Receita-Despesa'!Q88 -> 9275 | AV85: =AU85-AT85 -> -9275 | AW85: =AU85/AT85-1 -> -1 | AX85: ='Receita-Despesa'!R88 -> 9275 | AZ85: =AY85-AX85 -> -9275 | BA85: =AY85/AX85-1 -> -1 | BB85: =F85+J85+N85+R85+V85+Z85+AD85+AH85+AL85+AP85+AT85+AX85 -> 107412 | BC85: =G85+K85+O85+S85+W85+AA85+AE85+AI85+AM85+AQ85+AU85+AY85 -> 0 | BD85: =BC85-BB85 -> -107412 | BE85: =BC85/BB85-1 -> -1
C86: 20- | D86: ='Receita-Despesa'!#REF! -> #REF! | F86: ='Receita-Despesa'!G89 -> 1478 | H86: =G86-F86 -> -1478 | I86: =G86/F86-1 -> -1 | J86: ='Receita-Despesa'!H89 -> 1478 | L86: =K86-J86 -> -1478 | M86: =K86/J86-1 -> -1 | N86: ='Receita-Despesa'!I89 -> 1478 | P86: =O86-N86 -> -1478 | Q86: =O86/N86-1 -> -1 | R86: ='Receita-Despesa'!J89 -> 1478 | T86: =S86-R86 -> -1478 | U86: =S86/R86-1 -> -1 | V86: ='Receita-Despesa'!K89 -> 1478 | X86: =W86-V86 -> -1478 | Y86: =W86/V86-1 -> -1 | Z86: ='Receita-Despesa'!L89 -> 1478 | AB86: =AA86-Z86 -> -1478 | AC86: =AA86/Z86-1 -> -1 | AD86: ='Receita-Despesa'!M89 -> 1560 | AF86: =AE86-AD86 -> -1560 | AG86: =AE86/AD86-1 -> -1 | AH86: ='Receita-Despesa'!N89 -> 1560 | AJ86: =AI86-AH86 -> -1560 | AK86: =AI86/AH86-1 -> -1 | AL86: ='Receita-Despesa'!O89 -> 1560 | AN86: =AM86-AL86 -> -1560 | AO86: =AM86/AL86-1 -> -1 | AP86: ='Receita-Despesa'!P89 -> 1560 | AR86: =AQ86-AP86 -> -1560 | AS86: =AQ86/AP86-1 -> -1 | AT86: ='Receita-Despesa'!Q89 -> 1560 | AV86: =AU86-AT86 -> -1560 | AW86: =AU86/AT86-1 -> -1 | AX86: ='Receita-Despesa'!R89 -> 1560 | AZ86: =AY86-AX86 -> -1560 | BA86: =AY86/AX86-1 -> -1 | BB86: =F86+J86+N86+R86+V86+Z86+AD86+AH86+AL86+AP86+AT86+AX86 -> 18228 | BC86: =G86+K86+O86+S86+W86+AA86+AE86+AI86+AM86+AQ86+AU86+AY86 -> 0 | BD86: =BC86-BB86 -> -18228 | BE86: =BC86/BB86-1 -> -1
C87: 21- | D87: ='Receita-Despesa'!#REF! -> #REF! | F87: ='Receita-Despesa'!G90 -> 666 | H87: =G87-F87 -> -666 | I87: =G87/F87-1 -> -1 | J87: ='Receita-Despesa'!H90 -> 666 | L87: =K87-J87 -> -666 | M87: =K87/J87-1 -> -1 | N87: ='Receita-Despesa'!I90 -> 666 | P87: =O87-N87 -> -666 | Q87: =O87/N87-1 -> -1 | R87: ='Receita-Despesa'!J90 -> 666 | T87: =S87-R87 -> -666 | U87: =S87/R87-1 -> -1 | V87: ='Receita-Despesa'!K90 -> 666 | X87: =W87-V87 -> -666 | Y87: =W87/V87-1 -> -1 | Z87: ='Receita-Despesa'!L90 -> 666 | AB87: =AA87-Z87 -> -666 | AC87: =AA87/Z87-1 -> -1 | AD87: ='Receita-Despesa'!M90 -> 703 | AF87: =AE87-AD87 -> -703 | AG87: =AE87/AD87-1 -> -1 | AH87: ='Receita-Despesa'!N90 -> 703 | AJ87: =AI87-AH87 -> -703 | AK87: =AI87/AH87-1 -> -1 | AL87: ='Receita-Despesa'!O90 -> 703 | AN87: =AM87-AL87 -> -703 | AO87: =AM87/AL87-1 -> -1 | AP87: ='Receita-Despesa'!P90 -> 703 | AR87: =AQ87-AP87 -> -703 | AS87: =AQ87/AP87-1 -> -1 | AT87: ='Receita-Despesa'!Q90 -> 703 | AV87: =AU87-AT87 -> -703 | AW87: =AU87/AT87-1 -> -1 | AX87: ='Receita-Despesa'!R90 -> 703 | AZ87: =AY87-AX87 -> -703 | BA87: =AY87/AX87-1 -> -1 | BB87: =F87+J87+N87+R87+V87+Z87+AD87+AH87+AL87+AP87+AT87+AX87 -> 8214 | BC87: =G87+K87+O87+S87+W87+AA87+AE87+AI87+AM87+AQ87+AU87+AY87 -> 0 | BD87: =BC87-BB87 -> -8214 | BE87: =BC87/BB87-1 -> -1
C88: 22- | D88: ='Receita-Despesa'!D88 -> 20- Licenças / atualização de software (mensalidades) | F88: ='Receita-Despesa'!G91 -> 2674 | H88: =G88-F88 -> -2674 | I88: =G88/F88-1 -> -1 | J88: ='Receita-Despesa'!H91 -> 2820 | L88: =K88-J88 -> -2820 | M88: =K88/J88-1 -> -1 | N88: ='Receita-Despesa'!I91 -> 2820 | P88: =O88-N88 -> -2820 | Q88: =O88/N88-1 -> -1 | R88: ='Receita-Despesa'!J91 -> 2820 | T88: =S88-R88 -> -2820 | U88: =S88/R88-1 -> -1 | V88: ='Receita-Despesa'!K91 -> 2820 | X88: =W88-V88 -> -2820 | Y88: =W88/V88-1 -> -1 | Z88: ='Receita-Despesa'!L91 -> 2820 | AB88: =AA88-Z88 -> -2820 | AC88: =AA88/Z88-1 -> -1 | AD88: ='Receita-Despesa'!M91 -> 2820 | AF88: =AE88-AD88 -> -2820 | AG88: =AE88/AD88-1 -> -1 | AH88: ='Receita-Despesa'!N91 -> 2820 | AJ88: =AI88-AH88 -> -2820 | AK88: =AI88/AH88-1 -> -1 | AL88: ='Receita-Despesa'!O91 -> 2820 | AN88: =AM88-AL88 -> -2820 | AO88: =AM88/AL88-1 -> -1 | AP88: ='Receita-Despesa'!P91 -> 2820 | AR88: =AQ88-AP88 -> -2820 | AS88: =AQ88/AP88-1 -> -1 | AT88: ='Receita-Despesa'!Q91 -> 2820 | AV88: =AU88-AT88 -> -2820 | AW88: =AU88/AT88-1 -> -1 | AX88: ='Receita-Despesa'!R91 -> 2820 | AZ88: =AY88-AX88 -> -2820 | BA88: =AY88/AX88-1 -> -1 | BB88: =F88+J88+N88+R88+V88+Z88+AD88+AH88+AL88+AP88+AT88+AX88 -> 33694 | BC88: =G88+K88+O88+S88+W88+AA88+AE88+AI88+AM88+AQ88+AU88+AY88 -> 0 | BD88: =BC88-BB88 -> -33694 | BE88: =BC88/BB88-1 -> -1
C89: 23- | D89: ='Receita-Despesa'!D89 -> 21- Licenças / atualização de software (mensalidades) | F89: ='Receita-Despesa'!G92 -> 2380 | H89: =G89-F89 -> -2380 | I89: =G89/F89-1 -> -1 | J89: ='Receita-Despesa'!H92 -> 2380 | L89: =K89-J89 -> -2380 | M89: =K89/J89-1 -> -1 | N89: ='Receita-Despesa'!I92 -> 2380 | P89: =O89-N89 -> -2380 | Q89: =O89/N89-1 -> -1 | R89: ='Receita-Despesa'!J92 -> 2380 | T89: =S89-R89 -> -2380 | U89: =S89/R89-1 -> -1 | V89: ='Receita-Despesa'!K92 -> 2380 | X89: =W89-V89 -> -2380 | Y89: =W89/V89-1 -> -1 | Z89: ='Receita-Despesa'!L92 -> 2512 | AB89: =AA89-Z89 -> -2512 | AC89: =AA89/Z89-1 -> -1 | AD89: ='Receita-Despesa'!M92 -> 2512 | AF89: =AE89-AD89 -> -2512 | AG89: =AE89/AD89-1 -> -1 | AH89: ='Receita-Despesa'!N92 -> 2512 | AJ89: =AI89-AH89 -> -2512 | AK89: =AI89/AH89-1 -> -1 | AL89: ='Receita-Despesa'!O92 -> 2512 | AN89: =AM89-AL89 -> -2512 | AO89: =AM89/AL89-1 -> -1 | AP89: ='Receita-Despesa'!P92 -> 2512 | AR89: =AQ89-AP89 -> -2512 | AS89: =AQ89/AP89-1 -> -1 | AT89: ='Receita-Despesa'!Q92 -> 2512 | AV89: =AU89-AT89 -> -2512 | AW89: =AU89/AT89-1 -> -1 | AX89: ='Receita-Despesa'!R92 -> 2512 | AZ89: =AY89-AX89 -> -2512 | BA89: =AY89/AX89-1 -> -1 | BB89: =F89+J89+N89+R89+V89+Z89+AD89+AH89+AL89+AP89+AT89+AX89 -> 29484 | BC89: =G89+K89+O89+S89+W89+AA89+AE89+AI89+AM89+AQ89+AU89+AY89 -> 0 | BD89: =BC89-BB89 -> -29484 | BE89: =BC89/BB89-1 -> -1
C90: 24- | D90: ='Receita-Despesa'!D90 -> 22- Licenças / atualização de software (mensalidades) | F90: ='Receita-Despesa'!G93 -> 528 | H90: =G90-F90 -> -528 | I90: =G90/F90-1 -> -1 | J90: ='Receita-Despesa'!H93 -> 528 | L90: =K90-J90 -> -528 | M90: =K90/J90-1 -> -1 | N90: ='Receita-Despesa'!I93 -> 528 | P90: =O90-N90 -> -528 | Q90: =O90/N90-1 -> -1 | R90: ='Receita-Despesa'!J93 -> 528 | T90: =S90-R90 -> -528 | U90: =S90/R90-1 -> -1 | V90: ='Receita-Despesa'!K93 -> 528 | X90: =W90-V90 -> -528 | Y90: =W90/V90-1 -> -1 | Z90: ='Receita-Despesa'!L93 -> 528 | AB90: =AA90-Z90 -> -528 | AC90: =AA90/Z90-1 -> -1 | AD90: ='Receita-Despesa'!M93 -> 528 | AF90: =AE90-AD90 -> -528 | AG90: =AE90/AD90-1 -> -1 | AH90: ='Receita-Despesa'!N93 -> 528 | AJ90: =AI90-AH90 -> -528 | AK90: =AI90/AH90-1 -> -1 | AL90: ='Receita-Despesa'!O93 -> 528 | AN90: =AM90-AL90 -> -528 | AO90: =AM90/AL90-1 -> -1 | AP90: ='Receita-Despesa'!P93 -> 528 | AR90: =AQ90-AP90 -> -528 | AS90: =AQ90/AP90-1 -> -1 | AT90: ='Receita-Despesa'!Q93 -> 528 | AV90: =AU90-AT90 -> -528 | AW90: =AU90/AT90-1 -> -1 | AX90: ='Receita-Despesa'!R93 -> 528 | AZ90: =AY90-AX90 -> -528 | BA90: =AY90/AX90-1 -> -1 | BB90: =F90+J90+N90+R90+V90+Z90+AD90+AH90+AL90+AP90+AT90+AX90 -> 6336 | BC90: =G90+K90+O90+S90+W90+AA90+AE90+AI90+AM90+AQ90+AU90+AY90 -> 0 | BD90: =BC90-BB90 -> -6336 | BE90: =BC90/BB90-1 -> -1
C91: 25- | D91: ='Receita-Despesa'!D91 -> 23- Licenças / atualização de software (mensalidades) | F91: ='Receita-Despesa'!G94 -> 1986 | H91: =G91-F91 -> -1986 | I91: =G91/F91-1 -> -1 | J91: ='Receita-Despesa'!H94 -> 1986 | L91: =K91-J91 -> -1986 | M91: =K91/J91-1 -> -1 | N91: ='Receita-Despesa'!I94 -> 2100 | P91: =O91-N91 -> -2100 | Q91: =O91/N91-1 -> -1 | R91: ='Receita-Despesa'!J94 -> 2100 | T91: =S91-R91 -> -2100 | U91: =S91/R91-1 -> -1 | V91: ='Receita-Despesa'!K94 -> 2100 | X91: =W91-V91 -> -2100 | Y91: =W91/V91-1 -> -1 | Z91: ='Receita-Despesa'!L94 -> 2100 | AB91: =AA91-Z91 -> -2100 | AC91: =AA91/Z91-1 -> -1 | AD91: ='Receita-Despesa'!M94 -> 2100 | AF91: =AE91-AD91 -> -2100 | AG91: =AE91/AD91-1 -> -1 | AH91: ='Receita-Despesa'!N94 -> 2100 | AJ91: =AI91-AH91 -> -2100 | AK91: =AI91/AH91-1 -> -1 | AL91: ='Receita-Despesa'!O94 -> 2100 | AN91: =AM91-AL91 -> -2100 | AO91: =AM91/AL91-1 -> -1 | AP91: ='Receita-Despesa'!P94 -> 2100 | AR91: =AQ91-AP91 -> -2100 | AS91: =AQ91/AP91-1 -> -1 | AT91: ='Receita-Despesa'!Q94 -> 2100 | AV91: =AU91-AT91 -> -2100 | AW91: =AU91/AT91-1 -> -1 | AX91: ='Receita-Despesa'!R94 -> 2100 | AZ91: =AY91-AX91 -> -2100 | BA91: =AY91/AX91-1 -> -1 | BB91: =F91+J91+N91+R91+V91+Z91+AD91+AH91+AL91+AP91+AT91+AX91 -> 24972 | BC91: =G91+K91+O91+S91+W91+AA91+AE91+AI91+AM91+AQ91+AU91+AY91 -> 0 | BD91: =BC91-BB91 -> -24972 | BE91: =BC91/BB91-1 -> -1
C92: 26- | D92: ='Receita-Despesa'!D92 -> 24- Controle de Qualidade | F92: ='Receita-Despesa'!G95 -> 12327 | H92: =G92-F92 -> -12327 | I92: =G92/F92-1 -> -1 | J92: ='Receita-Despesa'!H95 -> 12327 | L92: =K92-J92 -> -12327 | M92: =K92/J92-1 -> -1 | N92: ='Receita-Despesa'!I95 -> 12327 | P92: =O92-N92 -> -12327 | Q92: =O92/N92-1 -> -1 | R92: ='Receita-Despesa'!J95 -> 13005 | T92: =S92-R92 -> -13005 | U92: =S92/R92-1 -> -1 | V92: ='Receita-Despesa'!K95 -> 13005 | X92: =W92-V92 -> -13005 | Y92: =W92/V92-1 -> -1 | Z92: ='Receita-Despesa'!L95 -> 13005 | AB92: =AA92-Z92 -> -13005 | AC92: =AA92/Z92-1 -> -1 | AD92: ='Receita-Despesa'!M95 -> 13005 | AF92: =AE92-AD92 -> -13005 | AG92: =AE92/AD92-1 -> -1 | AH92: ='Receita-Despesa'!N95 -> 13005 | AJ92: =AI92-AH92 -> -13005 | AK92: =AI92/AH92-1 -> -1 | AL92: ='Receita-Despesa'!O95 -> 13005 | AN92: =AM92-AL92 -> -13005 | AO92: =AM92/AL92-1 -> -1 | AP92: ='Receita-Despesa'!P95 -> 13005 | AR92: =AQ92-AP92 -> -13005 | AS92: =AQ92/AP92-1 -> -1 | AT92: ='Receita-Despesa'!Q95 -> 13005 | AV92: =AU92-AT92 -> -13005 | AW92: =AU92/AT92-1 -> -1 | AX92: ='Receita-Despesa'!R95 -> 13005 | AZ92: =AY92-AX92 -> -13005 | BA92: =AY92/AX92-1 -> -1 | BB92: =F92+J92+N92+R92+V92+Z92+AD92+AH92+AL92+AP92+AT92+AX92 -> 154026 | BC92: =G92+K92+O92+S92+W92+AA92+AE92+AI92+AM92+AQ92+AU92+AY92 -> 0 | BD92: =BC92-BB92 -> -154026 | BE92: =BC92/BB92-1 -> -1
C93: 27- | D93: ='Receita-Despesa'!D93 -> 25- Licenças / atualização de software (mensalidades) | F93: ='Receita-Despesa'!G96 -> 3931 | H93: =G93-F93 -> -3931 | I93: =G93/F93-1 -> -1 | J93: ='Receita-Despesa'!H96 -> 3931 | L93: =K93-J93 -> -3931 | M93: =K93/J93-1 -> -1 | N93: ='Receita-Despesa'!I96 -> 3931 | P93: =O93-N93 -> -3931 | Q93: =O93/N93-1 -> -1 | R93: ='Receita-Despesa'!J96 -> 3931 | T93: =S93-R93 -> -3931 | U93: =S93/R93-1 -> -1 | V93: ='Receita-Despesa'!K96 -> 3931 | X93: =W93-V93 -> -3931 | Y93: =W93/V93-1 -> -1 | Z93: ='Receita-Despesa'!L96 -> 3931 | AB93: =AA93-Z93 -> -3931 | AC93: =AA93/Z93-1 -> -1 | AD93: ='Receita-Despesa'!M96 -> 4147 | AF93: =AE93-AD93 -> -4147 | AG93: =AE93/AD93-1 -> -1 | AH93: ='Receita-Despesa'!N96 -> 4147 | AJ93: =AI93-AH93 -> -4147 | AK93: =AI93/AH93-1 -> -1 | AL93: ='Receita-Despesa'!O96 -> 4147 | AN93: =AM93-AL93 -> -4147 | AO93: =AM93/AL93-1 -> -1 | AP93: ='Receita-Despesa'!P96 -> 4147 | AR93: =AQ93-AP93 -> -4147 | AS93: =AQ93/AP93-1 -> -1 | AT93: ='Receita-Despesa'!Q96 -> 4147 | AV93: =AU93-AT93 -> -4147 | AW93: =AU93/AT93-1 -> -1 | AX93: ='Receita-Despesa'!R96 -> 4147 | AZ93: =AY93-AX93 -> -4147 | BA93: =AY93/AX93-1 -> -1 | BB93: =F93+J93+N93+R93+V93+Z93+AD93+AH93+AL93+AP93+AT93+AX93 -> 48468 | BC93: =G93+K93+O93+S93+W93+AA93+AE93+AI93+AM93+AQ93+AU93+AY93 -> 0 | BD93: =BC93-BB93 -> -48468 | BE93: =BC93/BB93-1 -> -1
C94: 28- | D94: ='Receita-Despesa'!D94 -> 26- Licenças / atualização de software (mensalidades) | F94: ='Receita-Despesa'!G97 -> 12620 | H94: =G94-F94 -> -12620 | I94: =G94/F94-1 -> -1 | J94: ='Receita-Despesa'!H97 -> 12620 | L94: =K94-J94 -> -12620 | M94: =K94/J94-1 -> -1 | N94: ='Receita-Despesa'!I97 -> 12620 | P94: =O94-N94 -> -12620 | Q94: =O94/N94-1 -> -1 | R94: ='Receita-Despesa'!J97 -> 12620 | T94: =S94-R94 -> -12620 | U94: =S94/R94-1 -> -1 | V94: ='Receita-Despesa'!K97 -> 12620 | X94: =W94-V94 -> -12620 | Y94: =W94/V94-1 -> -1 | Z94: ='Receita-Despesa'!L97 -> 12620 | AB94: =AA94-Z94 -> -12620 | AC94: =AA94/Z94-1 -> -1 | AD94: ='Receita-Despesa'!M97 -> 12620 | AF94: =AE94-AD94 -> -12620 | AG94: =AE94/AD94-1 -> -1 | AH94: ='Receita-Despesa'!N97 -> 12620 | AJ94: =AI94-AH94 -> -12620 | AK94: =AI94/AH94-1 -> -1 | AL94: ='Receita-Despesa'!O97 -> 12620 | AN94: =AM94-AL94 -> -12620 | AO94: =AM94/AL94-1 -> -1 | AP94: ='Receita-Despesa'!P97 -> 12620 | AR94: =AQ94-AP94 -> -12620 | AS94: =AQ94/AP94-1 -> -1 | AT94: ='Receita-Despesa'!Q97 -> 12620 | AV94: =AU94-AT94 -> -12620 | AW94: =AU94/AT94-1 -> -1 | AX94: ='Receita-Despesa'!R97 -> 12620 | AZ94: =AY94-AX94 -> -12620 | BA94: =AY94/AX94-1 -> -1 | BB94: =F94+J94+N94+R94+V94+Z94+AD94+AH94+AL94+AP94+AT94+AX94 -> 151440 | BC94: =G94+K94+O94+S94+W94+AA94+AE94+AI94+AM94+AQ94+AU94+AY94 -> 0 | BD94: =BC94-BB94 -> -151440 | BE94: =BC94/BB94-1 -> -1
C95: 29- | D95: ='Receita-Despesa'!D95 -> 27- Licenças / atualização de software (mensalidades) | F95: ='Receita-Despesa'!G98 -> 2500 | H95: =G95-F95 -> -2500 | I95: =G95/F95-1 -> -1 | J95: ='Receita-Despesa'!H98 -> 2500 | L95: =K95-J95 -> -2500 | M95: =K95/J95-1 -> -1 | N95: ='Receita-Despesa'!I98 -> 2500 | P95: =O95-N95 -> -2500 | Q95: =O95/N95-1 -> -1 | R95: ='Receita-Despesa'!J98 -> 2500 | T95: =S95-R95 -> -2500 | U95: =S95/R95-1 -> -1 | V95: ='Receita-Despesa'!K98 -> 2500 | X95: =W95-V95 -> -2500 | Y95: =W95/V95-1 -> -1 | Z95: ='Receita-Despesa'!L98 -> 2500 | AB95: =AA95-Z95 -> -2500 | AC95: =AA95/Z95-1 -> -1 | AD95: ='Receita-Despesa'!M98 -> 2500 | AF95: =AE95-AD95 -> -2500 | AG95: =AE95/AD95-1 -> -1 | AH95: ='Receita-Despesa'!N98 -> 2500 | AJ95: =AI95-AH95 -> -2500 | AK95: =AI95/AH95-1 -> -1 | AL95: ='Receita-Despesa'!O98 -> 2500 | AN95: =AM95-AL95 -> -2500 | AO95: =AM95/AL95-1 -> -1 | AP95: ='Receita-Despesa'!P98 -> 2500 | AR95: =AQ95-AP95 -> -2500 | AS95: =AQ95/AP95-1 -> -1 | AT95: ='Receita-Despesa'!Q98 -> 2500 | AV95: =AU95-AT95 -> -2500 | AW95: =AU95/AT95-1 -> -1 | AX95: ='Receita-Despesa'!R98 -> 2500 | AZ95: =AY95-AX95 -> -2500 | BA95: =AY95/AX95-1 -> -1 | BB95: =F95+J95+N95+R95+V95+Z95+AD95+AH95+AL95+AP95+AT95+AX95 -> 30000 | BC95: =G95+K95+O95+S95+W95+AA95+AE95+AI95+AM95+AQ95+AU95+AY95 -> 0 | BD95: =BC95-BB95 -> -30000 | BE95: =BC95/BB95-1 -> -1
C96: 30- | D96: ='Receita-Despesa'!D96 -> 28- Licenças / atualização de software (mensalidades) | F96: ='Receita-Despesa'!G99 -> 500 | H96: =G96-F96 -> -500 | I96: =G96/F96-1 -> -1 | J96: ='Receita-Despesa'!H99 -> 500 | L96: =K96-J96 -> -500 | M96: =K96/J96-1 -> -1 | N96: ='Receita-Despesa'!I99 -> 500 | P96: =O96-N96 -> -500 | Q96: =O96/N96-1 -> -1 | R96: ='Receita-Despesa'!J99 -> 500 | T96: =S96-R96 -> -500 | U96: =S96/R96-1 -> -1 | V96: ='Receita-Despesa'!K99 -> 500 | X96: =W96-V96 -> -500 | Y96: =W96/V96-1 -> -1 | Z96: ='Receita-Despesa'!L99 -> 500 | AB96: =AA96-Z96 -> -500 | AC96: =AA96/Z96-1 -> -1 | AD96: ='Receita-Despesa'!M99 -> 500 | AF96: =AE96-AD96 -> -500 | AG96: =AE96/AD96-1 -> -1 | AH96: ='Receita-Despesa'!N99 -> 500 | AJ96: =AI96-AH96 -> -500 | AK96: =AI96/AH96-1 -> -1 | AL96: ='Receita-Despesa'!O99 -> 500 | AN96: =AM96-AL96 -> -500 | AO96: =AM96/AL96-1 -> -1 | AP96: ='Receita-Despesa'!P99 -> 500 | AR96: =AQ96-AP96 -> -500 | AS96: =AQ96/AP96-1 -> -1 | AT96: ='Receita-Despesa'!Q99 -> 500 | AV96: =AU96-AT96 -> -500 | AW96: =AU96/AT96-1 -> -1 | AX96: ='Receita-Despesa'!R99 -> 500 | AZ96: =AY96-AX96 -> -500 | BA96: =AY96/AX96-1 -> -1 | BB96: =F96+J96+N96+R96+V96+Z96+AD96+AH96+AL96+AP96+AT96+AX96 -> 6000 | BC96: =G96+K96+O96+S96+W96+AA96+AE96+AI96+AM96+AQ96+AU96+AY96 -> 0 | BD96: =BC96-BB96 -> -6000 | BE96: =BC96/BB96-1 -> -1
C97: 31- | D97: ='Receita-Despesa'!D97 -> 29- Exames medicina do trabalho | F97: ='Receita-Despesa'!G100 -> 1200 | H97: =G97-F97 -> -1200 | I97: =G97/F97-1 -> -1 | J97: ='Receita-Despesa'!H100 -> 0 | L97: =K97-J97 -> 0 | M97: =K97/J97-1 -> #DIV/0! | N97: ='Receita-Despesa'!I100 -> 1270 | P97: =O97-N97 -> -1270 | Q97: =O97/N97-1 -> -1 | R97: ='Receita-Despesa'!J100 -> 4600 | T97: =S97-R97 -> -4600 | U97: =S97/R97-1 -> -1 | V97: ='Receita-Despesa'!K100 -> 0 | X97: =W97-V97 -> 0 | Y97: =W97/V97-1 -> #DIV/0! | Z97: ='Receita-Despesa'!L100 -> 1850 | AB97: =AA97-Z97 -> -1850 | AC97: =AA97/Z97-1 -> -1 | AD97: ='Receita-Despesa'!M100 -> 0 | AF97: =AE97-AD97 -> 0 | AG97: =AE97/AD97-1 -> #DIV/0! | AH97: ='Receita-Despesa'!N100 -> 0 | AJ97: =AI97-AH97 -> 0 | AK97: =AI97/AH97-1 -> #DIV/0! | AL97: ='Receita-Despesa'!O100 -> 0 | AN97: =AM97-AL97 -> 0 | AO97: =AM97/AL97-1 -> #DIV/0! | AP97: ='Receita-Despesa'!P100 -> 0 | AR97: =AQ97-AP97 -> 0 | AS97: =AQ97/AP97-1 -> #DIV/0! | AT97: ='Receita-Despesa'!Q100 -> 0 | AV97: =AU97-AT97 -> 0 | AW97: =AU97/AT97-1 -> #DIV/0! | AX97: ='Receita-Despesa'!R100 -> 0 | AZ97: =AY97-AX97 -> 0 | BA97: =AY97/AX97-1 -> #DIV/0! | BB97: =F97+J97+N97+R97+V97+Z97+AD97+AH97+AL97+AP97+AT97+AX97 -> 8920 | BC97: =G97+K97+O97+S97+W97+AA97+AE97+AI97+AM97+AQ97+AU97+AY97 -> 0 | BD97: =BC97-BB97 -> -8920 | BE97: =BC97/BB97-1 -> -1
C98: 32- | D98: ='Receita-Despesa'!D101 -> 33- Serviço de radiologia | F98: ='Receita-Despesa'!G101 -> 57541 | H98: =G98-F98 -> -57541 | I98: =G98/F98-1 -> -1 | J98: ='Receita-Despesa'!H101 -> 57541 | L98: =K98-J98 -> -57541 | M98: =K98/J98-1 -> -1 | N98: ='Receita-Despesa'!I101 -> 57541 | P98: =O98-N98 -> -57541 | Q98: =O98/N98-1 -> -1 | R98: ='Receita-Despesa'!J101 -> 57541 | T98: =S98-R98 -> -57541 | U98: =S98/R98-1 -> -1 | V98: ='Receita-Despesa'!K101 -> 57541 | X98: =W98-V98 -> -57541 | Y98: =W98/V98-1 -> -1 | Z98: ='Receita-Despesa'!L101 -> 57541 | AB98: =AA98-Z98 -> -57541 | AC98: =AA98/Z98-1 -> -1 | AD98: ='Receita-Despesa'!M101 -> 57541 | AF98: =AE98-AD98 -> -57541 | AG98: =AE98/AD98-1 -> -1 | AH98: ='Receita-Despesa'!N101 -> 60706 | AJ98: =AI98-AH98 -> -60706 | AK98: =AI98/AH98-1 -> -1 | AL98: ='Receita-Despesa'!O101 -> 60706 | AN98: =AM98-AL98 -> -60706 | AO98: =AM98/AL98-1 -> -1 | AP98: ='Receita-Despesa'!P101 -> 60706 | AR98: =AQ98-AP98 -> -60706 | AS98: =AQ98/AP98-1 -> -1 | AT98: ='Receita-Despesa'!Q101 -> 60706 | AV98: =AU98-AT98 -> -60706 | AW98: =AU98/AT98-1 -> -1 | AX98: ='Receita-Despesa'!R101 -> 60706 | AZ98: =AY98-AX98 -> -60706 | BA98: =AY98/AX98-1 -> -1 | BB98: =F98+J98+N98+R98+V98+Z98+AD98+AH98+AL98+AP98+AT98+AX98 -> 706317 | BC98: =G98+K98+O98+S98+W98+AA98+AE98+AI98+AM98+AQ98+AU98+AY98 -> 0 | BD98: =BC98-BB98 -> -706317 | BE98: =BC98/BB98-1 -> -1
C99: 33- | D99: ='Receita-Despesa'!D102 -> 34- Locaweb | F99: ='Receita-Despesa'!G102 -> 370 | H99: =G99-F99 -> -370 | I99: =G99/F99-1 -> -1 | J99: ='Receita-Despesa'!H102 -> 370 | L99: =K99-J99 -> -370 | M99: =K99/J99-1 -> -1 | N99: ='Receita-Despesa'!I102 -> 370 | P99: =O99-N99 -> -370 | Q99: =O99/N99-1 -> -1 | R99: ='Receita-Despesa'!J102 -> 370 | T99: =S99-R99 -> -370 | U99: =S99/R99-1 -> -1 | V99: ='Receita-Despesa'!K102 -> 370 | X99: =W99-V99 -> -370 | Y99: =W99/V99-1 -> -1 | Z99: ='Receita-Despesa'!L102 -> 370 | AB99: =AA99-Z99 -> -370 | AC99: =AA99/Z99-1 -> -1 | AD99: ='Receita-Despesa'!M102 -> 370 | AF99: =AE99-AD99 -> -370 | AG99: =AE99/AD99-1 -> -1 | AH99: ='Receita-Despesa'!N102 -> 370 | AJ99: =AI99-AH99 -> -370 | AK99: =AI99/AH99-1 -> -1 | AL99: ='Receita-Despesa'!O102 -> 370 | AN99: =AM99-AL99 -> -370 | AO99: =AM99/AL99-1 -> -1 | AP99: ='Receita-Despesa'!P102 -> 370 | AR99: =AQ99-AP99 -> -370 | AS99: =AQ99/AP99-1 -> -1 | AT99: ='Receita-Despesa'!Q102 -> 370 | AV99: =AU99-AT99 -> -370 | AW99: =AU99/AT99-1 -> -1 | AX99: ='Receita-Despesa'!R102 -> 370 | AZ99: =AY99-AX99 -> -370 | BA99: =AY99/AX99-1 -> -1 | BB99: =F99+J99+N99+R99+V99+Z99+AD99+AH99+AL99+AP99+AT99+AX99 -> 4440 | BC99: =G99+K99+O99+S99+W99+AA99+AE99+AI99+AM99+AQ99+AU99+AY99 -> 0 | BD99: =BC99-BB99 -> -4440 | BE99: =BC99/BB99-1 -> -1
C100: 34- | D100: ='Receita-Despesa'!D103 -> 0 | F100: ='Receita-Despesa'!G103 -> 0 | H100: =G100-F100 -> 0 | I100: =G100/F100-1 -> #DIV/0! | J100: ='Receita-Despesa'!H103 -> 0 | L100: =K100-J100 -> 0 | M100: =K100/J100-1 -> #DIV/0! | N100: ='Receita-Despesa'!I103 -> 0 | P100: =O100-N100 -> 0 | Q100: =O100/N100-1 -> #DIV/0! | R100: ='Receita-Despesa'!J103 -> 0 | T100: =S100-R100 -> 0 | U100: =S100/R100-1 -> #DIV/0! | V100: ='Receita-Despesa'!K103 -> 0 | X100: =W100-V100 -> 0 | Y100: =W100/V100-1 -> #DIV/0! | Z100: ='Receita-Despesa'!L103 -> 0 | AB100: =AA100-Z100 -> 0 | AC100: =AA100/Z100-1 -> #DIV/0! | AD100: ='Receita-Despesa'!M103 -> 0 | AF100: =AE100-AD100 -> 0 | AG100: =AE100/AD100-1 -> #DIV/0! | AH100: ='Receita-Despesa'!N103 -> 0 | AJ100: =AI100-AH100 -> 0 | AK100: =AI100/AH100-1 -> #DIV/0! | AL100: ='Receita-Despesa'!O103 -> 0 | AN100: =AM100-AL100 -> 0 | AO100: =AM100/AL100-1 -> #DIV/0! | AP100: ='Receita-Despesa'!P103 -> 0 | AR100: =AQ100-AP100 -> 0 | AS100: =AQ100/AP100-1 -> #DIV/0! | AT100: ='Receita-Despesa'!Q103 -> 0 | AV100: =AU100-AT100 -> 0 | AW100: =AU100/AT100-1 -> #DIV/0! | AX100: ='Receita-Despesa'!R103 -> 0 | AZ100: =AY100-AX100 -> 0 | BA100: =AY100/AX100-1 -> #DIV/0! | BB100: =F100+J100+N100+R100+V100+Z100+AD100+AH100+AL100+AP100+AT100+AX100 -> 0 | BC100: =G100+K100+O100+S100+W100+AA100+AE100+AI100+AM100+AQ100+AU100+AY100 -> 0 | BD100: =BC100-BB100 -> 0 | BE100: =BC100/BB100-1 -> #DIV/0!
C101: 35- | D101: ='Receita-Despesa'!D104 -> 0 | F101: ='Receita-Despesa'!G104 -> 0 | H101: =G101-F101 -> 0 | I101: =G101/F101-1 -> #DIV/0! | J101: ='Receita-Despesa'!H104 -> 0 | L101: =K101-J101 -> 0 | M101: =K101/J101-1 -> #DIV/0! | N101: ='Receita-Despesa'!I104 -> 0 | P101: =O101-N101 -> 0 | Q101: =O101/N101-1 -> #DIV/0! | R101: ='Receita-Despesa'!J104 -> 0 | T101: =S101-R101 -> 0 | U101: =S101/R101-1 -> #DIV/0! | V101: ='Receita-Despesa'!K104 -> 0 | X101: =W101-V101 -> 0 | Y101: =W101/V101-1 -> #DIV/0! | Z101: ='Receita-Despesa'!L104 -> 0 | AB101: =AA101-Z101 -> 0 | AC101: =AA101/Z101-1 -> #DIV/0! | AD101: ='Receita-Despesa'!M104 -> 0 | AF101: =AE101-AD101 -> 0 | AG101: =AE101/AD101-1 -> #DIV/0! | AH101: ='Receita-Despesa'!N104 -> 0 | AJ101: =AI101-AH101 -> 0 | AK101: =AI101/AH101-1 -> #DIV/0! | AL101: ='Receita-Despesa'!O104 -> 0 | AN101: =AM101-AL101 -> 0 | AO101: =AM101/AL101-1 -> #DIV/0! | AP101: ='Receita-Despesa'!P104 -> 0 | AR101: =AQ101-AP101 -> 0 | AS101: =AQ101/AP101-1 -> #DIV/0! | AT101: ='Receita-Despesa'!Q104 -> 0 | AV101: =AU101-AT101 -> 0 | AW101: =AU101/AT101-1 -> #DIV/0! | AX101: ='Receita-Despesa'!R104 -> 0 | AZ101: =AY101-AX101 -> 0 | BA101: =AY101/AX101-1 -> #DIV/0! | BB101: =F101+J101+N101+R101+V101+Z101+AD101+AH101+AL101+AP101+AT101+AX101 -> 0 | BC101: =G101+K101+O101+S101+W101+AA101+AE101+AI101+AM101+AQ101+AU101+AY101 -> 0 | BD101: =BC101-BB101 -> 0 | BE101: =BC101/BB101-1 -> #DIV/0!
...

Sheet Comparativo
B1: PLANEJAMENTO ORÇAMENTÁRIO 2017 - RESUMO
B2: COMPARATIVO - Real 2016 x Orçado 2017
B3: Dependência: Hospital de Urgencia da Região Sudoeste- Hurso
B4: Diretor: Reginaldo Costa Biffe
B5: Cidade: Santa Helena de Goiás | F5: DADOS EM MÉDIA/MÊS
B7: RECEITA / DESPESA | C7: ORÇAMENTO 2016 | D7: REALIZADO 2016 | E7: ORÇAMENTO 2017 | F7: DIFERENÇA R$ (Orçado 2017 x Real 2016) | G7: % | H7: PRINCIPAIS IMPACTOS
B9: RECEITA INTEGRAL | C9: ='[2]Receita-Despesa'!$T$40 -> 3284097.7 | D9: ='[3]sta helena'!$O$326 -> 3282633.7 | E9: ='Receita-Despesa'!T40 -> 3277467.7 | F9: =E9-D9 -> -5165.9892 | G9: =F9/D9 -> -0.001573733 | H9: Conforme 3º aditivo contratual: a partir de abril R$ 3.278.767,73 e sem previsão reajuste no 4º aditivo que vigorará a partir de 16/11/2016 a maio/2017
